Workbook

Sheet BAR
A1: Новотель Фит Красная Поляна 4*
A2: Тариф "Базовый с завтраком"
A3: Открытые тарифы
A4: завтраки формата "Шведский стол" | B4: 46283 | C4: 46284 | D4: 46285 | E4: 46286 | F4: 46287 | G4: 46288 | H4: 46289 | I4: 46290 | J4: 46291 | K4: 46292 | L4: 46293 | M4: 46294 | N4: 46295 | O4: 46296 | P4: 46297 | Q4: 46298 | R4: 46299 | S4: 46300 | T4: 46301 | U4: 46302 | V4: 46303 | W4: 46304 | X4: 46305 | Y4: 46306 | Z4: 46307 | AA4: 46308 | AB4: 46309 | AC4: 46310 | AD4: 46311 | AE4: 46312 | AF4: 46313 | AG4: 46314 | AH4: 46315 | AI4: 46316 | AJ4: 46317 | AK4: 46318 | AL4: 46319 | AM4: 46320 | AN4: 46321 | AO4: 46322 | AP4: 46323 | AQ4: 46324 | AR4: 46325 | AS4: 46326 | AT4: 46327 | AU4: 46328 | AV4: 46329 | AW4: 46330 | AX4: 46331 | AY4: 46332 | AZ4: 46333 | BA4: 46334 | BB4: 46335 | BC4: 46336 | BD4: 46337 | BE4: 46338 | BF4: 46339 | BG4: 46340 | BH4: 46341 | BI4: 46342 | BJ4: 46343 | BK4: 46344 | BL4: 46345 | BM4: 46346 | BN4: 46347 | BO4: 46348 | BP4: 46349 | BQ4: 46350 | BR4: 46351 | BS4: 46352 | BT4: 46353 | BU4: 46354 | BV4: 46355 | BW4: 46356 | BX4: 46357 | BY4: 46358 | BZ4: 46359 | CA4: 46360 | CB4: 46361 | CC4: 46362 | CD4: 46363 | CE4: 46364 | CF4: 46365 | CG4: 46366 | CH4: 46367 | CI4: 46368 | CJ4: 46369 | CK4: 46370 | CL4: 46371 | CM4: 46372 | CN4: 46373 | CO4: 46374 | CP4: 46375 | CQ4: 46376 | CR4: 46377 | CS4: 46378 | CT4: 46379 | CU4: 46380 | CV4: 46381 | CW4: 46382 | CX4: 46383 | CY4: 46384 | CZ4: 46385 | DA4: 46386 | DB4: 46387 | DC4: 46388 | DD4: 46389 | DE4: 46390 | DF4: 46391 | DG4: 46392 | DH4: 46393 | DI4: 46394 | DJ4: 46395 | DK4: 46396 | DL4: 46397 | DM4: 46398 | DN4: 46399 | DO4: 46400 | DP4: 46401 | DQ4: 46402 | DR4: 46403 | DS4: 46404 | DT4: 46405 | DU4: 46406 | DV4: 46407 | DW4: 46408 | DX4: 46409 | DY4: 46410 | DZ4: 46411 | EA4: 46412 | EB4: 46413 | EC4: 46414 | ED4: 46415 | EE4: 46416 | EF4: 46417 | EG4: 46418 | EH4: 46419 | EI4: 46420 | EJ4: 46421 | EK4: 46422 | EL4: 46423 | EM4: 46424 | EN4: 46425 | EO4: 46426 | EP4: 46427 | EQ4: 46428 | ER4: 46429 | ES4: 46430 | ET4: 46431 | EU4: 46432 | EV4: 46433 | EW4: 46434 | EX4: 46435 | EY4: 46436 | EZ4: 46437 | FA4: 46438 | FB4: 46439 | FC4: 46440 | FD4: 46441 | FE4: 46442 | FF4: 46443 | FG4: 46444 | FH4: 46445 | FI4: 46446 | FJ4: 46447 | FK4: 46448 | FL4: 46449 | FM4: 46450 | FN4: 46451 | FO4: 46452 | FP4: 46453 | FQ4: 46454 | FR4: 46455 | FS4: 46456 | FT4: 46457 | FU4: 46458 | FV4: 46459 | FW4: 46460 | FX4: 46461 | FY4: 46462 | FZ4: 46463 | GA4: 46464 | GB4: 46465 | GC4: 46466 | GD4: 46467 | GE4: 46468 | GF4: 46469 | GG4: 46470 | GH4: 46471 | GI4: 46472 | GJ4: 46473 | GK4: 46474 | GL4: 46475 | GM4: 46476 | GN4: 46477
A5: Стандартный номер, с двуспальной кроватью, с 2 односпальными кроватями
A6: 1 | B6: 8150 | C6: 8150 | D6: 6550 | E6: 6550 | F6: 6550 | G6: 6550 | H6: 6550 | I6: 6850 | J6: 6850 | K6: 6550 | L6: 6550 | M6: 6550 | N6: 6550 | O6: 6550 | P6: 6550 | Q6: 6550 | R6: 6250 | S6: 6250 | T6: 6250 | U6: 6250 | V6: 6250 | W6: 6550 | X6: 6550 | Y6: 6250 | Z6: 6250 | AA6: 6250 | AB6: 6250 | AC6: 6250 | AD6: 6550 | AE6: 6550 | AF6: 5950 | AG6: 5950 | AH6: 5950 | AI6: 5950 | AJ6: 5950 | AK6: 6250 | AL6: 6250 | AM6: 5950 | AN6: 5950 | AO6: 6850 | AP6: 6850 | AQ6: 6850 | AR6: 6250 | AS6: 6250 | AT6: 5950 | AU6: 5950 | AV6: 5950 | AW6: 6250 | AX6: 6250 | AY6: 6250 | AZ6: 6250 | BA6: 5650 | BB6: 5650 | BC6: 5650 | BD6: 5650 | BE6: 5650 | BF6: 5950 | BG6: 5950 | BH6: 5650 | BI6: 5650 | BJ6: 5650 | BK6: 5650 | BL6: 5650 | BM6: 5950 | BN6: 5950 | BO6: 5650 | BP6: 5650 | BQ6: 5650 | BR6: 5650 | BS6: 5650 | BT6: 5950 | BU6: 5950 | BV6: 5650 | BW6: 5650 | BX6: 5650 | BY6: 5650 | BZ6: 5650 | CA6: 5950 | CB6: 5950 | CC6: 5650 | CD6: 5650 | CE6: 5650 | CF6: 5650 | CG6: 5650 | CH6: 7150 | CI6: 7150 | CJ6: 7150 | CK6: 7150 | CL6: 7150 | CM6: 7150 | CN6: 7150 | CO6: 7650 | CP6: 7650 | CQ6: 7650 | CR6: 7650 | CS6: 7650 | CT6: 7650 | CU6: 7650 | CV6: 8150 | CW6: 8150 | CX6: 8150 | CY6: 8150 | CZ6: 16000 | DA6: 24300 | DB6: 26300 | DC6: 26300 | DD6: 26300 | DE6: 26300 | DF6: 26300 | DG6: 26300 | DH6: 26300 | DI6: 26300 | DJ6: 24300 | DK6: 16650 | DL6: 16650 | DM6: 16650 | DN6: 16650 | DO6: 16650 | DP6: 16650 | DQ6: 17550 | DR6: 17550 | DS6: 17550 | DT6: 17550 | DU6: 17550 | DV6: 17550 | DW6: 17550 | DX6: 17550 | DY6: 17550 | DZ6: 19350 | EA6: 19350 | EB6: 19350 | EC6: 19350 | ED6: 19350 | EE6: 17550 | EF6: 17550 | EG6: 17550 | EH6: 19350 | EI6: 19350 | EJ6: 19350 | EK6: 19350 | EL6: 19350 | EM6: 19350 | EN6: 19350 | EO6: 19350 | EP6: 19350 | EQ6: 19350 | ER6: 19350 | ES6: 19350 | ET6: 19350 | EU6: 19350 | EV6: 19350 | EW6: 19350 | EX6: 19350 | EY6: 19350 | EZ6: 19350 | FA6: 19350 | FB6: 21750 | FC6: 21750 | FD6: 21750 | FE6: 19350 | FF6: 19350 | FG6: 19350 | FH6: 19350 | FI6: 19350 | FJ6: 17550 | FK6: 17550 | FL6: 17550 | FM6: 17550 | FN6: 17550 | FO6: 17550 | FP6: 17550 | FQ6: 22950 | FR6: 18450 | FS6: 14750 | FT6: 14750 | FU6: 14750 | FV6: 14750 | FW6: 14750 | FX6: 14750 | FY6: 14750 | FZ6: 14750 | GA6: 14750 | GB6: 14750 | GC6: 14750 | GD6: 14750 | GE6: 14750 | GF6: 14750 | GG6: 14750 | GH6: 14750 | GI6: 14750 | GJ6: 14750 | GK6: 14750 | GL6: 14750 | GM6: 14750 | GN6: 14750
A7: 2 | B7: =B6+1650 -> 9800 | C7: =C6+1650 -> 9800 | D7: =D6+1650 -> 8200 | E7: =E6+1650 -> 8200 | F7: =F6+1650 -> 8200 | G7: =G6+1650 -> 8200 | H7: =H6+1650 -> 8200 | I7: =I6+1650 -> 8500 | ... CY7: =CY6+1650 -> 9800 | CZ7: =CZ6+2000 -> 18000 | DA7: =DA6+2000 -> 26300 | DB7: =DB6+2000 -> 28300 | DC7: =DC6+2000 -> 28300 | DD7: =DD6+2000 -> 28300 | DE7: =DE6+2000 -> 28300 | DF7: =DF6+2000 -> 28300 | DG7: =DG6+2000 -> 28300 | ... DJ7: =DJ6+2000 -> 26300 | DK7: =DK6+1850 -> 18500 | DL7: =DL6+1850 -> 18500 | DM7: =DM6+1850 -> 18500 | DN7: =DN6+1850 -> 18500 | DO7: =DO6+1850 -> 18500 | DP7: =DP6+1850 -> 18500 | DQ7: =DQ6+1850 -> 19400 | DR7: =DR6+1850 -> 19400 | ... GN7: =GN6+1850 -> 16600
A8: Улучшенный номер, с балконом - с двуспальной кроватью, с 2 односпальными кроватями
A9: 1 | B9: =B6+1000 -> 9150 | C9: =C6+1000 -> 9150 | D9: =D6+1000 -> 7550 | E9: =E6+1000 -> 7550 | F9: =F6+1000 -> 7550 | G9: =G6+1000 -> 7550 | H9: =H6+1000 -> 7550 | I9: =I6+1000 -> 7850 | ... CY9: =CY6+1000 -> 9150 | CZ9: =CZ6+2000 -> 18000 | DA9: =DA6+2000 -> 26300 | DB9: =DB6+2000 -> 28300 | DC9: =DC6+2000 -> 28300 | DD9: =DD6+2000 -> 28300 | DE9: =DE6+2000 -> 28300 | DF9: =DF6+2000 -> 28300 | DG9: =DG6+2000 -> 28300 | ... DJ9: =DJ6+2000 -> 26300 | DK9: =DK6+1800 -> 18450 | DL9: =DL6+1800 -> 18450 | DM9: =DM6+1800 -> 18450 | DN9: =DN6+1800 -> 18450 | DO9: =DO6+1800 -> 18450 | DP9: =DP6+1800 -> 18450 | DQ9: =DQ6+1800 -> 19350 | DR9: =DR6+1800 -> 19350 | ... FR9: =FR6+1800 -> 20250 | FS9: =FS6+1500 -> 16250 | FT9: =FT6+1500 -> 16250 | FU9: =FU6+1500 -> 16250 | FV9: =FV6+1500 -> 16250 | FW9: =FW6+1500 -> 16250 | FX9: =FX6+1500 -> 16250 | FY9: =FY6+1500 -> 16250 | FZ9: =FZ6+1500 -> 16250 | ... GN9: =GN6+1500 -> 16250
A10: 2 | B10: =B9+1650 -> 10800 | C10: =C9+1650 -> 10800 | D10: =D9+1650 -> 9200 | E10: =E9+1650 -> 9200 | F10: =F9+1650 -> 9200 | G10: =G9+1650 -> 9200 | H10: =H9+1650 -> 9200 | I10: =I9+1650 -> 9500 | ... CY10: =CY9+1650 -> 10800 | CZ10: =CZ9+2000 -> 20000 | DA10: =DA9+2000 -> 28300 | DB10: =DB9+2000 -> 30300 | DC10: =DC9+2000 -> 30300 | DD10: =DD9+2000 -> 30300 | DE10: =DE9+2000 -> 30300 | DF10: =DF9+2000 -> 30300 | DG10: =DG9+2000 -> 30300 | ... DJ10: =DJ9+2000 -> 28300 | DK10: =DK9+1850 -> 20300 | DL10: =DL9+1850 -> 20300 | DM10: =DM9+1850 -> 20300 | DN10: =DN9+1850 -> 20300 | DO10: =DO9+1850 -> 20300 | DP10: =DP9+1850 -> 20300 | DQ10: =DQ9+1850 -> 21200 | DR10: =DR9+1850 -> 21200 | ... GN10: =GN9+1850 -> 18100
A11: Семейный номер - с двуспальной кроватью и диваном
A12: 1 | B12: =B6+3500 -> 11650 | C12: =C6+3500 -> 11650 | D12: =D6+3500 -> 10050 | E12: =E6+3500 -> 10050 | F12: =F6+3500 -> 10050 | G12: =G6+3500 -> 10050 | H12: =H6+3500 -> 10050 | I12: =I6+3500 -> 10350 | ... CY12: =CY6+3500 -> 11650 | CZ12: =CZ6+4000 -> 20000 | DA12: =DA6+4000 -> 28300 | DB12: =DB6+4000 -> 30300 | DC12: =DC6+4000 -> 30300 | DD12: =DD6+4000 -> 30300 | DE12: =DE6+4000 -> 30300 | DF12: =DF6+4000 -> 30300 | DG12: =DG6+4000 -> 30300 | ... FR12: =FR6+4000 -> 22450 | FS12: =FS6+3500 -> 18250 | FT12: =FT6+3500 -> 18250 | FU12: =FU6+3500 -> 18250 | FV12: =FV6+3500 -> 18250 | FW12: =FW6+3500 -> 18250 | FX12: =FX6+3500 -> 18250 | FY12: =FY6+3500 -> 18250 | FZ12: =FZ6+3500 -> 18250 | ... GN12: =GN6+3500 -> 18250
A13: 2 | B13: =B12+1650 -> 13300 | C13: =C12+1650 -> 13300 | D13: =D12+1650 -> 11700 | E13: =E12+1650 -> 11700 | F13: =F12+1650 -> 11700 | G13: =G12+1650 -> 11700 | H13: =H12+1650 -> 11700 | I13: =I12+1650 -> 12000 | ... CY13: =CY12+1650 -> 13300 | CZ13: =CZ12+2000 -> 22000 | DA13: =DA12+2000 -> 30300 | DB13: =DB12+2000 -> 32300 | DC13: =DC12+2000 -> 32300 | DD13: =DD12+2000 -> 32300 | DE13: =DE12+2000 -> 32300 | DF13: =DF12+2000 -> 32300 | DG13: =DG12+2000 -> 32300 | ... DJ13: =DJ12+2000 -> 30300 | DK13: =DK12+1850 -> 22500 | DL13: =DL12+1850 -> 22500 | DM13: =DM12+1850 -> 22500 | DN13: =DN12+1850 -> 22500 | DO13: =DO12+1850 -> 22500 | DP13: =DP12+1850 -> 22500 | DQ13: =DQ12+1850 -> 23400 | DR13: =DR12+1850 -> 23400 | ... GN13: =GN12+1850 -> 20100
A14: Номер Люкс - с двуспальной кроватью, с 2 односпальными кроватями
A15: 1 | B15: =B6+4500 -> 12650 | C15: =C6+4500 -> 12650 | D15: =D6+4500 -> 11050 | E15: =E6+4500 -> 11050 | F15: =F6+4500 -> 11050 | G15: =G6+4500 -> 11050 | H15: =H6+4500 -> 11050 | I15: =I6+4500 -> 11350 | ... N15: =N6+4500 -> 11050 | O15: =O6+4800 -> 11350 | P15: =P6+4800 -> 11350 | Q15: =Q6+4800 -> 11350 | R15: =R6+4800 -> 11050 | S15: =S6+4800 -> 11050 | T15: =T6+4800 -> 11050 | U15: =U6+4800 -> 11050 | V15: =V6+4800 -> 11050 | ... CY15: =CY6+4800 -> 12950 | CZ15: =CZ6+6000 -> 22000 | DA15: =DA6+6000 -> 30300 | DB15: =DB6+6000 -> 32300 | DC15: =DC6+6000 -> 32300 | DD15: =DD6+6000 -> 32300 | DE15: =DE6+6000 -> 32300 | DF15: =DF6+6000 -> 32300 | DG15: =DG6+6000 -> 32300 | ... FR15: =FR6+6000 -> 24450 | FS15: =FS6+5000 -> 19750 | FT15: =FT6+5000 -> 19750 | FU15: =FU6+5000 -> 19750 | FV15: =FV6+5000 -> 19750 | FW15: =FW6+5000 -> 19750 | FX15: =FX6+5000 -> 19750 | FY15: =FY6+5000 -> 19750 | FZ15: =FZ6+5000 -> 19750 | ... GN15: =GN6+5000 -> 19750
A16: 2 | B16: =B15+1650 -> 14300 | C16: =C15+1650 -> 14300 | D16: =D15+1650 -> 12700 | E16: =E15+1650 -> 12700 | F16: =F15+1650 -> 12700 | G16: =G15+1650 -> 12700 | H16: =H15+1650 -> 12700 | I16: =I15+1650 -> 13000 | ... CY16: =CY15+1650 -> 14600 | CZ16: =CZ15+2000 -> 24000 | DA16: =DA15+2000 -> 32300 | DB16: =DB15+2000 -> 34300 | DC16: =DC15+2000 -> 34300 | DD16: =DD15+2000 -> 34300 | DE16: =DE15+2000 -> 34300 | DF16: =DF15+2000 -> 34300 | DG16: =DG15+2000 -> 34300 | ... DJ16: =DJ15+2000 -> 32300 | DK16: =DK15+1850 -> 24500 | DL16: =DL15+1850 -> 24500 | DM16: =DM15+1850 -> 24500 | DN16: =DN15+1850 -> 24500 | DO16: =DO15+1850 -> 24500 | DP16: =DP15+1850 -> 24500 | DQ16: =DQ15+1850 -> 25400 | DR16: =DR15+1850 -> 25400 | ... GN16: =GN15+1850 -> 21600
A17: Представительский Люкс - с двуспальной кроватью, с 2 односпальными кроватями
A18: 1 | B18: =B6+6000 -> 14150 | C18: =C6+6000 -> 14150 | D18: =D6+6000 -> 12550 | E18: =E6+6000 -> 12550 | F18: =F6+6000 -> 12550 | G18: =G6+6000 -> 12550 | H18: =H6+6000 -> 12550 | I18: =I6+6000 -> 12850 | ... CY18: =CY6+6000 -> 14150 | CZ18: =CZ6+8000 -> 24000 | DA18: =DA6+8000 -> 32300 | DB18: =DB6+8000 -> 34300 | DC18: =DC6+8000 -> 34300 | DD18: =DD6+8000 -> 34300 | DE18: =DE6+8000 -> 34300 | DF18: =DF6+8000 -> 34300 | DG18: =DG6+8000 -> 34300 | ... FR18: =FR6+8000 -> 26450 | FS18: =FS6+6000 -> 20750 | FT18: =FT6+6000 -> 20750 | FU18: =FU6+6000 -> 20750 | FV18: =FV6+6000 -> 20750 | FW18: =FW6+6000 -> 20750 | FX18: =FX6+6000 -> 20750 | FY18: =FY6+6000 -> 20750 | FZ18: =FZ6+6000 -> 20750 | ... GN18: =GN6+6000 -> 20750
A19: 2 | B19: =B18+1650 -> 15800 | C19: =C18+1650 -> 15800 | D19: =D18+1650 -> 14200 | E19: =E18+1650 -> 14200 | F19: =F18+1650 -> 14200 | G19: =G18+1650 -> 14200 | H19: =H18+1650 -> 14200 | I19: =I18+1650 -> 14500 | ... CY19: =CY18+1650 -> 15800 | CZ19: =CZ18+2000 -> 26000 | DA19: =DA18+2000 -> 34300 | DB19: =DB18+2000 -> 36300 | DC19: =DC18+2000 -> 36300 | DD19: =DD18+2000 -> 36300 | DE19: =DE18+2000 -> 36300 | DF19: =DF18+2000 -> 36300 | DG19: =DG18+2000 -> 36300 | ... DJ19: =DJ18+2000 -> 34300 | DK19: =DK18+1850 -> 26500 | DL19: =DL18+1850 -> 26500 | DM19: =DM18+1850 -> 26500 | DN19: =DN18+1850 -> 26500 | DO19: =DO18+1850 -> 26500 | DP19: =DP18+1850 -> 26500 | DQ19: =DQ18+1850 -> 27400 | DR19: =DR18+1850 -> 27400 | ... GN19: =GN18+1850 -> 22600
A20: Осенние регламентные работы 2026:
A21: 15.10.26-30.11.26 вкл-но пройдут осенние регламентные работы на канатных дорогах Курорта Красная Поляна. График закрытия: 🛠 15.10.26 - 06.11.26 вкл-но закрытие КД Восточного сектора (К10, К11, К12, К13). 🛠 01.11.26 - 30.11.26 вкл-но закрытие КД в зоне Цирк-2 (К4, К5) 🛠 08.11.26 - 30.11.26 вкл-но закрытие КД Центрального сектора (К1, К2, К3). Между Поляной 540 и Поляной 960 будут организованы бесплатные трансфера. Карта канатных дорог https://krasnayapolyanaresort.ru/map
A22: Доп.инфо:
A23: 📌Дополнительное место с завтраком: 01.04.26 - 28.12.26 взр 2650 руб/сут, реб 1000 руб/сут 29.12.26 - 08.01.27 взр 3000 руб/сут, реб 1000 руб/сут 09.01.27 - 31.03.27 взр 2850 руб/сут, реб 1000 руб/сут 📌Дополнительное место без завтрака: 01.04.26 - 28.12.26 взр 1000 руб/сут, реб 1000 руб/сут 29.12.26 - 08.01.27 взр 1000 руб/сут, реб 1000 руб/сут 09.01.27 - 31.03.27 взр 1000 руб/сут, реб 1000 руб/сут 📌Завтраки: 01.04.26 - 28.12.26 взр 1650 руб/сут, реб 0-15 вкл бесплатно 29.12.26 - 08.01.27 взр 2000 руб/сут, реб 0-15 вкл бесплатно 09.01.27 - 31.03.27 взр 1850 руб/сут, реб 0-15 вкл бесплатно 📌Доплата за размещение с животными (до 15 кг и 45 см в холке) – 2500 рублей/единоразово при заселении. Допустимо проживание не более 1-го животного в номере. Обязателен вет.паспорт животного. 📌Услуга "Ранний заезд или Поздний выезд" предоставляется при 100% гарантиии доп. суток размещения по возможности отеля. Негарантированный РЗ/ПВ оформляется в отеле и предоставляется по возможности отеля. Время негарантированных услуг: РЗ с 00:00 до 02:59 - 100%, с 03:00 до 15:00 - 50%; ПВ с 12:00 до 18:00 - 50%, после 18:00 - 100%.
A24: Даты тарифа (включительно):
A25: Период продажи: 20.03.2026 - 30.03.2027 Период проживания: 20.03.2026 - 31.03.2027
A26: Новогодний тариф (включительно):
A27: Период продажи: 22.07.2026 – 08.01.2027 Период проживания: 29.12.2026 – 08.01.2027 Условия бронирования: При бронировании номера в даты проживания с 30.12.25-08.01.26 необходима предоплата в размере 1-х суток и полная оплата в размере 100% до 01.12.2026. Условия аннуляции: бесплатная отмена до 00:00 дня заезда и при отмене после 00:00 часов дня заезда удерживается стоимость первых суток.
A28: В стоимость включено:
A29: Проживание в номере выбранной категории; Завтрак по системе "Шведский стол"; Посещение тренажерного зала отеля; Услуги парковки автомобиля на Поляне 960 (крытая и открытая парковка); Подъём по канатной дороге с Поляны 540 на Поляну 960; Бесплатный Wi-Fi на территории всего отеля; Комната для хранения горнолыжного оборудования
A30: Условия аннуляции:
A31: В случае отмены или изменения бронирования менее чем за 24 часа до заезда удерживается стоимость первых суток.
... A33: Территория Курорта Красная поляна является особо охраняемой природной территорией "Сочинский национальный парк". При подъёме выше отметки +960 и при прогулках по экотропам Курорта, вам необходимо оформить пропуск. *Детям дошкольного и школьного возраста, гостям пенсионного возраста - приобретают льготный билет (0Р) в кассе Сочинского национального парка, на высоте 960 Купить пропуск в национальный парк https://npsochi.ru/tickets/ Ознакомиться с правилами Сочинского национального парка https://npsochi.ru/rules/

Sheet РБ10%
A1: Новотель Фит Красная Поляна 4*
A2: Тариф "Раннее бронирование со скидкой 10%, завтрак включен"
A3: открытые тарифы
A4: завтраки формата "Шведский стол" | B4: 46283 | C4: 46284 | D4: 46285 | E4: 46286 | F4: 46287 | G4: 46288 | H4: 46289 | I4: 46290 | J4: 46291 | K4: 46292 | L4: 46293 | M4: 46294 | N4: 46295 | O4: 46296 | P4: 46297 | Q4: 46298 | R4: 46299 | S4: 46300 | T4: 46301 | U4: 46302 | V4: 46303 | W4: 46304 | X4: 46305 | Y4: 46306 | Z4: 46307 | AA4: 46308 | AB4: 46309 | AC4: 46310 | AD4: 46311 | AE4: 46312 | AF4: 46313 | AG4: 46314 | AH4: 46315 | AI4: 46316 | AJ4: 46317 | AK4: 46318 | AL4: 46319 | AM4: 46320 | AN4: 46321 | AO4: 46322 | AP4: 46323 | AQ4: 46324 | AR4: 46325 | AS4: 46326 | AT4: 46327 | AU4: 46328 | AV4: 46329 | AW4: 46330 | AX4: 46331 | AY4: 46332 | AZ4: 46333 | BA4: 46334 | BB4: 46335 | BC4: 46336 | BD4: 46337 | BE4: 46338 | BF4: 46339 | BG4: 46340 | BH4: 46341 | BI4: 46342 | BJ4: 46343 | BK4: 46344 | BL4: 46345 | BM4: 46346 | BN4: 46347 | BO4: 46348 | BP4: 46349 | BQ4: 46350 | BR4: 46351 | BS4: 46352 | BT4: 46353 | BU4: 46354 | BV4: 46355 | BW4: 46356 | BX4: 46357 | BY4: 46358 | BZ4: 46359 | CA4: 46360 | CB4: 46361 | CC4: 46362 | CD4: 46363 | CE4: 46364 | CF4: 46365 | CG4: 46366 | CH4: 46367 | CI4: 46368 | CJ4: 46369 | CK4: 46370 | CL4: 46371 | CM4: 46372 | CN4: 46373 | CO4: 46374 | CP4: 46375 | CQ4: 46376 | CR4: 46377 | CS4: 46378 | CT4: 46379 | CU4: 46380 | CV4: 46381 | CW4: 46382 | CX4: 46383 | CY4: 46384 | CZ4: 46385 | DA4: 46386 | DB4: 46387 | DC4: 46388 | DD4: 46389 | DE4: 46390 | DF4: 46391 | DG4: 46392 | DH4: 46393 | DI4: 46394 | DJ4: 46395 | DK4: 46396 | DL4: 46397 | DM4: 46398 | DN4: 46399 | DO4: 46400 | DP4: 46401 | DQ4: 46402 | DR4: 46403 | DS4: 46404 | DT4: 46405 | DU4: 46406 | DV4: 46407 | DW4: 46408 | DX4: 46409 | DY4: 46410 | DZ4: 46411 | EA4: 46412 | EB4: 46413 | EC4: 46414 | ED4: 46415 | EE4: 46416 | EF4: 46417 | EG4: 46418 | EH4: 46419 | EI4: 46420 | EJ4: 46421 | EK4: 46422 | EL4: 46423 | EM4: 46424 | EN4: 46425 | EO4: 46426 | EP4: 46427 | EQ4: 46428 | ER4: 46429 | ES4: 46430 | ET4: 46431 | EU4: 46432 | EV4: 46433 | EW4: 46434 | EX4: 46435 | EY4: 46436 | EZ4: 46437 | FA4: 46438 | FB4: 46439 | FC4: 46440 | FD4: 46441 | FE4: 46442 | FF4: 46443 | FG4: 46444 | FH4: 46445 | FI4: 46446 | FJ4: 46447 | FK4: 46448 | FL4: 46449 | FM4: 46450 | FN4: 46451 | FO4: 46452 | FP4: 46453 | FQ4: 46454 | FR4: 46455 | FS4: 46456 | FT4: 46457 | FU4: 46458 | FV4: 46459 | FW4: 46460 | FX4: 46461 | FY4: 46462 | FZ4: 46463 | GA4: 46464 | GB4: 46465 | GC4: 46466 | GD4: 46467 | GE4: 46468 | GF4: 46469 | GG4: 46470 | GH4: 46471 | GI4: 46472 | GJ4: 46473 | GK4: 46474 | GL4: 46475 | GM4: 46476 | GN4: 46477
A5: Стандартный номер, с двуспальной кроватью, с 2 односпальными кроватями
A6: 1 | B6: =BAR!B6*0.9 -> 7335 | C6: =BAR!C6*0.9 -> 7335 | D6: =BAR!D6*0.9 -> 5895 | E6: =BAR!E6*0.9 -> 5895 | F6: =BAR!F6*0.9 -> 5895 | G6: =BAR!G6*0.9 -> 5895 | H6: =BAR!H6*0.9 -> 5895 | I6: =BAR!I6*0.9 -> 6165 | ... GN6: =BAR!GN6*0.9 -> 13275
A7: 2 | B7: =BAR!B7*0.9 -> 8820 | C7: =BAR!C7*0.9 -> 8820 | D7: =BAR!D7*0.9 -> 7380 | E7: =BAR!E7*0.9 -> 7380 | F7: =BAR!F7*0.9 -> 7380 | G7: =BAR!G7*0.9 -> 7380 | H7: =BAR!H7*0.9 -> 7380 | I7: =BAR!I7*0.9 -> 7650 | ... GN7: =BAR!GN7*0.9 -> 14940
A8: Улучшенный номер, с балконом - с двуспальной кроватью, с 2 односпальными кроватями
A9: 1 | B9: =BAR!B9*0.9 -> 8235 | C9: =BAR!C9*0.9 -> 8235 | D9: =BAR!D9*0.9 -> 6795 | E9: =BAR!E9*0.9 -> 6795 | F9: =BAR!F9*0.9 -> 6795 | G9: =BAR!G9*0.9 -> 6795 | H9: =BAR!H9*0.9 -> 6795 | I9: =BAR!I9*0.9 -> 7065 | ... GN9: =BAR!GN9*0.9 -> 14625
A10: 2 | B10: =BAR!B10*0.9 -> 9720 | C10: =BAR!C10*0.9 -> 9720 | D10: =BAR!D10*0.9 -> 8280 | E10: =BAR!E10*0.9 -> 8280 | F10: =BAR!F10*0.9 -> 8280 | G10: =BAR!G10*0.9 -> 8280 | H10: =BAR!H10*0.9 -> 8280 | I10: =BAR!I10*0.9 -> 8550 | ... GN10: =BAR!GN10*0.9 -> 16290
A11: Семейный номер - с двуспальной кроватью и диваном
A12: 1 | B12: =BAR!B12*0.9 -> 10485 | C12: =BAR!C12*0.9 -> 10485 | D12: =BAR!D12*0.9 -> 9045 | E12: =BAR!E12*0.9 -> 9045 | F12: =BAR!F12*0.9 -> 9045 | G12: =BAR!G12*0.9 -> 9045 | H12: =BAR!H12*0.9 -> 9045 | I12: =BAR!I12*0.9 -> 9315 | ... GN12: =BAR!GN12*0.9 -> 16425
A13: 2 | B13: =BAR!B13*0.9 -> 11970 | C13: =BAR!C13*0.9 -> 11970 | D13: =BAR!D13*0.9 -> 10530 | E13: =BAR!E13*0.9 -> 10530 | F13: =BAR!F13*0.9 -> 10530 | G13: =BAR!G13*0.9 -> 10530 | H13: =BAR!H13*0.9 -> 10530 | I13: =BAR!I13*0.9 -> 10800 | ... GN13: =BAR!GN13*0.9 -> 18090
A14: Номер Люкс - с двуспальной кроватью, с 2 односпальными кроватями
A15: 1 | B15: =BAR!B15*0.9 -> 11385 | C15: =BAR!C15*0.9 -> 11385 | D15: =BAR!D15*0.9 -> 9945 | E15: =BAR!E15*0.9 -> 9945 | F15: =BAR!F15*0.9 -> 9945 | G15: =BAR!G15*0.9 -> 9945 | H15: =BAR!H15*0.9 -> 9945 | I15: =BAR!I15*0.9 -> 10215 | ... GN15: =BAR!GN15*0.9 -> 17775
A16: 2 | B16: =BAR!B16*0.9 -> 12870 | C16: =BAR!C16*0.9 -> 12870 | D16: =BAR!D16*0.9 -> 11430 | E16: =BAR!E16*0.9 -> 11430 | F16: =BAR!F16*0.9 -> 11430 | G16: =BAR!G16*0.9 -> 11430 | H16: =BAR!H16*0.9 -> 11430 | I16: =BAR!I16*0.9 -> 11700 | ... GN16: =BAR!GN16*0.9 -> 19440
A17: Представительский Люкс - с двуспальной кроватью, с 2 односпальными кроватями
A18: 1 | B18: =BAR!B18*0.9 -> 12735 | C18: =BAR!C18*0.9 -> 12735 | D18: =BAR!D18*0.9 -> 11295 | E18: =BAR!E18*0.9 -> 11295 | F18: =BAR!F18*0.9 -> 11295 | G18: =BAR!G18*0.9 -> 11295 | H18: =BAR!H18*0.9 -> 11295 | I18: =BAR!I18*0.9 -> 11565 | ... GN18: =BAR!GN18*0.9 -> 18675
A19: 2 | B19: =BAR!B19*0.9 -> 14220 | C19: =BAR!C19*0.9 -> 14220 | D19: =BAR!D19*0.9 -> 12780 | E19: =BAR!E19*0.9 -> 12780 | F19: =BAR!F19*0.9 -> 12780 | G19: =BAR!G19*0.9 -> 12780 | H19: =BAR!H19*0.9 -> 12780 | I19: =BAR!I19*0.9 -> 13050 | ... GN19: =BAR!GN19*0.9 -> 20340
A20: ВАЖНО:
A21: Доступен для бронирования от 7 до 14 дней до заезда.
A22: Даты тарифа (включительно):
A23: Период продажи: 20.03.2026 - 30.03.2027 Период проживания: 20.03.2026 - 31.03.2027
A24: Закрытые даты (включительно):
A25: 30.12.2026 - 08.01.2027
A26: В стоимость включено:
A27: Проживание в номере выбранной категории; Завтрак по системе "Шведский стол"; Посещение тренажерного зала отеля; Услуги парковки автомобиля на Поляне 960 (крытая и открытая парковка); Подъём по канатной дороге с Поляны 540 на Поляну 960; Бесплатный Wi-Fi на территории всего отеля; Комната для хранения горнолыжного оборудования
A28: Условия аннуляции:
A29: Для оформления бронирования необходимо внести 100% предоплату в размере полной стоимости проживания. В случае отмены или изменения бронирования менее чем за 24 часа до заезда удерживается стоимость первых суток.

Sheet РБ15%
A1: Новотель Фит Красная Поляна 4*
A2: Тариф "Раннее бронирование со скидкой 15%, завтрак включен"
A3: Открытые тарифы
A4: завтраки формата "Шведский стол" | B4: 46283 | C4: 46284 | D4: 46285 | E4: 46286 | F4: 46287 | G4: 46288 | H4: 46289 | I4: 46290 | J4: 46291 | K4: 46292 | L4: 46293 | M4: 46294 | N4: 46295 | O4: 46296 | P4: 46297 | Q4: 46298 | R4: 46299 | S4: 46300 | T4: 46301 | U4: 46302 | V4: 46303 | W4: 46304 | X4: 46305 | Y4: 46306 | Z4: 46307 | AA4: 46308 | AB4: 46309 | AC4: 46310 | AD4: 46311 | AE4: 46312 | AF4: 46313 | AG4: 46314 | AH4: 46315 | AI4: 46316 | AJ4: 46317 | AK4: 46318 | AL4: 46319 | AM4: 46320 | AN4: 46321 | AO4: 46322 | AP4: 46323 | AQ4: 46324 | AR4: 46325 | AS4: 46326 | AT4: 46327 | AU4: 46328 | AV4: 46329 | AW4: 46330 | AX4: 46331 | AY4: 46332 | AZ4: 46333 | BA4: 46334 | BB4: 46335 | BC4: 46336 | BD4: 46337 | BE4: 46338 | BF4: 46339 | BG4: 46340 | BH4: 46341 | BI4: 46342 | BJ4: 46343 | BK4: 46344 | BL4: 46345 | BM4: 46346 | BN4: 46347 | BO4: 46348 | BP4: 46349 | BQ4: 46350 | BR4: 46351 | BS4: 46352 | BT4: 46353 | BU4: 46354 | BV4: 46355 | BW4: 46356 | BX4: 46357 | BY4: 46358 | BZ4: 46359 | CA4: 46360 | CB4: 46361 | CC4: 46362 | CD4: 46363 | CE4: 46364 | CF4: 46365 | CG4: 46366 | CH4: 46367 | CI4: 46368 | CJ4: 46369 | CK4: 46370 | CL4: 46371 | CM4: 46372 | CN4: 46373 | CO4: 46374 | CP4: 46375 | CQ4: 46376 | CR4: 46377 | CS4: 46378 | CT4: 46379 | CU4: 46380 | CV4: 46381 | CW4: 46382 | CX4: 46383 | CY4: 46384 | CZ4: 46385 | DA4: 46386 | DB4: 46387 | DC4: 46388 | DD4: 46389 | DE4: 46390 | DF4: 46391 | DG4: 46392 | DH4: 46393 | DI4: 46394 | DJ4: 46395 | DK4: 46396 | DL4: 46397 | DM4: 46398 | DN4: 46399 | DO4: 46400 | DP4: 46401 | DQ4: 46402 | DR4: 46403 | DS4: 46404 | DT4: 46405 | DU4: 46406 | DV4: 46407 | DW4: 46408 | DX4: 46409 | DY4: 46410 | DZ4: 46411 | EA4: 46412 | EB4: 46413 | EC4: 46414 | ED4: 46415 | EE4: 46416 | EF4: 46417 | EG4: 46418 | EH4: 46419 | EI4: 46420 | EJ4: 46421 | EK4: 46422 | EL4: 46423 | EM4: 46424 | EN4: 46425 | EO4: 46426 | EP4: 46427 | EQ4: 46428 | ER4: 46429 | ES4: 46430 | ET4: 46431 | EU4: 46432 | EV4: 46433 | EW4: 46434 | EX4: 46435 | EY4: 46436 | EZ4: 46437 | FA4: 46438 | FB4: 46439 | FC4: 46440 | FD4: 46441 | FE4: 46442 | FF4: 46443 | FG4: 46444 | FH4: 46445 | FI4: 46446 | FJ4: 46447 | FK4: 46448 | FL4: 46449 | FM4: 46450 | FN4: 46451 | FO4: 46452 | FP4: 46453 | FQ4: 46454 | FR4: 46455 | FS4: 46456 | FT4: 46457 | FU4: 46458 | FV4: 46459 | FW4: 46460 | FX4: 46461 | FY4: 46462 | FZ4: 46463 | GA4: 46464 | GB4: 46465 | GC4: 46466 | GD4: 46467 | GE4: 46468 | GF4: 46469 | GG4: 46470 | GH4: 46471 | GI4: 46472 | GJ4: 46473 | GK4: 46474 | GL4: 46475 | GM4: 46476 | GN4: 46477
A5: Стандартный номер, с двуспальной кроватью, с 2 односпальными кроватями
A6: 1 | B6: =BAR!B6*0.85 -> 6927.5 | C6: =BAR!C6*0.85 -> 6927.5 | D6: =BAR!D6*0.85 -> 5567.5 | E6: =BAR!E6*0.85 -> 5567.5 | F6: =BAR!F6*0.85 -> 5567.5 | G6: =BAR!G6*0.85 -> 5567.5 | H6: =BAR!H6*0.85 -> 5567.5 | I6: =BAR!I6*0.85 -> 5822.5 | ... GN6: =BAR!GN6*0.85 -> 12537.5
A7: 2 | B7: =BAR!B7*0.85 -> 8330 | C7: =BAR!C7*0.85 -> 8330 | D7: =BAR!D7*0.85 -> 6970 | E7: =BAR!E7*0.85 -> 6970 | F7: =BAR!F7*0.85 -> 6970 | G7: =BAR!G7*0.85 -> 6970 | H7: =BAR!H7*0.85 -> 6970 | I7: =BAR!I7*0.85 -> 7225 | ... GN7: =BAR!GN7*0.85 -> 14110
A8: Улучшенный номер, с балконом - с двуспальной кроватью, с 2 односпальными кроватями
A9: 1 | B9: =BAR!B9*0.85 -> 7777.5 | C9: =BAR!C9*0.85 -> 7777.5 | D9: =BAR!D9*0.85 -> 6417.5 | E9: =BAR!E9*0.85 -> 6417.5 | F9: =BAR!F9*0.85 -> 6417.5 | G9: =BAR!G9*0.85 -> 6417.5 | H9: =BAR!H9*0.85 -> 6417.5 | I9: =BAR!I9*0.85 -> 6672.5 | ... GN9: =BAR!GN9*0.85 -> 13812.5
A10: 2 | B10: =BAR!B10*0.85 -> 9180 | C10: =BAR!C10*0.85 -> 9180 | D10: =BAR!D10*0.85 -> 7820 | E10: =BAR!E10*0.85 -> 7820 | F10: =BAR!F10*0.85 -> 7820 | G10: =BAR!G10*0.85 -> 7820 | H10: =BAR!H10*0.85 -> 7820 | I10: =BAR!I10*0.85 -> 8075 | ... GN10: =BAR!GN10*0.85 -> 15385
A11: Семейный номер - с двуспальной кроватью и диваном
A12: 1 | B12: =BAR!B12*0.85 -> 9902.5 | C12: =BAR!C12*0.85 -> 9902.5 | D12: =BAR!D12*0.85 -> 8542.5 | E12: =BAR!E12*0.85 -> 8542.5 | F12: =BAR!F12*0.85 -> 8542.5 | G12: =BAR!G12*0.85 -> 8542.5 | H12: =BAR!H12*0.85 -> 8542.5 | I12: =BAR!I12*0.85 -> 8797.5 | ... GN12: =BAR!GN12*0.85 -> 15512.5
A13: 2 | B13: =BAR!B13*0.85 -> 11305 | C13: =BAR!C13*0.85 -> 11305 | D13: =BAR!D13*0.85 -> 9945 | E13: =BAR!E13*0.85 -> 9945 | F13: =BAR!F13*0.85 -> 9945 | G13: =BAR!G13*0.85 -> 9945 | H13: =BAR!H13*0.85 -> 9945 | I13: =BAR!I13*0.85 -> 10200 | ... GN13: =BAR!GN13*0.85 -> 17085
A14: Номер Люкс - с двуспальной кроватью, с 2 односпальными кроватями
A15: 1 | B15: =BAR!B15*0.85 -> 10752.5 | C15: =BAR!C15*0.85 -> 10752.5 | D15: =BAR!D15*0.85 -> 9392.5 | E15: =BAR!E15*0.85 -> 9392.5 | F15: =BAR!F15*0.85 -> 9392.5 | G15: =BAR!G15*0.85 -> 9392.5 | H15: =BAR!H15*0.85 -> 9392.5 | I15: =BAR!I15*0.85 -> 9647.5 | ... GN15: =BAR!GN15*0.85 -> 16787.5
A16: 2 | B16: =BAR!B16*0.85 -> 12155 | C16: =BAR!C16*0.85 -> 12155 | D16: =BAR!D16*0.85 -> 10795 | E16: =BAR!E16*0.85 -> 10795 | F16: =BAR!F16*0.85 -> 10795 | G16: =BAR!G16*0.85 -> 10795 | H16: =BAR!H16*0.85 -> 10795 | I16: =BAR!I16*0.85 -> 11050 | ... GN16: =BAR!GN16*0.85 -> 18360
A17: Представительский Люкс - с двуспальной кроватью, с 2 односпальными кроватями
A18: 1 | B18: =BAR!B18*0.85 -> 12027.5 | C18: =BAR!C18*0.85 -> 12027.5 | D18: =BAR!D18*0.85 -> 10667.5 | E18: =BAR!E18*0.85 -> 10667.5 | F18: =BAR!F18*0.85 -> 10667.5 | G18: =BAR!G18*0.85 -> 10667.5 | H18: =BAR!H18*0.85 -> 10667.5 | I18: =BAR!I18*0.85 -> 10922.5 | ... GN18: =BAR!GN18*0.85 -> 17637.5
A19: 2 | B19: =BAR!B19*0.85 -> 13430 | C19: =BAR!C19*0.85 -> 13430 | D19: =BAR!D19*0.85 -> 12070 | E19: =BAR!E19*0.85 -> 12070 | F19: =BAR!F19*0.85 -> 12070 | G19: =BAR!G19*0.85 -> 12070 | H19: =BAR!H19*0.85 -> 12070 | I19: =BAR!I19*0.85 -> 12325 | ... GN19: =BAR!GN19*0.85 -> 19210
A20: ВАЖНО:
A21: Доступен для бронирования от 15 дней до заезда.
A22: Даты тарифа (включительно):
A23: Период продажи: 20.03.2026 - 30.03.2027 Период проживания: 20.03.2026 - 31.03.2027
A24: Закрытые даты (включительно):
A25: 30.12.2026 - 08.01.2027
A26: В стоимость включено:
A27: Проживание в номере выбранной категории; Завтрак по системе "Шведский стол"; Посещение тренажерного зала отеля; Услуги парковки автомобиля на Поляне 960 (крытая и открытая парковка); Подъём по канатной дороге с Поляны 540 на Поляну 960; Бесплатный Wi-Fi на территории всего отеля; Комната для хранения горнолыжного оборудования
A28: Условия аннуляции:
A29: Для оформления бронирования необходимо внести 100% предоплату в размере полной стоимости проживания. В случае отмены или изменения бронирования менее чем за 24 часа до заезда удерживается стоимость первых суток.

Sheet ОиК
A1: Новотель Фит Красная Поляна 4*
A2: тариф ОТДЫХАЙ и КАТАЙ
A3: Открытые тарифы
A4: завтраки формата "Шведский стол"
A5: Стандартный номер, с двуспальной кроватью, с 2 односпальными кроватями
A6: 1
A7: 2
A8: Улучшенный номер, с балконом - с двуспальной кроватью, с 2 односпальными кроватями
A9: 1
A10: 2
A11: Семейный номер - с двуспальной кроватью и диваном
A12: 1
A13: 2
A14: Номер Люкс - с двуспальной кроватью, с 2 односпальными кроватями
A15: 1
A16: 2
A17: Представительский Люкс - с двуспальной кроватью, с 2 односпальными кроватями
A18: 1
A19: 2
A20: ВАЖНО:
A21: Дополнительно на каждый день проживания в стоимость заявки добавляются ски-пассы для каждого взрослого, стоимость: 09.01.2025 - 31.03.2026 включительно - 3500 рублей. 01.04.2026 - 09.05.2026 включительно - 2000 рублей. При размещении дополнительных гостей, также на каждый день проживания добавляются в стоимость заявки ски-пассы на каждого взрослого гостя: 09.01.2025 - 31.03.2026 включительно - 3500 рублей. 01.04.2026 - 09.05.2026 включительно - 2000 рублей.
A22: В Тravelline тариф выгружается с учетом стоимости ски-пассов на каждого взрослого в заявке. В заявки, направляемые вручную по почте, дополнительно на каждый день проживания в стоимость добавляется стоимость ски-пассов для каждого взрослого самостоятельно.
A23: Выдача электронного купона производится при заселении на стойке регистрации. Получить ски-пассы можно в автоматах (пикап-поинтах) у канатных дорог. Возврат средств за неиспользованные ски-пассы не производится. Тариф включает ски-пассы только для взрослых гостей. Детские ски-пассы приобретаются в кассе курорта или на стойке «Чем заняться» за 1 рубль.
A24: Даты тарифа:
A25: Период продажи: 31.10.2025 - 09.05.2026 Период проживания: 09.01.2026 - 10.05.2026
A26: В стоимость включено:
A27: Проживание в номере выбранной категории со скидкой 10%; Ски-пасс "Дневной взрослый" со скидкой 50% на весь период проживания (от открытой стоимости krasnayapolyanaresort.ru);* Посещение тренажерного зала; Подъём по канатной дороге с Поляны 540 на Поляну 960; Услуги парковки автомобиля на Поляне 960 (крытая и открытая парковка); Бесплатный Wi-Fi на территории всего отеля; Комната для хранения горнолыжного оборудования Дневные спортивные ски-пассы на взрослых гостей на курорт Красная Поляна согласно данным в бронировании, детские ски-пассы приобретаются отдельно. *Количество ски-пассов равно количеству ночей проживания
A28: Дополнительно в стоимость включено с 08.04.2026:
A29: Скидка 15% на все массажи и спа-процедуры во всех СПА Курорта (Mövenpick5*, Novotel Resort&Spa 5*, Rixos 5* и Marriott 5*, с 13.04.26 в отеле Panorama by Mercure 4*); Скидка 30% на меню и напитки ресторана «Вершина» (2200 м); Скидка 25% на разовый визит в СПА Novotel Resort&Spa 5* с открытым бассейном; Аренда малого банного комплекса с 9:00 до 11:00 (не более 5 гостей) - до 5 авторских процедур в подарок «Ритуал Воздуха» или «Сила Стихий»; Разовое посещение большого банного комплекса от 4 000р./взр и детский тариф со скидкой 50% от стоимости тарифа для взрослых (Посещение не входит в стоимость, оплачивается дополнительно). Подробная информация о предоставлении услуг в Службе поддержки Курорта: тел. 8 800 550 20 20 e-mail: infocenter@kpresort.ru. Услуги предложения действуют только в период проживания и предоставляются однократно, согласно условиям в купонной книге. Купонная книга выдается при заселении из расчета: 1 номер = 1 книга. Предложение ограничено и не комбинируется с другими действующими акциями отеля. НАО «Красная поляна» оставляет за собой право изменять услуги в составе пакета. Предоставление услуг может зависеть от высокой загрузки СПА и банного комплекса.
A30: Условия аннуляции:
A31: В случае отмены или изменения бронирования после 00:00 часов дня заезда удерживается стоимость первых суток.
... A33: Ежегодные регламентные работы на канатных дорогах курорта Красная Поляна пройдут с 16 марта по 24 июня 2026 года. С 10 по 31 мая будут закрыты канатные дороги Центрального сектора: («Красная Поляна» 540-960 м, «Реликтовый лес» 960-1460 м, «Вершина» 1460-2200 м, «Аибга» 2200-2050 м, «Черная Пирамида» 2050-2300 м). На время регламентных работ между уровнями 540-960 м будут курсировать шаттлы курорта. С 16 марта по 24 апреля будет закрыта канатная дорога Восточного сектора К‑13 «Водопад Поликаря. С 1 апреля по 24 апреля будут закрыты канатные дороги К‑10 «Восточный лес» и К‑12 «Старт чемпиона». К‑8 «Снежная звезда»: закрыта с 1 по 24 июня.

Sheet НСЛ
A1: Новотель Фит Красная Поляна 4*
A2: тариф НАПОЛНИ СВОЕ ЛЕТО
A3: Открытые тарифы
A4: завтраки формата "Шведский стол" | B4: 46283 | C4: 46284 | D4: 46285 | E4: 46286 | F4: 46287 | G4: 46288 | H4: 46289 | I4: 46290 | J4: 46291 | K4: 46292 | L4: 46293 | M4: 46294 | N4: 46295
A5: Стандартный номер, с двуспальной кроватью, с 2 односпальными кроватями
A6: 1 | B6: =BAR!B6*0.9 -> 7335 | C6: =BAR!C6*0.9 -> 7335 | D6: =BAR!D6*0.9 -> 5895 | E6: =BAR!E6*0.9 -> 5895 | F6: =BAR!F6*0.9 -> 5895 | G6: =BAR!G6*0.9 -> 5895 | H6: =BAR!H6*0.9 -> 5895 | I6: =BAR!I6*0.9 -> 6165 | ... N6: =BAR!N6*0.9 -> 5895
A7: 2 | B7: =BAR!B7*0.9 -> 8820 | C7: =BAR!C7*0.9 -> 8820 | D7: =BAR!D7*0.9 -> 7380 | E7: =BAR!E7*0.9 -> 7380 | F7: =BAR!F7*0.9 -> 7380 | G7: =BAR!G7*0.9 -> 7380 | H7: =BAR!H7*0.9 -> 7380 | I7: =BAR!I7*0.9 -> 7650 | ... N7: =BAR!N7*0.9 -> 7380
A8: Улучшенный номер, с балконом - с двуспальной кроватью, с 2 односпальными кроватями
A9: 1 | B9: =BAR!B9*0.9 -> 8235 | C9: =BAR!C9*0.9 -> 8235 | D9: =BAR!D9*0.9 -> 6795 | E9: =BAR!E9*0.9 -> 6795 | F9: =BAR!F9*0.9 -> 6795 | G9: =BAR!G9*0.9 -> 6795 | H9: =BAR!H9*0.9 -> 6795 | I9: =BAR!I9*0.9 -> 7065 | ... N9: =BAR!N9*0.9 -> 6795
A10: 2 | B10: =BAR!B10*0.9 -> 9720 | C10: =BAR!C10*0.9 -> 9720 | D10: =BAR!D10*0.9 -> 8280 | E10: =BAR!E10*0.9 -> 8280 | F10: =BAR!F10*0.9 -> 8280 | G10: =BAR!G10*0.9 -> 8280 | H10: =BAR!H10*0.9 -> 8280 | I10: =BAR!I10*0.9 -> 8550 | ... N10: =BAR!N10*0.9 -> 8280
A11: Семейный номер - с двуспальной кроватью и диваном
A12: 1 | B12: =BAR!B12*0.9 -> 10485 | C12: =BAR!C12*0.9 -> 10485 | D12: =BAR!D12*0.9 -> 9045 | E12: =BAR!E12*0.9 -> 9045 | F12: =BAR!F12*0.9 -> 9045 | G12: =BAR!G12*0.9 -> 9045 | H12: =BAR!H12*0.9 -> 9045 | I12: =BAR!I12*0.9 -> 9315 | ... N12: =BAR!N12*0.9 -> 9045
A13: 2 | B13: =BAR!B13*0.9 -> 11970 | C13: =BAR!C13*0.9 -> 11970 | D13: =BAR!D13*0.9 -> 10530 | E13: =BAR!E13*0.9 -> 10530 | F13: =BAR!F13*0.9 -> 10530 | G13: =BAR!G13*0.9 -> 10530 | H13: =BAR!H13*0.9 -> 10530 | I13: =BAR!I13*0.9 -> 10800 | ... N13: =BAR!N13*0.9 -> 10530
A14: Номер Люкс - с двуспальной кроватью, с 2 односпальными кроватями
A15: 1 | B15: =BAR!B15*0.9 -> 11385 | C15: =BAR!C15*0.9 -> 11385 | D15: =BAR!D15*0.9 -> 9945 | E15: =BAR!E15*0.9 -> 9945 | F15: =BAR!F15*0.9 -> 9945 | G15: =BAR!G15*0.9 -> 9945 | H15: =BAR!H15*0.9 -> 9945 | I15: =BAR!I15*0.9 -> 10215 | ... N15: =BAR!N15*0.9 -> 9945
A16: 2 | B16: =BAR!B16*0.9 -> 12870 | C16: =BAR!C16*0.9 -> 12870 | D16: =BAR!D16*0.9 -> 11430 | E16: =BAR!E16*0.9 -> 11430 | F16: =BAR!F16*0.9 -> 11430 | G16: =BAR!G16*0.9 -> 11430 | H16: =BAR!H16*0.9 -> 11430 | I16: =BAR!I16*0.9 -> 11700 | ... N16: =BAR!N16*0.9 -> 11430
A17: Представительский Люкс - с двуспальной кроватью, с 2 односпальными кроватями
A18: 1 | B18: =BAR!B18*0.9 -> 12735 | C18: =BAR!C18*0.9 -> 12735 | D18: =BAR!D18*0.9 -> 11295 | E18: =BAR!E18*0.9 -> 11295 | F18: =BAR!F18*0.9 -> 11295 | G18: =BAR!G18*0.9 -> 11295 | H18: =BAR!H18*0.9 -> 11295 | I18: =BAR!I18*0.9 -> 11565 | ... N18: =BAR!N18*0.9 -> 11295
A19: 2 | B19: =BAR!B19*0.9 -> 14220 | C19: =BAR!C19*0.9 -> 14220 | D19: =BAR!D19*0.9 -> 12780 | E19: =BAR!E19*0.9 -> 12780 | F19: =BAR!F19*0.9 -> 12780 | G19: =BAR!G19*0.9 -> 12780 | H19: =BAR!H19*0.9 -> 12780 | I19: =BAR!I19*0.9 -> 13050 | ... N19: =BAR!N19*0.9 -> 12780
A20: ВАЖНО:
A21: Дополнительно ЕДИНОРАЗОВО в стоимость заявки добавляется стоимость за купонную книгу за каждого взрослого гостя (возраст от 16 лет), стоимость - 2650 руб. за гостя и за каждого ребенка от 0-15 лет включительно -1000 рублей за ребенка. При размещении дополнительных взрослых гостей, также ЕДИНОРАЗОВО добавляется в стоимость заявки купонная книга на каждого взрослого гостя - 2650 руб. (возраст от 16 лет) и за каждого ребенка от 0-15 лет включительно -1000 руб. Стоимость купонной книги на всех взрослых и детей просим сразу добавлять в заявку. В системе трэвэллайн тариф указан без учета стоимости купонной книги на взрослых и детей, необходимо добавлять стоимость вручную.
A22: Даты тарифа (включительно):
A23: Период продажи: 17.04.2025 - 29.09.2026 Период проживания: 01.06.2026 - 30.09.2026
A24: В стоимость включено:
A25: Проживание в номере выбранной категории; Завтрак по системе "Шведский стол"; Посещение тренажерного зала отеля; Услуги парковки автомобиля на Поляне 960 (крытая и открытая парковка); Подъём по канатной дороге с Поляны 540 на Поляну 960; Бесплатный Wi-Fi на территории всего отеля; Комната для хранения горнолыжного оборудования
A26: В предложение «Наполни свое лето» входят бесплатно (условия предоставления услуг подробно представлены в купонной книге):
A27: ✔Трансфер на побережье Черного моря Пляж Сочи Парк Отеля - по предварительной записи для всех гостей, проживающих в номере. ✔Прогулочные билеты "Панорама Красной Поляны" Для всех гостей с 7 лет, проживающих в номере. Для детей до 6 лет вкл-но билет приобретается в кассе за 1 ₽. ✔Верёвочный парк Прохождение маршрута "Воздушный сноуборд" для взрослых (рост от 140 см) либо маршрута "Маугли" для детей (рост от 110 см до 140 см). Единоразовое посещение во время проживания для всех гостей в номере с 7 лет; ✔Хаски центр Единоразовое посещение для всех гостей, проживающих в номере; ✔Капибары и друзья Единоразовое посещение для всех гостей, проживающих в номере; ✔Скидка 30% на аренду роликов или скейтборда на 1 час. Единоразовое использование для всех гостей, проживающих в номере. Количество оборудования ограничено. Действует в пункте проката на уровне 540.
A28: Дополнительная информация:
A29: Подробная информация о предоставлении услуг в Службе поддержки Курорта: тел. 8 800 550 20 20 e-mail: infocenter@kpresort.ru 🔸 В случае размещения дополнительных гостей, не указанных в бронировании, все услуги для них приобретаются отдельно в отеле. 🔸 Пляжные полотенца предоставляются по предъявлению towel card для всех проживающих гостей. Пляжное оборудование (шезлонг, зонт) предоставляется за дополнительную плату. Количество мест ограничено. 🔸 Пляж функционирует с 01.06.2026-30.09.2026, в график могут быть внесены изменения в зависимости от погодных условий. Трансфер предоставляется ежедневно для всех гостей, проживающих в номере. 🔸 Предварительная запись на трансфер обязательна. Расписание трансфера необходимо уточнять на ресепшн отеля. 🔸Услуги предложения действуют только в период проживания и предоставляются однократно, согласно условиям в Купонной книге. Купонная книга выдается при заселении из расчета: 1 номер = 1 книга. Предложение ограничено и не комбинируется с другими действующими акциями отеля. 🔸 Возврат средств за неиспользованные услуги Купонных книг не производится. НАО «Красная поляна» оставляет за собой право изменять услуги в составе пакета. Предоставление услуг может зависеть от погодных условий и графика работы канатных дорог. 🔸 Согласно приказу МЧС от 1.09.25 г. нахождение на пляжах Федеральной территории Сириус с животными запрещено (за исключением собак-поводырей). Для трансфера -питомцы в переноске разрешены к провозу (если поездка не на пляж).
A30: Условия аннуляции:
A31: В случае отмены или изменения бронирования менее чем за 24 часа до заезда удерживается стоимость первых суток.

Sheet ТЧК
A1: Новотель Фит Красная Поляна 4*
A2: ТОЧКА ПРИТЯЖЕНИЯ
A3: Открытые тарифы
A4: завтраки формата "Шведский стол" | B4: 46215 | C4: 46216 | D4: 46217 | E4: 46218 | F4: 46219 | G4: 46220 | H4: 46221 | I4: 46222 | J4: 46223 | K4: 46224 | L4: 46225 | M4: 46226 | N4: 46227 | O4: 46228 | P4: 46229 | Q4: 46230 | R4: 46231 | S4: 46232 | T4: 46233 | U4: 46234 | V4: 46235 | W4: 46236 | X4: 46237 | Y4: 46238 | Z4: 46239 | AA4: 46240 | AB4: 46241 | AC4: 46242 | AD4: 46243 | AE4: 46244 | AF4: 46245 | AG4: 46246 | AH4: 46247 | AI4: 46248 | AJ4: 46249 | AK4: 46250 | AL4: 46251 | AM4: 46252 | AN4: 46253 | AO4: 46254 | AP4: 46255 | AQ4: 46256 | AR4: 46257 | AS4: 46258 | AT4: 46259 | AU4: 46260 | AV4: 46261 | AW4: 46262 | AX4: 46263 | AY4: 46264 | AZ4: 46265
A5: Стандартный номер, с двуспальной кроватью, с 2 односпальными кроватями
A6: 1 | B6: =BAR!#REF!*0.8 -> #REF! | C6: =BAR!#REF!*0.8 -> #REF! | D6: =BAR!#REF!*0.8 -> #REF! | E6: =BAR!#REF!*0.8 -> #REF! | F6: =BAR!#REF!*0.8 -> #REF! | G6: =BAR!#REF!*0.8 -> #REF! | H6: =BAR!#REF!*0.8 -> #REF! | I6: =BAR!#REF!*0.8 -> #REF! | ... AZ6: =BAR!#REF!*0.8 -> #REF!
A7: 2 | B7: =BAR!#REF!*0.8 -> #REF! | C7: =BAR!#REF!*0.8 -> #REF! | D7: =BAR!#REF!*0.8 -> #REF! | E7: =BAR!#REF!*0.8 -> #REF! | F7: =BAR!#REF!*0.8 -> #REF! | G7: =BAR!#REF!*0.8 -> #REF! | H7: =BAR!#REF!*0.8 -> #REF! | I7: =BAR!#REF!*0.8 -> #REF! | ... AZ7: =BAR!#REF!*0.8 -> #REF!
A8: Улучшенный номер, с балконом - с двуспальной кроватью, с 2 односпальными кроватями
A9: 1 | B9: =BAR!#REF!*0.8 -> #REF! | C9: =BAR!#REF!*0.8 -> #REF! | D9: =BAR!#REF!*0.8 -> #REF! | E9: =BAR!#REF!*0.8 -> #REF! | F9: =BAR!#REF!*0.8 -> #REF! | G9: =BAR!#REF!*0.8 -> #REF! | H9: =BAR!#REF!*0.8 -> #REF! | I9: =BAR!#REF!*0.8 -> #REF! | ... AZ9: =BAR!#REF!*0.8 -> #REF!
A10: 2 | B10: =BAR!#REF!*0.8 -> #REF! | C10: =BAR!#REF!*0.8 -> #REF! | D10: =BAR!#REF!*0.8 -> #REF! | E10: =BAR!#REF!*0.8 -> #REF! | F10: =BAR!#REF!*0.8 -> #REF! | G10: =BAR!#REF!*0.8 -> #REF! | H10: =BAR!#REF!*0.8 -> #REF! | I10: =BAR!#REF!*0.8 -> #REF! | ... AZ10: =BAR!#REF!*0.8 -> #REF!
A11: Семейный номер - с двуспальной кроватью и диваном
A12: 1 | B12: =BAR!#REF!*0.8 -> #REF! | C12: =BAR!#REF!*0.8 -> #REF! | D12: =BAR!#REF!*0.8 -> #REF! | E12: =BAR!#REF!*0.8 -> #REF! | F12: =BAR!#REF!*0.8 -> #REF! | G12: =BAR!#REF!*0.8 -> #REF! | H12: =BAR!#REF!*0.8 -> #REF! | I12: =BAR!#REF!*0.8 -> #REF! | ... AZ12: =BAR!#REF!*0.8 -> #REF!
A13: 2 | B13: =BAR!#REF!*0.8 -> #REF! | C13: =BAR!#REF!*0.8 -> #REF! | D13: =BAR!#REF!*0.8 -> #REF! | E13: =BAR!#REF!*0.8 -> #REF! | F13: =BAR!#REF!*0.8 -> #REF! | G13: =BAR!#REF!*0.8 -> #REF! | H13: =BAR!#REF!*0.8 -> #REF! | I13: =BAR!#REF!*0.8 -> #REF! | ... AZ13: =BAR!#REF!*0.8 -> #REF!
A14: Номер Люкс - с двуспальной кроватью, с 2 односпальными кроватями
A15: 1 | B15: =BAR!#REF!*0.8 -> #REF! | C15: =BAR!#REF!*0.8 -> #REF! | D15: =BAR!#REF!*0.8 -> #REF! | E15: =BAR!#REF!*0.8 -> #REF! | F15: =BAR!#REF!*0.8 -> #REF! | G15: =BAR!#REF!*0.8 -> #REF! | H15: =BAR!#REF!*0.8 -> #REF! | I15: =BAR!#REF!*0.8 -> #REF! | ... AZ15: =BAR!#REF!*0.8 -> #REF!
A16: 2 | B16: =BAR!#REF!*0.8 -> #REF! | C16: =BAR!#REF!*0.8 -> #REF! | D16: =BAR!#REF!*0.8 -> #REF! | E16: =BAR!#REF!*0.8 -> #REF! | F16: =BAR!#REF!*0.8 -> #REF! | G16: =BAR!#REF!*0.8 -> #REF! | H16: =BAR!#REF!*0.8 -> #REF! | I16: =BAR!#REF!*0.8 -> #REF! | ... AZ16: =BAR!#REF!*0.8 -> #REF!
A17: Представительский Люкс - с двуспальной кроватью, с 2 односпальными кроватями
A18: 1 | B18: =BAR!#REF!*0.8 -> #REF! | C18: =BAR!#REF!*0.8 -> #REF! | D18: =BAR!#REF!*0.8 -> #REF! | E18: =BAR!#REF!*0.8 -> #REF! | F18: =BAR!#REF!*0.8 -> #REF! | G18: =BAR!#REF!*0.8 -> #REF! | H18: =BAR!#REF!*0.8 -> #REF! | I18: =BAR!#REF!*0.8 -> #REF! | ... AZ18: =BAR!#REF!*0.8 -> #REF!
A19: 2 | B19: =BAR!#REF!*0.8 -> #REF! | C19: =BAR!#REF!*0.8 -> #REF! | D19: =BAR!#REF!*0.8 -> #REF! | E19: =BAR!#REF!*0.8 -> #REF! | F19: =BAR!#REF!*0.8 -> #REF! | G19: =BAR!#REF!*0.8 -> #REF! | H19: =BAR!#REF!*0.8 -> #REF! | I19: =BAR!#REF!*0.8 -> #REF! | ... AZ19: =BAR!#REF!*0.8 -> #REF!
A20: Даты тарифа (включительно):
A21: Период продажи: 17.06.2026 - 29.06.2026 Период проживания: 12.07.2026 - 31.08.2026
A22: Ограничения:
A23: Минимальный срок проживания - 2 ночи
A24: В стоимость включено:
A25: 🔸Скидка 20% на проживание в номере выбранной категории; 🔸Завтрак по системе "Шведский стол"; 🔸Посещение тренажерного зала отеля; 🔸Услуги парковки автомобиля на Поляне 960 (крытая и открытая парковка); 🔸Подъём по канатной дороге с Поляны 540 на Поляну 960; 🔸Бесплатный Wi-Fi на территории всего отеля; 🔸Прогулочный билет на все открытые канатные дороги для всех гостей в бронировании (предоставляется один раз во время проживания). 🔸Скидка 15% на меню в ресторане (-ах) отеля (на весь чек, на все время проживания)
A26: Условия аннуляции:
A27: В случае отмены или изменения бронирования после 00:00 часов дня заезда удерживается стоимость первых суток.
A28: Пропуск "Сочинский национальный парк":
A29: Территория Курорта Красная поляна является особо охраняемой природной территорией "Сочинский национальный парк". При подъёме выше отметки +960 и при прогулках по экотропам Курорта, вам необходимо оформить пропуск. *Детям дошкольного и школьного возраста, гостям пенсионного возраста - приобретают льготный билет (0Р) в кассе Сочинского национального парка, на высоте 960 Купить пропуск в национальный парк https://npsochi.ru/tickets/ Ознакомиться с правилами Сочинского национального парка https://npsochi.ru/rules/

Sheet RO
A1: Novotel Fit Krasnaya Polyana 4*
A2: тариф "Базовый без завтрака" (RO)
A3: Открытые тарифы
A4: Проживание без питания (Room only) | B4: 46283 | C4: 46284 | D4: =BAR!D4 -> 46285 | E4: =BAR!E4 -> 46286 | F4: =BAR!F4 -> 46287 | G4: =BAR!G4 -> 46288 | H4: =BAR!H4 -> 46289 | I4: =BAR!I4 -> 46290 | J4: =BAR!J4 -> 46291 | K4: =BAR!K4 -> 46292 | ... N4: =BAR!N4 -> 46295 | O4: 46296 | P4: 46297 | Q4: 46298 | R4: 46299 | S4: 46300 | T4: 46301 | U4: 46302 | V4: 46303 | W4: 46304 | X4: 46305 | Y4: 46306 | Z4: 46307 | AA4: 46308 | AB4: 46309 | AC4: 46310 | AD4: 46311 | AE4: 46312 | AF4: 46313 | AG4: 46314 | AH4: 46315 | AI4: 46316 | AJ4: 46317 | AK4: 46318 | AL4: 46319 | AM4: 46320 | AN4: 46321 | AO4: 46322 | AP4: 46323 | AQ4: 46324 | AR4: 46325 | AS4: 46326 | AT4: 46327 | AU4: 46328 | AV4: 46329 | AW4: 46330 | AX4: 46331 | AY4: 46332 | AZ4: 46333 | BA4: 46334 | BB4: 46335 | BC4: 46336 | BD4: 46337 | BE4: 46338 | BF4: 46339 | BG4: 46340 | BH4: 46341 | BI4: 46342 | BJ4: 46343 | BK4: 46344 | BL4: 46345 | BM4: 46346 | BN4: 46347 | BO4: 46348 | BP4: 46349 | BQ4: 46350 | BR4: 46351 | BS4: 46352 | BT4: 46353 | BU4: 46354 | BV4: 46355 | BW4: 46356 | BX4: 46357 | BY4: 46358 | BZ4: 46359 | CA4: 46360 | CB4: 46361 | CC4: 46362 | CD4: 46363 | CE4: 46364 | CF4: 46365 | CG4: 46366 | CH4: 46367 | CI4: 46368 | CJ4: 46369 | CK4: 46370 | CL4: 46371 | CM4: 46372 | CN4: 46373 | CO4: 46374 | CP4: 46375 | CQ4: 46376 | CR4: 46377 | CS4: 46378 | CT4: 46379 | CU4: 46380
A5: Стандартный номер, с двуспальной кроватью, с 2 односпальными кроватями
A6: 1 | B6: =BAR!B6-1650 -> 6500 | C6: =BAR!C6-1650 -> 6500 | D6: =BAR!D6-1650 -> 4900 | E6: =BAR!E6-1650 -> 4900 | F6: =BAR!F6-1650 -> 4900 | G6: =BAR!G6-1650 -> 4900 | H6: =BAR!H6-1650 -> 4900 | I6: =BAR!I6-1650 -> 5200 | ... CU6: =BAR!CU6-1650 -> 6000
A7: Улучшенный номер, с балконом - с двуспальной кроватью, с 2 односпальными кроватями
A8: 1 | B8: =BAR!B9-1650 -> 7500 | C8: =BAR!C9-1650 -> 7500 | D8: =BAR!D9-1650 -> 5900 | E8: =BAR!E9-1650 -> 5900 | F8: =BAR!F9-1650 -> 5900 | G8: =BAR!G9-1650 -> 5900 | H8: =BAR!H9-1650 -> 5900 | I8: =BAR!I9-1650 -> 6200 | ... CU8: =BAR!CU9-1650 -> 7000
A9: Семейный номер - с двуспальной кроватью и диваном
A10: 1 | B10: =BAR!B12-1650 -> 10000 | C10: =BAR!C12-1650 -> 10000 | D10: =BAR!D12-1650 -> 8400 | E10: =BAR!E12-1650 -> 8400 | F10: =BAR!F12-1650 -> 8400 | G10: =BAR!G12-1650 -> 8400 | H10: =BAR!H12-1650 -> 8400 | I10: =BAR!I12-1650 -> 8700 | ... CU10: =BAR!CU12-1650 -> 9500
A11: Номер Люкс - с двуспальной кроватью, с 2 односпальными кроватями
A12: 1 | B12: =BAR!B15-1650 -> 11000 | C12: =BAR!C15-1650 -> 11000 | D12: =BAR!D15-1650 -> 9400 | E12: =BAR!E15-1650 -> 9400 | F12: =BAR!F15-1650 -> 9400 | G12: =BAR!G15-1650 -> 9400 | H12: =BAR!H15-1650 -> 9400 | I12: =BAR!I15-1650 -> 9700 | ... CU12: =BAR!CU15-1650 -> 10800
A13: Представительский Люкс - с двуспальной кроватью, с 2 односпальными кроватями
A14: 1 | B14: =BAR!B18-1650 -> 12500 | C14: =BAR!C18-1650 -> 12500 | D14: =BAR!D18-1650 -> 10900 | E14: =BAR!E18-1650 -> 10900 | F14: =BAR!F18-1650 -> 10900 | G14: =BAR!G18-1650 -> 10900 | H14: =BAR!H18-1650 -> 10900 | I14: =BAR!I18-1650 -> 11200 | ... CU14: =BAR!CU18-1650 -> 12000
A15: Даты тарифа:
A16: Период продажи: 20.03.2026 - 24.12.2026 вкл-но Период проживания: 01.04.2026 - 24.12.2026 вкл-но
A17: В стоимость включено:
A18: Проживание в номере выбранной категории БЕЗ питания; Посещение тренажерного зала отеля; Услуги парковки автомобиля на Поляне 960 (крытая и открытая парковка); Подъём по канатной дороге с Поляны 540 на Поляну 960; Бесплатный Wi-Fi на территории всего отеля; Комната для хранения горнолыжного оборудования
A19: Условия аннуляции:
A20: В случае отмены или изменения бронирования менее чем за 24 часа до заезда удерживается стоимость первых суток.

Sheet КвГ
A1: Новотель Фит Красная Поляна 4*
A2: тариф "Каникулы в горах"
A3: Открытые тарифы
A4: завтраки формата "Шведский стол" | B4: 46296 | C4: 46297 | D4: 46298 | E4: 46299 | F4: 46300 | G4: 46301 | H4: 46302 | I4: 46303 | J4: 46304 | K4: 46305 | L4: 46306 | M4: 46307 | N4: 46308 | O4: 46309 | P4: 46310 | Q4: 46311 | R4: 46312 | S4: 46313 | T4: 46314 | U4: 46315 | V4: 46316 | W4: 46317 | X4: 46318 | Y4: 46319 | Z4: 46320 | AA4: 46321 | AB4: 46322 | AC4: 46323 | AD4: 46324 | AE4: 46325 | AF4: 46326 | AG4: 46327 | AH4: 46328 | AI4: 46329 | AJ4: 46330 | AK4: 46331 | AL4: 46332 | AM4: 46333 | AN4: 46334 | AO4: 46335 | AP4: 46336 | AQ4: 46337 | AR4: 46338 | AS4: 46339 | AT4: 46340 | AU4: 46341 | AV4: 46342 | AW4: 46343 | AX4: 46344 | AY4: 46345 | AZ4: 46346 | BA4: 46347 | BB4: 46348 | BC4: 46349 | BD4: 46350 | BE4: 46351 | BF4: 46352 | BG4: 46353 | BH4: 46354 | BI4: 46355 | BJ4: 46356
A5: Стандартный номер, с двуспальной кроватью, с 2 односпальными кроватями
A6: 1 | B6: =BAR!O6*0.9 -> 5895 | C6: =BAR!P6*0.9 -> 5895 | D6: =BAR!Q6*0.9 -> 5895 | E6: =BAR!R6*0.9 -> 5625 | F6: =BAR!S6*0.9 -> 5625 | G6: =BAR!T6*0.9 -> 5625 | H6: =BAR!U6*0.9 -> 5625 | I6: =BAR!V6*0.9 -> 5625 | ... BJ6: =BAR!BW6*0.9 -> 5085
A7: 2 | B7: =BAR!O7*0.9 -> 7380 | C7: =BAR!P7*0.9 -> 7380 | D7: =BAR!Q7*0.9 -> 7380 | E7: =BAR!R7*0.9 -> 7110 | F7: =BAR!S7*0.9 -> 7110 | G7: =BAR!T7*0.9 -> 7110 | H7: =BAR!U7*0.9 -> 7110 | I7: =BAR!V7*0.9 -> 7110 | ... BJ7: =BAR!BW7*0.9 -> 6570
A8: Улучшенный номер, с балконом - с двуспальной кроватью, с 2 односпальными кроватями
A9: 1 | B9: =BAR!O9*0.9 -> 6795 | C9: =BAR!P9*0.9 -> 6795 | D9: =BAR!Q9*0.9 -> 6795 | E9: =BAR!R9*0.9 -> 6525 | F9: =BAR!S9*0.9 -> 6525 | G9: =BAR!T9*0.9 -> 6525 | H9: =BAR!U9*0.9 -> 6525 | I9: =BAR!V9*0.9 -> 6525 | ... BJ9: =BAR!BW9*0.9 -> 5985
A10: 2 | B10: =BAR!O10*0.9 -> 8280 | C10: =BAR!P10*0.9 -> 8280 | D10: =BAR!Q10*0.9 -> 8280 | E10: =BAR!R10*0.9 -> 8010 | F10: =BAR!S10*0.9 -> 8010 | G10: =BAR!T10*0.9 -> 8010 | H10: =BAR!U10*0.9 -> 8010 | I10: =BAR!V10*0.9 -> 8010 | ... BJ10: =BAR!BW10*0.9 -> 7470
A11: Семейный номер - с двуспальной кроватью и диваном
A12: 1 | B12: =BAR!O12*0.9 -> 9045 | C12: =BAR!P12*0.9 -> 9045 | D12: =BAR!Q12*0.9 -> 9045 | E12: =BAR!R12*0.9 -> 8775 | F12: =BAR!S12*0.9 -> 8775 | G12: =BAR!T12*0.9 -> 8775 | H12: =BAR!U12*0.9 -> 8775 | I12: =BAR!V12*0.9 -> 8775 | ... BJ12: =BAR!BW12*0.9 -> 8235
A13: 2 | B13: =BAR!O13*0.9 -> 10530 | C13: =BAR!P13*0.9 -> 10530 | D13: =BAR!Q13*0.9 -> 10530 | E13: =BAR!R13*0.9 -> 10260 | F13: =BAR!S13*0.9 -> 10260 | G13: =BAR!T13*0.9 -> 10260 | H13: =BAR!U13*0.9 -> 10260 | I13: =BAR!V13*0.9 -> 10260 | ... BJ13: =BAR!BW13*0.9 -> 9720
A14: Номер Люкс - с двуспальной кроватью, с 2 односпальными кроватями
A15: 1 | B15: =BAR!O15*0.9 -> 10215 | C15: =BAR!P15*0.9 -> 10215 | D15: =BAR!Q15*0.9 -> 10215 | E15: =BAR!R15*0.9 -> 9945 | F15: =BAR!S15*0.9 -> 9945 | G15: =BAR!T15*0.9 -> 9945 | H15: =BAR!U15*0.9 -> 9945 | I15: =BAR!V15*0.9 -> 9945 | ... BJ15: =BAR!BW15*0.9 -> 9405
A16: 2 | B16: =BAR!O16*0.9 -> 11700 | C16: =BAR!P16*0.9 -> 11700 | D16: =BAR!Q16*0.9 -> 11700 | E16: =BAR!R16*0.9 -> 11430 | F16: =BAR!S16*0.9 -> 11430 | G16: =BAR!T16*0.9 -> 11430 | H16: =BAR!U16*0.9 -> 11430 | I16: =BAR!V16*0.9 -> 11430 | ... BJ16: =BAR!BW16*0.9 -> 10890
A17: Представительский Люкс - с двуспальной кроватью, с 2 односпальными кроватями
A18: 1 | B18: =BAR!O18*0.9 -> 11295 | C18: =BAR!P18*0.9 -> 11295 | D18: =BAR!Q18*0.9 -> 11295 | E18: =BAR!R18*0.9 -> 11025 | F18: =BAR!S18*0.9 -> 11025 | G18: =BAR!T18*0.9 -> 11025 | H18: =BAR!U18*0.9 -> 11025 | I18: =BAR!V18*0.9 -> 11025 | ... BJ18: =BAR!BW18*0.9 -> 10485
A19: 2 | B19: =BAR!O19*0.9 -> 12780 | C19: =BAR!P19*0.9 -> 12780 | D19: =BAR!Q19*0.9 -> 12780 | E19: =BAR!R19*0.9 -> 12510 | F19: =BAR!S19*0.9 -> 12510 | G19: =BAR!T19*0.9 -> 12510 | H19: =BAR!U19*0.9 -> 12510 | I19: =BAR!V19*0.9 -> 12510 | ... BJ19: =BAR!BW19*0.9 -> 11970
A20: ВАЖНО:
A21: Дополнительно ЕДИНОРАЗОВО в стоимость заявки добавляется стоимость за купонную книгу за каждого взрослого гостя (возраст от 12 лет), стоимость - 2650 руб. за гостя и за каждого ребенка от 0-11 лет включительно -1000 рублей за ребенка. При размещении дополнительных взрослых гостей, также ЕДИНОРАЗОВО добавляется в стоимость заявки купонная книга на каждого взрослого гостя - 2650 руб. (возраст от 12 лет) и за каждого ребенка от 0-11 лет включительно -1000 руб. Стоимость купонной книги на всех взрослых и детей просим сразу добавлять в заявку. В системе трэвэллайн тариф указан без учета стоимости купонной книги на взрослых и детей, необходимо добавлять стоимость вручную.
A22: В стоимость включено:
A23: Проживание в номере выбранной категории; Завтрак по системе "Шведский стол"; Посещение тренажерного зала отеля; Услуги парковки автомобиля на Поляне 960 (крытая и открытая парковка); Подъём по канатной дороге с Поляны 540 на Поляну 960; Бесплатный Wi-Fi на территории всего отеля; Комната для хранения горнолыжного оборудования Бесплатное размещение 2-х детей до 15 лет вкл-но. Бесплатно предоставляются завтраки для 2-х детей и одно дополнительное место в номерах высокой категории. Второй ребенок размещается на основных спальных местах. В категориях Стандарт и Супериор доп.места не устанавливаются (2-ое детей размещаются только на основных местах).
A24: По купонной книге в предложение "Каникулы в горах" входят бесплатно:
A25: • прогулочные билеты "Панорама Красной Поляны" (Для всех гостей с 7 лет, проживающих в номере. Для детей до 6 лет вкл-но билет приобретается в кассе за 1 ₽) • посещение одного маршрута в веревочном парке (единоразовое посещение для всех гостей, проживающих в номере) • посещение хаски центра (единоразовое посещение для всех гостей, проживающих в номере, дети до 4-х лет посещают парк исключительно в сопровождении родителей) • посещение парка -капибара и друзья (единоразовое посещение для всех гостей, проживающих в номере, дети до 8 лет посещают парк исключительно в сопровождении родителей) • 20% скидку на посещение Сочи Парка (единоразовое посещение для всех гостей, проживающих в номере)* • 50% скидку на посещение Аквапарка (единоразовое посещение для всех гостей, проживающих в номере)
A26: Даты тарифа:
A27: Период продажи: 19.08.2026 - 30.11.2026 Период проживания: 01.10.2026 - 01.12.2026
A28: Условия аннуляции:
A29: В случае отмены или изменения бронирования менее чем за 24 часа до заезда удерживается стоимость первых суток.
A30: Дополнительно:
A31: Услуги и бонусы предложения действуют только в период проживания и предоставляются однократно, согласно условиям в купонной книге. Купонная книга выдается при заселении из расчета: 1 номер = 1 книга. Предложение ограничено и не комбинируется с другими действующими акциями отеля. НАО «Красная поляна» оставляет за собой право изменять услуги в составе пакета. Предоставление услуг может зависеть от погодных условий и графика работы канатных дорог.

Sheet ОиК FIT15 
A1: Новотель Фит Красная Поляна 4*
A2: тариф ОТДЫХАЙ и КАТАЙ
A3: Нетто тарифы
A4: завтраки формата "Шведский стол"
A5: Стандартный номер, с двуспальной кроватью, с 2 односпальными кроватями
A6: 1
A7: 2
A8: Улучшенный номер, с балконом - с двуспальной кроватью, с 2 односпальными кроватями
A9: 1
A10: 2
A11: Семейный номер - с двуспальной кроватью и диваном
A12: 1
A13: 2
A14: Номер Люкс - с двуспальной кроватью, с 2 односпальными кроватями
A15: 1
A16: 2
A17: Представительский Люкс - с двуспальной кроватью, с 2 односпальными кроватями
A18: 1
A19: 2
A20: ВАЖНО:
A21: Дополнительно на каждый день проживания в стоимость заявки добавляются ски-пассы для каждого взрослого, стоимость: 09.01.2025 - 31.03.2026 включительно - 3500 рублей. 01.04.2026 - 09.05.2026 включительно - 2000 рублей. При размещении дополнительных гостей, также на каждый день проживания добавляются в стоимость заявки ски-пассы на каждого взрослого гостя: 09.01.2025 - 31.03.2026 включительно - 3500 рублей. 01.04.2026 - 09.05.2026 включительно - 2000 рублей.
A22: В Тravelline тариф выгружается с учетом стоимости ски-пассов на каждого взрослого в заявке. В заявки, направляемые вручную по почте, дополнительно на каждый день проживания в стоимость добавляется стоимость ски-пассов для каждого взрослого самостоятельно.
A23: Выдача электронного купона производится при заселении на стойке регистрации. Получить ски-пассы можно в автоматах (пикап-поинтах) у канатных дорог. Возврат средств за неиспользованные ски-пассы не производится. Тариф включает ски-пассы только для взрослых гостей. Детские ски-пассы приобретаются в кассе курорта или на стойке «Чем заняться» за 1 рубль.
A24: Даты тарифа:
A25: Период продажи: 31.10.2025 - 09.05.2026 Период проживания: 09.01.2026 - 10.05.2026
A26: В стоимость включено:
A27: Проживание в номере выбранной категории со скидкой 10%; Ски-пасс "Дневной взрослый" со скидкой 50% на весь период проживания (от открытой стоимости krasnayapolyanaresort.ru);* Посещение тренажерного зала; Подъём по канатной дороге с Поляны 540 на Поляну 960; Услуги парковки автомобиля на Поляне 960 (крытая и открытая парковка); Бесплатный Wi-Fi на территории всего отеля; Комната для хранения горнолыжного оборудования Дневные спортивные ски-пассы на взрослых гостей на курорт Красная Поляна согласно данным в бронировании, детские ски-пассы приобретаются отдельно. *Количество ски-пассов равно количеству ночей проживания
A28: Дополнительно в стоимость включено с 08.04.2026:
A29: Скидка 15% на все массажи и спа-процедуры во всех СПА Курорта (Mövenpick5*, Novotel Resort&Spa 5*, Rixos 5* и Marriott 5*, с 13.04.26 в отеле Panorama by Mercure 4*); Скидка 30% на меню и напитки ресторана «Вершина» (2200 м); Скидка 25% на разовый визит в СПА Novotel Resort&Spa 5* с открытым бассейном; Аренда малого банного комплекса с 9:00 до 11:00 (не более 5 гостей) - до 5 авторских процедур в подарок «Ритуал Воздуха» или «Сила Стихий»; Разовое посещение большого банного комплекса от 4 000р./взр и детский тариф со скидкой 50% от стоимости тарифа для взрослых (Посещение не входит в стоимость, оплачивается дополнительно). Подробная информация о предоставлении услуг в Службе поддержки Курорта: тел. 8 800 550 20 20 e-mail: infocenter@kpresort.ru. Услуги предложения действуют только в период проживания и предоставляются однократно, согласно условиям в купонной книге. Купонная книга выдается при заселении из расчета: 1 номер = 1 книга. Предложение ограничено и не комбинируется с другими действующими акциями отеля. НАО «Красная поляна» оставляет за собой право изменять услуги в составе пакета. Предоставление услуг может зависеть от высокой загрузки СПА и банного комплекса.
A30: Условия аннуляции:
A31: В случае отмены или изменения бронирования после 00:00 часов дня заезда удерживается стоимость первых суток.
... A33: Ежегодные регламентные работы на канатных дорогах курорта Красная Поляна пройдут с 16 марта по 24 июня 2026 года. С 10 по 31 мая будут закрыты канатные дороги Центрального сектора: («Красная Поляна» 540-960 м, «Реликтовый лес» 960-1460 м, «Вершина» 1460-2200 м, «Аибга» 2200-2050 м, «Черная Пирамида» 2050-2300 м). На время регламентных работ между уровнями 540-960 м будут курсировать шаттлы курорта. С 16 марта по 24 апреля будет закрыта канатная дорога Восточного сектора К‑13 «Водопад Поликаря. С 1 апреля по 24 апреля будут закрыты канатные дороги К‑10 «Восточный лес» и К‑12 «Старт чемпиона». К‑8 «Снежная звезда»: закрыта с 1 по 24 июня.

Sheet Отдыхай и катай 25 | FIT15 +25
A1: Новотель Фит Красная Поляна 4*/ Novotel Fit Krasnaya Polyana 4*
A2: Специальное предложение "Отдыхай и катай" / Special offer "Rest and Ski"
A4: Открытые тарифы/ Open rates
A5: C завтраками/ Bed and breakfast | B5: =ОиК!#REF! -> #REF! | C5: =ОиК!#REF! -> #REF! | D5: =ОиК!#REF! -> #REF! | E5: =ОиК!#REF! -> #REF! | F5: =ОиК!#REF! -> #REF! | G5: =ОиК!#REF! -> #REF! | H5: =ОиК!#REF! -> #REF! | I5: =ОиК!#REF! -> #REF! | ... BI5: =ОиК!#REF! -> #REF!
B6: =ОиК!#REF! -> #REF! | C6: =ОиК!#REF! -> #REF! | D6: =ОиК!#REF! -> #REF! | E6: =ОиК!#REF! -> #REF! | F6: =ОиК!#REF! -> #REF! | G6: =ОиК!#REF! -> #REF! | H6: =ОиК!#REF! -> #REF! | I6: =ОиК!#REF! -> #REF! | ... BI6: =ОиК!#REF! -> #REF!
A7: Стандарт с одной большой кроватью/с двумя раздельными кроватями/ Standart (king, twin)
A8: 1 | B8: =ОиК!#REF! -> #REF! | C8: =ОиК!#REF! -> #REF! | D8: =ОиК!#REF! -> #REF! | E8: =ОиК!#REF! -> #REF! | F8: =ОиК!#REF! -> #REF! | G8: =ОиК!#REF! -> #REF! | H8: =ОиК!#REF! -> #REF! | I8: =ОиК!#REF! -> #REF! | ... BI8: =ОиК!#REF! -> #REF!
A9: 2 | B9: =ОиК!#REF! -> #REF! | C9: =ОиК!#REF! -> #REF! | D9: =ОиК!#REF! -> #REF! | E9: =ОиК!#REF! -> #REF! | F9: =ОиК!#REF! -> #REF! | G9: =ОиК!#REF! -> #REF! | H9: =ОиК!#REF! -> #REF! | I9: =ОиК!#REF! -> #REF! | ... BI9: =ОиК!#REF! -> #REF!
A10: Супериор с одной большой кроватью/с двумя раздельными кроватями с балконом / Superior (king, twin)
A11: 1 | B11: =ОиК!#REF! -> #REF! | C11: =ОиК!#REF! -> #REF! | D11: =ОиК!#REF! -> #REF! | E11: =ОиК!#REF! -> #REF! | F11: =ОиК!#REF! -> #REF! | G11: =ОиК!#REF! -> #REF! | H11: =ОиК!#REF! -> #REF! | I11: =ОиК!#REF! -> #REF! | ... BI11: =ОиК!#REF! -> #REF!
A12: 2 | B12: =ОиК!#REF! -> #REF! | C12: =ОиК!#REF! -> #REF! | D12: =ОиК!#REF! -> #REF! | E12: =ОиК!#REF! -> #REF! | F12: =ОиК!#REF! -> #REF! | G12: =ОиК!#REF! -> #REF! | H12: =ОиК!#REF! -> #REF! | I12: =ОиК!#REF! -> #REF! | ... BI12: =ОиК!#REF! -> #REF!
A13: Люкс Джуниор / Junior Suite
A14: 1 | B14: =ОиК!#REF! -> #REF! | C14: =ОиК!#REF! -> #REF! | D14: =ОиК!#REF! -> #REF! | E14: =ОиК!#REF! -> #REF! | F14: =ОиК!#REF! -> #REF! | G14: =ОиК!#REF! -> #REF! | H14: =ОиК!#REF! -> #REF! | I14: =ОиК!#REF! -> #REF! | ... BI14: =ОиК!#REF! -> #REF!
A15: 2 | B15: =ОиК!#REF! -> #REF! | C15: =ОиК!#REF! -> #REF! | D15: =ОиК!#REF! -> #REF! | E15: =ОиК!#REF! -> #REF! | F15: =ОиК!#REF! -> #REF! | G15: =ОиК!#REF! -> #REF! | H15: =ОиК!#REF! -> #REF! | I15: =ОиК!#REF! -> #REF! | ... BI15: =ОиК!#REF! -> #REF!
A16: Люкс c двуспальной кроватью / двумя раздельными кроватями / Suite King /Twin
A17: 1 | B17: =ОиК!#REF! -> #REF! | C17: =ОиК!#REF! -> #REF! | D17: =ОиК!#REF! -> #REF! | E17: =ОиК!#REF! -> #REF! | F17: =ОиК!#REF! -> #REF! | G17: =ОиК!#REF! -> #REF! | H17: =ОиК!#REF! -> #REF! | I17: =ОиК!#REF! -> #REF! | ... BI17: =ОиК!#REF! -> #REF!
A18: 2 | B18: =ОиК!#REF! -> #REF! | C18: =ОиК!#REF! -> #REF! | D18: =ОиК!#REF! -> #REF! | E18: =ОиК!#REF! -> #REF! | F18: =ОиК!#REF! -> #REF! | G18: =ОиК!#REF! -> #REF! | H18: =ОиК!#REF! -> #REF! | I18: =ОиК!#REF! -> #REF! | ... BI18: =ОиК!#REF! -> #REF!
A19: Улучшенный Люкс c двуспальной крватью / двумя раздельными кроватями/ Superior Suite King /Twin
A20: 1 | B20: =ОиК!#REF! -> #REF! | C20: =ОиК!#REF! -> #REF! | D20: =ОиК!#REF! -> #REF! | E20: =ОиК!#REF! -> #REF! | F20: =ОиК!#REF! -> #REF! | G20: =ОиК!#REF! -> #REF! | H20: =ОиК!#REF! -> #REF! | I20: =ОиК!#REF! -> #REF! | ... BI20: =ОиК!#REF! -> #REF!
A21: 2 | B21: =ОиК!#REF! -> #REF! | C21: =ОиК!#REF! -> #REF! | D21: =ОиК!#REF! -> #REF! | E21: =ОиК!#REF! -> #REF! | F21: =ОиК!#REF! -> #REF! | G21: =ОиК!#REF! -> #REF! | H21: =ОиК!#REF! -> #REF! | I21: =ОиК!#REF! -> #REF! | ... BI21: =ОиК!#REF! -> #REF!
A23: Нетто тарифы/ Net rates
A24: C завтраками/ Bed and breakfast | B24: =B5 -> #REF! | C24: =C5 -> #REF! | D24: =D5 -> #REF! | E24: =E5 -> #REF! | F24: =F5 -> #REF! | G24: =G5 -> #REF! | H24: =H5 -> #REF! | I24: =I5 -> #REF! | ... BI24: =BI5 -> #REF!
B25: =B6 -> #REF! | C25: =C6 -> #REF! | D25: =D6 -> #REF! | E25: =E6 -> #REF! | F25: =F6 -> #REF! | G25: =G6 -> #REF! | H25: =H6 -> #REF! | I25: =I6 -> #REF! | ... BI25: =BI6 -> #REF!
A26: Стандарт с одной большой кроватью/с двумя раздельными кроватями/ Standart (king, twin)
A27: 1 | B27: =ROUND(B8*0.9,)+25 -> #REF! | C27: =ROUND(C8*0.9,)+25 -> #REF! | D27: =ROUND(D8*0.9,)+25 -> #REF! | E27: =ROUND(E8*0.9,)+25 -> #REF! | F27: =ROUND(F8*0.9,)+25 -> #REF! | G27: =ROUND(G8*0.9,)+25 -> #REF! | H27: =ROUND(H8*0.9,)+25 -> #REF! | I27: =ROUND(I8*0.9,)+25 -> #REF! | ... BI27: =ROUND(BI8*0.9,)+25 -> #REF!
A28: 2 | B28: =ROUND(B9*0.9,)+25 -> #REF! | C28: =ROUND(C9*0.9,)+25 -> #REF! | D28: =ROUND(D9*0.9,)+25 -> #REF! | E28: =ROUND(E9*0.9,)+25 -> #REF! | F28: =ROUND(F9*0.9,)+25 -> #REF! | G28: =ROUND(G9*0.9,)+25 -> #REF! | H28: =ROUND(H9*0.9,)+25 -> #REF! | I28: =ROUND(I9*0.9,)+25 -> #REF! | ... BI28: =ROUND(BI9*0.9,)+25 -> #REF!
A29: Супериор с одной большой кроватью/с двумя раздельными кроватями с балконом / Superior (king, twin)
A30: 1 | B30: =ROUND(B11*0.9,)+25 -> #REF! | C30: =ROUND(C11*0.9,)+25 -> #REF! | D30: =ROUND(D11*0.9,)+25 -> #REF! | E30: =ROUND(E11*0.9,)+25 -> #REF! | F30: =ROUND(F11*0.9,)+25 -> #REF! | G30: =ROUND(G11*0.9,)+25 -> #REF! | H30: =ROUND(H11*0.9,)+25 -> #REF! | I30: =ROUND(I11*0.9,)+25 -> #REF! | ... BI30: =ROUND(BI11*0.9,)+25 -> #REF!
A31: 2 | B31: =ROUND(B12*0.9,)+25 -> #REF! | C31: =ROUND(C12*0.9,)+25 -> #REF! | D31: =ROUND(D12*0.9,)+25 -> #REF! | E31: =ROUND(E12*0.9,)+25 -> #REF! | F31: =ROUND(F12*0.9,)+25 -> #REF! | G31: =ROUND(G12*0.9,)+25 -> #REF! | H31: =ROUND(H12*0.9,)+25 -> #REF! | I31: =ROUND(I12*0.9,)+25 -> #REF! | ... BI31: =ROUND(BI12*0.9,)+25 -> #REF!
A32: Люкс Джуниор / Junior Suite
A33: 1 | B33: =ROUND(B14*0.9,)+25 -> #REF! | C33: =ROUND(C14*0.9,)+25 -> #REF! | D33: =ROUND(D14*0.9,)+25 -> #REF! | E33: =ROUND(E14*0.9,)+25 -> #REF! | F33: =ROUND(F14*0.9,)+25 -> #REF! | G33: =ROUND(G14*0.9,)+25 -> #REF! | H33: =ROUND(H14*0.9,)+25 -> #REF! | I33: =ROUND(I14*0.9,)+25 -> #REF! | ... BI33: =ROUND(BI14*0.9,)+25 -> #REF!
A34: 2 | B34: =ROUND(B15*0.9,)+25 -> #REF! | C34: =ROUND(C15*0.9,)+25 -> #REF! | D34: =ROUND(D15*0.9,)+25 -> #REF! | E34: =ROUND(E15*0.9,)+25 -> #REF! | F34: =ROUND(F15*0.9,)+25 -> #REF! | G34: =ROUND(G15*0.9,)+25 -> #REF! | H34: =ROUND(H15*0.9,)+25 -> #REF! | I34: =ROUND(I15*0.9,)+25 -> #REF! | ... BI34: =ROUND(BI15*0.9,)+25 -> #REF!
A35: Люкс c двуспальной кроватью / двумя раздельными кроватями / Suite King /Twin
A36: 1 | B36: =ROUND(B17*0.9,)+25 -> #REF! | C36: =ROUND(C17*0.9,)+25 -> #REF! | D36: =ROUND(D17*0.9,)+25 -> #REF! | E36: =ROUND(E17*0.9,)+25 -> #REF! | F36: =ROUND(F17*0.9,)+25 -> #REF! | G36: =ROUND(G17*0.9,)+25 -> #REF! | H36: =ROUND(H17*0.9,)+25 -> #REF! | I36: =ROUND(I17*0.9,)+25 -> #REF! | ... BI36: =ROUND(BI17*0.9,)+25 -> #REF!
A37: 2 | B37: =ROUND(B18*0.9,)+25 -> #REF! | C37: =ROUND(C18*0.9,)+25 -> #REF! | D37: =ROUND(D18*0.9,)+25 -> #REF! | E37: =ROUND(E18*0.9,)+25 -> #REF! | F37: =ROUND(F18*0.9,)+25 -> #REF! | G37: =ROUND(G18*0.9,)+25 -> #REF! | H37: =ROUND(H18*0.9,)+25 -> #REF! | I37: =ROUND(I18*0.9,)+25 -> #REF! | ... BI37: =ROUND(BI18*0.9,)+25 -> #REF!
A38: Улучшенный Люкс c двуспальной крватью / двумя раздельными кроватями/ Superior Suite King /Twin
A39: 1 | B39: =ROUND(B20*0.9,)+25 -> #REF! | C39: =ROUND(C20*0.9,)+25 -> #REF! | D39: =ROUND(D20*0.9,)+25 -> #REF! | E39: =ROUND(E20*0.9,)+25 -> #REF! | F39: =ROUND(F20*0.9,)+25 -> #REF! | G39: =ROUND(G20*0.9,)+25 -> #REF! | H39: =ROUND(H20*0.9,)+25 -> #REF! | I39: =ROUND(I20*0.9,)+25 -> #REF! | ... BI39: =ROUND(BI20*0.9,)+25 -> #REF!
A40: 2 | B40: =ROUND(B21*0.9,)+25 -> #REF! | C40: =ROUND(C21*0.9,)+25 -> #REF! | D40: =ROUND(D21*0.9,)+25 -> #REF! | E40: =ROUND(E21*0.9,)+25 -> #REF! | F40: =ROUND(F21*0.9,)+25 -> #REF! | G40: =ROUND(G21*0.9,)+25 -> #REF! | H40: =ROUND(H21*0.9,)+25 -> #REF! | I40: =ROUND(I21*0.9,)+25 -> #REF! | ... BI40: =ROUND(BI21*0.9,)+25 -> #REF!
A42: Дополнительно на каждый день проживания в стоимость заявки добавляются ски-пассы для каждого взрослого, стоимость - 12.12.2025 - 29.12.2025, 09.01.2025 - 12.04.2026 включительно - 3500 рублей. При размещении дополнительных гостей, также на каждый день проживания добавляются в стоимость заявки ски-пассы на каждого взрослого гостя - 12.12.2025 - 29.12.2025, 09.01.2025 - 12.04.2026 включительно - 3500 рублей. Стоимость ски-пассов на всех взрослых сразу добавлять в заявку. / Extra pay for each day of stay, ski passes for each adult are added to the price of the application, the cost 12.12.2025 - 29.12.2025, 09.01.2025 - 12.04.2026 inclusively - 3500 rubles. When placing additional guests, also for each day of stay, ski passes for each guest are added to the application price 12.12.2025 - 29.12.2025, 09.01.2025 - 12.04.2026 inclusively - 3500 rubles.
A44: В стоимость включено/ Rates include:
A45: Бесплатный беспроводной интернет на всей территории отеля/ Wi-Fi;
A46: Чай/кофе, вода в номера/tea and coffee in the room;
A47: Подъем до уровня +960 м./ Free of charge access to a cable car "Krasnaya Polyana" К-1 (Polyana 540 - Polyana 960);
A48: Завтрак "Шведский стол"
A49: в том числе НДС, предусмотренный НК РФ
A50: Дневной спортивный ски-пасс на каждый день проживания в отеле*/ Ski-pass (sporty) on a daily basis*
A51: * Выдача ски-пассов на стойке регистрации в отеле при заселении. Детские ски-пассы приобретаются гостями в отеле. Возврат денежных средств за неиспользованные ски-пассы не производится.
A53: Условия/ Conditions:
A54: Период продажи: 31.10.2025 - 11.04.2026 / Period of sales: 31.10.2025 - 11.04.2026
A55: Период проживания: 09.01.2025 - 12.04.2026 / Period of stay: 09.01.2025 - 12.04.2026
... A59: Бронирование может быть отменено без штрафных санкций за 24 часа до заезда. Отмена после указанного времени – штраф в размере стоимости первой ночи проживания. The reservation can be canceled without penalty up to 24 hours before arrival. Cancellation after the specified time - a penalty - the cost of the first night of stay.

Sheet ТЧК FIT15
A1: Новотель Фит Красная Поляна 4*
A2: ТОЧКА ПРИТЯЖЕНИЯ
A3: Нетто тарифы
A4: завтраки формата "Шведский стол" | B4: 46215 | C4: 46216 | D4: 46217 | E4: 46218 | F4: 46219 | G4: 46220 | H4: 46221 | I4: 46222 | J4: 46223 | K4: 46224 | L4: 46225 | M4: 46226 | N4: 46227 | O4: 46228 | P4: 46229 | Q4: 46230 | R4: 46231 | S4: 46232 | T4: 46233 | U4: 46234 | V4: 46235 | W4: 46236 | X4: 46237 | Y4: 46238 | Z4: 46239 | AA4: 46240 | AB4: 46241 | AC4: 46242 | AD4: 46243 | AE4: 46244 | AF4: 46245 | AG4: 46246 | AH4: 46247 | AI4: 46248 | AJ4: 46249 | AK4: 46250 | AL4: 46251 | AM4: 46252 | AN4: 46253 | AO4: 46254 | AP4: 46255 | AQ4: 46256 | AR4: 46257 | AS4: 46258 | AT4: 46259 | AU4: 46260 | AV4: 46261 | AW4: 46262 | AX4: 46263 | AY4: 46264 | AZ4: 46265
A5: Стандартный номер, с двуспальной кроватью, с 2 односпальными кроватями
A6: 1 | B6: =ТЧК!B6*0.9 -> #REF! | C6: =ТЧК!C6*0.9 -> #REF! | D6: =ТЧК!D6*0.9 -> #REF! | E6: =ТЧК!E6*0.9 -> #REF! | F6: =ТЧК!F6*0.9 -> #REF! | G6: =ТЧК!G6*0.9 -> #REF! | H6: =ТЧК!H6*0.9 -> #REF! | I6: =ТЧК!I6*0.9 -> #REF! | ... AZ6: =ТЧК!AZ6*0.9 -> #REF!
A7: 2 | B7: =ТЧК!B7*0.9 -> #REF! | C7: =ТЧК!C7*0.9 -> #REF! | D7: =ТЧК!D7*0.9 -> #REF! | E7: =ТЧК!E7*0.9 -> #REF! | F7: =ТЧК!F7*0.9 -> #REF! | G7: =ТЧК!G7*0.9 -> #REF! | H7: =ТЧК!H7*0.9 -> #REF! | I7: =ТЧК!I7*0.9 -> #REF! | ... AZ7: =ТЧК!AZ7*0.9 -> #REF!
A8: Улучшенный номер, с балконом - с двуспальной кроватью, с 2 односпальными кроватями
A9: 1 | B9: =ТЧК!B9*0.9 -> #REF! | C9: =ТЧК!C9*0.9 -> #REF! | D9: =ТЧК!D9*0.9 -> #REF! | E9: =ТЧК!E9*0.9 -> #REF! | F9: =ТЧК!F9*0.9 -> #REF! | G9: =ТЧК!G9*0.9 -> #REF! | H9: =ТЧК!H9*0.9 -> #REF! | I9: =ТЧК!I9*0.9 -> #REF! | ... AZ9: =ТЧК!AZ9*0.9 -> #REF!
A10: 2 | B10: =ТЧК!B10*0.9 -> #REF! | C10: =ТЧК!C10*0.9 -> #REF! | D10: =ТЧК!D10*0.9 -> #REF! | E10: =ТЧК!E10*0.9 -> #REF! | F10: =ТЧК!F10*0.9 -> #REF! | G10: =ТЧК!G10*0.9 -> #REF! | H10: =ТЧК!H10*0.9 -> #REF! | I10: =ТЧК!I10*0.9 -> #REF! | ... AZ10: =ТЧК!AZ10*0.9 -> #REF!
A11: Семейный номер - с двуспальной кроватью и диваном
A12: 1 | B12: =ТЧК!B12*0.9 -> #REF! | C12: =ТЧК!C12*0.9 -> #REF! | D12: =ТЧК!D12*0.9 -> #REF! | E12: =ТЧК!E12*0.9 -> #REF! | F12: =ТЧК!F12*0.9 -> #REF! | G12: =ТЧК!G12*0.9 -> #REF! | H12: =ТЧК!H12*0.9 -> #REF! | I12: =ТЧК!I12*0.9 -> #REF! | ... AZ12: =ТЧК!AZ12*0.9 -> #REF!
A13: 2 | B13: =ТЧК!B13*0.9 -> #REF! | C13: =ТЧК!C13*0.9 -> #REF! | D13: =ТЧК!D13*0.9 -> #REF! | E13: =ТЧК!E13*0.9 -> #REF! | F13: =ТЧК!F13*0.9 -> #REF! | G13: =ТЧК!G13*0.9 -> #REF! | H13: =ТЧК!H13*0.9 -> #REF! | I13: =ТЧК!I13*0.9 -> #REF! | ... AZ13: =ТЧК!AZ13*0.9 -> #REF!
A14: Номер Люкс - с двуспальной кроватью, с 2 односпальными кроватями
A15: 1 | B15: =ТЧК!B15*0.9 -> #REF! | C15: =ТЧК!C15*0.9 -> #REF! | D15: =ТЧК!D15*0.9 -> #REF! | E15: =ТЧК!E15*0.9 -> #REF! | F15: =ТЧК!F15*0.9 -> #REF! | G15: =ТЧК!G15*0.9 -> #REF! | H15: =ТЧК!H15*0.9 -> #REF! | I15: =ТЧК!I15*0.9 -> #REF! | ... AZ15: =ТЧК!AZ15*0.9 -> #REF!
A16: 2 | B16: =ТЧК!B16*0.9 -> #REF! | C16: =ТЧК!C16*0.9 -> #REF! | D16: =ТЧК!D16*0.9 -> #REF! | E16: =ТЧК!E16*0.9 -> #REF! | F16: =ТЧК!F16*0.9 -> #REF! | G16: =ТЧК!G16*0.9 -> #REF! | H16: =ТЧК!H16*0.9 -> #REF! | I16: =ТЧК!I16*0.9 -> #REF! | ... AZ16: =ТЧК!AZ16*0.9 -> #REF!
A17: Представительский Люкс - с двуспальной кроватью, с 2 односпальными кроватями
A18: 1 | B18: =ТЧК!B18*0.9 -> #REF! | C18: =ТЧК!C18*0.9 -> #REF! | D18: =ТЧК!D18*0.9 -> #REF! | E18: =ТЧК!E18*0.9 -> #REF! | F18: =ТЧК!F18*0.9 -> #REF! | G18: =ТЧК!G18*0.9 -> #REF! | H18: =ТЧК!H18*0.9 -> #REF! | I18: =ТЧК!I18*0.9 -> #REF! | ... AZ18: =ТЧК!AZ18*0.9 -> #REF!
A19: 2 | B19: =ТЧК!B19*0.9 -> #REF! | C19: =ТЧК!C19*0.9 -> #REF! | D19: =ТЧК!D19*0.9 -> #REF! | E19: =ТЧК!E19*0.9 -> #REF! | F19: =ТЧК!F19*0.9 -> #REF! | G19: =ТЧК!G19*0.9 -> #REF! | H19: =ТЧК!H19*0.9 -> #REF! | I19: =ТЧК!I19*0.9 -> #REF! | ... AZ19: =ТЧК!AZ19*0.9 -> #REF!
A20: Даты тарифа (включительно):
A21: Период продажи: 17.06.2026 - 29.06.2026 Период проживания: 12.07.2026 - 31.08.2026
A22: Ограничения:
A23: Минимальный срок проживания - 2 ночи
A24: В стоимость включено:
A25: 🔸Скидка 20% на проживание в номере выбранной категории; 🔸Завтрак по системе "Шведский стол"; 🔸Посещение тренажерного зала отеля; 🔸Услуги парковки автомобиля на Поляне 960 (крытая и открытая парковка); 🔸Подъём по канатной дороге с Поляны 540 на Поляну 960; 🔸Бесплатный Wi-Fi на территории всего отеля; 🔸Прогулочный билет на все открытые канатные дороги для всех гостей в бронировании (предоставляется один раз во время проживания). 🔸Скидка 15% на меню в ресторане (-ах) отеля (на весь чек, на все время проживания)
A26: Условия аннуляции:
A27: В случае отмены или изменения бронирования после 00:00 часов дня заезда удерживается стоимость первых суток.
A28: Пропуск "Сочинский национальный парк":
A29: Территория Курорта Красная поляна является особо охраняемой природной территорией "Сочинский национальный парк". При подъёме выше отметки +960 и при прогулках по экотропам Курорта, вам необходимо оформить пропуск. *Детям дошкольного и школьного возраста, гостям пенсионного возраста - приобретают льготный билет (0Р) в кассе Сочинского национального парка, на высоте 960 Купить пропуск в национальный парк https://npsochi.ru/tickets/ Ознакомиться с правилами Сочинского национального парка https://npsochi.ru/rules/

Sheet ОиК FIT18
A1: Новотель Фит Красная Поляна 4*
A2: тариф ОТДЫХАЙ и КАТАЙ
A3: Нетто тарифы
A4: завтраки формата "Шведский стол"
A5: Стандартный номер, с двуспальной кроватью, с 2 односпальными кроватями
A6: 1
A7: 2
A8: Улучшенный номер, с балконом - с двуспальной кроватью, с 2 односпальными кроватями
A9: 1
A10: 2
A11: Семейный номер - с двуспальной кроватью и диваном
A12: 1
A13: 2
A14: Номер Люкс - с двуспальной кроватью, с 2 односпальными кроватями
A15: 1
A16: 2
A17: Представительский Люкс - с двуспальной кроватью, с 2 односпальными кроватями
A18: 1
A19: 2
A20: ВАЖНО:
A21: Дополнительно на каждый день проживания в стоимость заявки добавляются ски-пассы для каждого взрослого, стоимость: 09.01.2025 - 31.03.2026 включительно - 3500 рублей. 01.04.2026 - 09.05.2026 включительно - 2000 рублей. При размещении дополнительных гостей, также на каждый день проживания добавляются в стоимость заявки ски-пассы на каждого взрослого гостя: 09.01.2025 - 31.03.2026 включительно - 3500 рублей. 01.04.2026 - 09.05.2026 включительно - 2000 рублей.
A22: В Тravelline тариф выгружается с учетом стоимости ски-пассов на каждого взрослого в заявке. В заявки, направляемые вручную по почте, дополнительно на каждый день проживания в стоимость добавляется стоимость ски-пассов для каждого взрослого самостоятельно.
A23: Выдача электронного купона производится при заселении на стойке регистрации. Получить ски-пассы можно в автоматах (пикап-поинтах) у канатных дорог. Возврат средств за неиспользованные ски-пассы не производится. Тариф включает ски-пассы только для взрослых гостей. Детские ски-пассы приобретаются в кассе курорта или на стойке «Чем заняться» за 1 рубль.
A24: Даты тарифа:
A25: Период продажи: 31.10.2025 - 09.05.2026 Период проживания: 09.01.2026 - 10.05.2026
A26: В стоимость включено:
A27: Проживание в номере выбранной категории со скидкой 10%; Ски-пасс "Дневной взрослый" со скидкой 50% на весь период проживания (от открытой стоимости krasnayapolyanaresort.ru);* Посещение тренажерного зала; Подъём по канатной дороге с Поляны 540 на Поляну 960; Услуги парковки автомобиля на Поляне 960 (крытая и открытая парковка); Бесплатный Wi-Fi на территории всего отеля; Комната для хранения горнолыжного оборудования Дневные спортивные ски-пассы на взрослых гостей на курорт Красная Поляна согласно данным в бронировании, детские ски-пассы приобретаются отдельно. *Количество ски-пассов равно количеству ночей проживания
A28: Дополнительно в стоимость включено с 08.04.2026:
A29: Скидка 15% на все массажи и спа-процедуры во всех СПА Курорта (Mövenpick5*, Novotel Resort&Spa 5*, Rixos 5* и Marriott 5*, с 13.04.26 в отеле Panorama by Mercure 4*); Скидка 30% на меню и напитки ресторана «Вершина» (2200 м); Скидка 25% на разовый визит в СПА Novotel Resort&Spa 5* с открытым бассейном; Аренда малого банного комплекса с 9:00 до 11:00 (не более 5 гостей) - до 5 авторских процедур в подарок «Ритуал Воздуха» или «Сила Стихий»; Разовое посещение большого банного комплекса от 4 000р./взр и детский тариф со скидкой 50% от стоимости тарифа для взрослых (Посещение не входит в стоимость, оплачивается дополнительно). Подробная информация о предоставлении услуг в Службе поддержки Курорта: тел. 8 800 550 20 20 e-mail: infocenter@kpresort.ru. Услуги предложения действуют только в период проживания и предоставляются однократно, согласно условиям в купонной книге. Купонная книга выдается при заселении из расчета: 1 номер = 1 книга. Предложение ограничено и не комбинируется с другими действующими акциями отеля. НАО «Красная поляна» оставляет за собой право изменять услуги в составе пакета. Предоставление услуг может зависеть от высокой загрузки СПА и банного комплекса.
A30: Условия аннуляции:
A31: В случае отмены или изменения бронирования после 00:00 часов дня заезда удерживается стоимость первых суток.
... A33: Ежегодные регламентные работы на канатных дорогах курорта Красная Поляна пройдут с 16 марта по 24 июня 2026 года. С 10 по 31 мая будут закрыты канатные дороги Центрального сектора: («Красная Поляна» 540-960 м, «Реликтовый лес» 960-1460 м, «Вершина» 1460-2200 м, «Аибга» 2200-2050 м, «Черная Пирамида» 2050-2300 м). На время регламентных работ между уровнями 540-960 м будут курсировать шаттлы курорта. С 16 марта по 24 апреля будет закрыта канатная дорога Восточного сектора К‑13 «Водопад Поликаря. С 1 апреля по 24 апреля будут закрыты канатные дороги К‑10 «Восточный лес» и К‑12 «Старт чемпиона». К‑8 «Снежная звезда»: закрыта с 1 по 24 июня.

Sheet ТЧК FIT18
A1: Новотель Фит Красная Поляна 4*
A2: ТОЧКА ПРИТЯЖЕНИЯ
A3: Нетто тарифы
A4: завтраки формата "Шведский стол" | B4: 46215 | C4: 46216 | D4: 46217 | E4: 46218 | F4: 46219 | G4: 46220 | H4: 46221 | I4: 46222 | J4: 46223 | K4: 46224 | L4: 46225 | M4: 46226 | N4: 46227 | O4: 46228 | P4: 46229 | Q4: 46230 | R4: 46231 | S4: 46232 | T4: 46233 | U4: 46234 | V4: 46235 | W4: 46236 | X4: 46237 | Y4: 46238 | Z4: 46239 | AA4: 46240 | AB4: 46241 | AC4: 46242 | AD4: 46243 | AE4: 46244 | AF4: 46245 | AG4: 46246 | AH4: 46247 | AI4: 46248 | AJ4: 46249 | AK4: 46250 | AL4: 46251 | AM4: 46252 | AN4: 46253 | AO4: 46254 | AP4: 46255 | AQ4: 46256 | AR4: 46257 | AS4: 46258 | AT4: 46259 | AU4: 46260 | AV4: 46261 | AW4: 46262 | AX4: 46263 | AY4: 46264 | AZ4: 46265
A5: Стандартный номер, с двуспальной кроватью, с 2 односпальными кроватями
A6: 1 | B6: =ТЧК!B6*0.87 -> #REF! | C6: =ТЧК!C6*0.87 -> #REF! | D6: =ТЧК!D6*0.87 -> #REF! | E6: =ТЧК!E6*0.87 -> #REF! | F6: =ТЧК!F6*0.87 -> #REF! | G6: =ТЧК!G6*0.87 -> #REF! | H6: =ТЧК!H6*0.87 -> #REF! | I6: =ТЧК!I6*0.87 -> #REF! | ... AZ6: =ТЧК!AZ6*0.87 -> #REF!
A7: 2 | B7: =ТЧК!B7*0.87 -> #REF! | C7: =ТЧК!C7*0.87 -> #REF! | D7: =ТЧК!D7*0.87 -> #REF! | E7: =ТЧК!E7*0.87 -> #REF! | F7: =ТЧК!F7*0.87 -> #REF! | G7: =ТЧК!G7*0.87 -> #REF! | H7: =ТЧК!H7*0.87 -> #REF! | I7: =ТЧК!I7*0.87 -> #REF! | ... AZ7: =ТЧК!AZ7*0.87 -> #REF!
A8: Улучшенный номер, с балконом - с двуспальной кроватью, с 2 односпальными кроватями
A9: 1 | B9: =ТЧК!B9*0.87 -> #REF! | C9: =ТЧК!C9*0.87 -> #REF! | D9: =ТЧК!D9*0.87 -> #REF! | E9: =ТЧК!E9*0.87 -> #REF! | F9: =ТЧК!F9*0.87 -> #REF! | G9: =ТЧК!G9*0.87 -> #REF! | H9: =ТЧК!H9*0.87 -> #REF! | I9: =ТЧК!I9*0.87 -> #REF! | ... AZ9: =ТЧК!AZ9*0.87 -> #REF!
A10: 2 | B10: =ТЧК!B10*0.87 -> #REF! | C10: =ТЧК!C10*0.87 -> #REF! | D10: =ТЧК!D10*0.87 -> #REF! | E10: =ТЧК!E10*0.87 -> #REF! | F10: =ТЧК!F10*0.87 -> #REF! | G10: =ТЧК!G10*0.87 -> #REF! | H10: =ТЧК!H10*0.87 -> #REF! | I10: =ТЧК!I10*0.87 -> #REF! | ... AZ10: =ТЧК!AZ10*0.87 -> #REF!
A11: Семейный номер - с двуспальной кроватью и диваном
A12: 1 | B12: =ТЧК!B12*0.87 -> #REF! | C12: =ТЧК!C12*0.87 -> #REF! | D12: =ТЧК!D12*0.87 -> #REF! | E12: =ТЧК!E12*0.87 -> #REF! | F12: =ТЧК!F12*0.87 -> #REF! | G12: =ТЧК!G12*0.87 -> #REF! | H12: =ТЧК!H12*0.87 -> #REF! | I12: =ТЧК!I12*0.87 -> #REF! | ... AZ12: =ТЧК!AZ12*0.87 -> #REF!
A13: 2 | B13: =ТЧК!B13*0.87 -> #REF! | C13: =ТЧК!C13*0.87 -> #REF! | D13: =ТЧК!D13*0.87 -> #REF! | E13: =ТЧК!E13*0.87 -> #REF! | F13: =ТЧК!F13*0.87 -> #REF! | G13: =ТЧК!G13*0.87 -> #REF! | H13: =ТЧК!H13*0.87 -> #REF! | I13: =ТЧК!I13*0.87 -> #REF! | ... AZ13: =ТЧК!AZ13*0.87 -> #REF!
A14: Номер Люкс - с двуспальной кроватью, с 2 односпальными кроватями
A15: 1 | B15: =ТЧК!B15*0.87 -> #REF! | C15: =ТЧК!C15*0.87 -> #REF! | D15: =ТЧК!D15*0.87 -> #REF! | E15: =ТЧК!E15*0.87 -> #REF! | F15: =ТЧК!F15*0.87 -> #REF! | G15: =ТЧК!G15*0.87 -> #REF! | H15: =ТЧК!H15*0.87 -> #REF! | I15: =ТЧК!I15*0.87 -> #REF! | ... AZ15: =ТЧК!AZ15*0.87 -> #REF!
A16: 2 | B16: =ТЧК!B16*0.87 -> #REF! | C16: =ТЧК!C16*0.87 -> #REF! | D16: =ТЧК!D16*0.87 -> #REF! | E16: =ТЧК!E16*0.87 -> #REF! | F16: =ТЧК!F16*0.87 -> #REF! | G16: =ТЧК!G16*0.87 -> #REF! | H16: =ТЧК!H16*0.87 -> #REF! | I16: =ТЧК!I16*0.87 -> #REF! | ... AZ16: =ТЧК!AZ16*0.87 -> #REF!
A17: Представительский Люкс - с двуспальной кроватью, с 2 односпальными кроватями
A18: 1 | B18: =ТЧК!B18*0.87 -> #REF! | C18: =ТЧК!C18*0.87 -> #REF! | D18: =ТЧК!D18*0.87 -> #REF! | E18: =ТЧК!E18*0.87 -> #REF! | F18: =ТЧК!F18*0.87 -> #REF! | G18: =ТЧК!G18*0.87 -> #REF! | H18: =ТЧК!H18*0.87 -> #REF! | I18: =ТЧК!I18*0.87 -> #REF! | ... AZ18: =ТЧК!AZ18*0.87 -> #REF!
A19: 2 | B19: =ТЧК!B19*0.87 -> #REF! | C19: =ТЧК!C19*0.87 -> #REF! | D19: =ТЧК!D19*0.87 -> #REF! | E19: =ТЧК!E19*0.87 -> #REF! | F19: =ТЧК!F19*0.87 -> #REF! | G19: =ТЧК!G19*0.87 -> #REF! | H19: =ТЧК!H19*0.87 -> #REF! | I19: =ТЧК!I19*0.87 -> #REF! | ... AZ19: =ТЧК!AZ19*0.87 -> #REF!
A20: Даты тарифа (включительно):
A21: Период продажи: 17.06.2026 - 29.06.2026 Период проживания: 12.07.2026 - 31.08.2026
A22: Ограничения:
A23: Минимальный срок проживания - 2 ночи
A24: В стоимость включено:
A25: 🔸Скидка 20% на проживание в номере выбранной категории; 🔸Завтрак по системе "Шведский стол"; 🔸Посещение тренажерного зала отеля; 🔸Услуги парковки автомобиля на Поляне 960 (крытая и открытая парковка); 🔸Подъём по канатной дороге с Поляны 540 на Поляну 960; 🔸Бесплатный Wi-Fi на территории всего отеля; 🔸Прогулочный билет на все открытые канатные дороги для всех гостей в бронировании (предоставляется один раз во время проживания). 🔸Скидка 15% на меню в ресторане (-ах) отеля (на весь чек, на все время проживания)
A26: Условия аннуляции:
A27: В случае отмены или изменения бронирования после 00:00 часов дня заезда удерживается стоимость первых суток.
A28: Пропуск "Сочинский национальный парк":
A29: Территория Курорта Красная поляна является особо охраняемой природной территорией "Сочинский национальный парк". При подъёме выше отметки +960 и при прогулках по экотропам Курорта, вам необходимо оформить пропуск. *Детям дошкольного и школьного возраста, гостям пенсионного возраста - приобретают льготный билет (0Р) в кассе Сочинского национального парка, на высоте 960 Купить пропуск в национальный парк https://npsochi.ru/tickets/ Ознакомиться с правилами Сочинского национального парка https://npsochi.ru/rules/

Sheet ОиК FIT18+25
A1: Новотель Фит Красная Поляна 4*
A2: тариф ОТДЫХАЙ и КАТАЙ
A3: Нетто тарифы
A4: завтраки формата "Шведский стол"
A5: Стандартный номер, с двуспальной кроватью, с 2 односпальными кроватями
A6: 1
A7: 2
A8: Улучшенный номер, с балконом - с двуспальной кроватью, с 2 односпальными кроватями
A9: 1
A10: 2
A11: Семейный номер - с двуспальной кроватью и диваном
A12: 1
A13: 2
A14: Номер Люкс - с двуспальной кроватью, с 2 односпальными кроватями
A15: 1
A16: 2
A17: Представительский Люкс - с двуспальной кроватью, с 2 односпальными кроватями
A18: 1
A19: 2
A20: ВАЖНО:
A21: Дополнительно на каждый день проживания в стоимость заявки добавляются ски-пассы для каждого взрослого, стоимость: 09.01.2025 - 31.03.2026 включительно - 3500 рублей. 01.04.2026 - 09.05.2026 включительно - 2000 рублей. При размещении дополнительных гостей, также на каждый день проживания добавляются в стоимость заявки ски-пассы на каждого взрослого гостя: 09.01.2025 - 31.03.2026 включительно - 3500 рублей. 01.04.2026 - 09.05.2026 включительно - 2000 рублей.
A22: В Тravelline тариф выгружается с учетом стоимости ски-пассов на каждого взрослого в заявке. В заявки, направляемые вручную по почте, дополнительно на каждый день проживания в стоимость добавляется стоимость ски-пассов для каждого взрослого самостоятельно.
A23: Выдача электронного купона производится при заселении на стойке регистрации. Получить ски-пассы можно в автоматах (пикап-поинтах) у канатных дорог. Возврат средств за неиспользованные ски-пассы не производится. Тариф включает ски-пассы только для взрослых гостей. Детские ски-пассы приобретаются в кассе курорта или на стойке «Чем заняться» за 1 рубль.
A24: Даты тарифа:
A25: Период продажи: 31.10.2025 - 09.05.2026 Период проживания: 09.01.2026 - 10.05.2026
A26: В стоимость включено:
A27: Проживание в номере выбранной категории со скидкой 10%; Ски-пасс "Дневной взрослый" со скидкой 50% на весь период проживания (от открытой стоимости krasnayapolyanaresort.ru);* Посещение тренажерного зала; Подъём по канатной дороге с Поляны 540 на Поляну 960; Услуги парковки автомобиля на Поляне 960 (крытая и открытая парковка); Бесплатный Wi-Fi на территории всего отеля; Комната для хранения горнолыжного оборудования Дневные спортивные ски-пассы на взрослых гостей на курорт Красная Поляна согласно данным в бронировании, детские ски-пассы приобретаются отдельно. *Количество ски-пассов равно количеству ночей проживания
A28: Дополнительно в стоимость включено с 08.04.2026:
A29: Скидка 15% на все массажи и спа-процедуры во всех СПА Курорта (Mövenpick5*, Novotel Resort&Spa 5*, Rixos 5* и Marriott 5*, с 13.04.26 в отеле Panorama by Mercure 4*); Скидка 30% на меню и напитки ресторана «Вершина» (2200 м); Скидка 25% на разовый визит в СПА Novotel Resort&Spa 5* с открытым бассейном; Аренда малого банного комплекса с 9:00 до 11:00 (не более 5 гостей) - до 5 авторских процедур в подарок «Ритуал Воздуха» или «Сила Стихий»; Разовое посещение большого банного комплекса от 4 000р./взр и детский тариф со скидкой 50% от стоимости тарифа для взрослых (Посещение не входит в стоимость, оплачивается дополнительно). Подробная информация о предоставлении услуг в Службе поддержки Курорта: тел. 8 800 550 20 20 e-mail: infocenter@kpresort.ru. Услуги предложения действуют только в период проживания и предоставляются однократно, согласно условиям в купонной книге. Купонная книга выдается при заселении из расчета: 1 номер = 1 книга. Предложение ограничено и не комбинируется с другими действующими акциями отеля. НАО «Красная поляна» оставляет за собой право изменять услуги в составе пакета. Предоставление услуг может зависеть от высокой загрузки СПА и банного комплекса.
A30: Условия аннуляции:
A31: В случае отмены или изменения бронирования после 00:00 часов дня заезда удерживается стоимость первых суток.
... A33: Ежегодные регламентные работы на канатных дорогах курорта Красная Поляна пройдут с 16 марта по 24 июня 2026 года. С 10 по 31 мая будут закрыты канатные дороги Центрального сектора: («Красная Поляна» 540-960 м, «Реликтовый лес» 960-1460 м, «Вершина» 1460-2200 м, «Аибга» 2200-2050 м, «Черная Пирамида» 2050-2300 м). На время регламентных работ между уровнями 540-960 м будут курсировать шаттлы курорта. С 16 марта по 24 апреля будет закрыта канатная дорога Восточного сектора К‑13 «Водопад Поликаря. С 1 апреля по 24 апреля будут закрыты канатные дороги К‑10 «Восточный лес» и К‑12 «Старт чемпиона». К‑8 «Снежная звезда»: закрыта с 1 по 24 июня.

Sheet ТЧК FIT18+25
A1: Новотель Фит Красная Поляна 4*
A2: ТОЧКА ПРИТЯЖЕНИЯ
A3: Нетто тарифы
A4: завтраки формата "Шведский стол" | B4: 46215 | C4: 46216 | D4: 46217 | E4: 46218 | F4: 46219 | G4: 46220 | H4: 46221 | I4: 46222 | J4: 46223 | K4: 46224 | L4: 46225 | M4: 46226 | N4: 46227 | O4: 46228 | P4: 46229 | Q4: 46230 | R4: 46231 | S4: 46232 | T4: 46233 | U4: 46234 | V4: 46235 | W4: 46236 | X4: 46237 | Y4: 46238 | Z4: 46239 | AA4: 46240 | AB4: 46241 | AC4: 46242 | AD4: 46243 | AE4: 46244 | AF4: 46245 | AG4: 46246 | AH4: 46247 | AI4: 46248 | AJ4: 46249 | AK4: 46250 | AL4: 46251 | AM4: 46252 | AN4: 46253 | AO4: 46254 | AP4: 46255 | AQ4: 46256 | AR4: 46257 | AS4: 46258 | AT4: 46259 | AU4: 46260 | AV4: 46261 | AW4: 46262 | AX4: 46263 | AY4: 46264 | AZ4: 46265
A5: Стандартный номер, с двуспальной кроватью, с 2 односпальными кроватями
A6: 1 | B6: ='ТЧК FIT18'!B6+25 -> #REF! | C6: ='ТЧК FIT18'!C6+25 -> #REF! | D6: ='ТЧК FIT18'!D6+25 -> #REF! | E6: ='ТЧК FIT18'!E6+25 -> #REF! | F6: ='ТЧК FIT18'!F6+25 -> #REF! | G6: ='ТЧК FIT18'!G6+25 -> #REF! | H6: ='ТЧК FIT18'!H6+25 -> #REF! | I6: ='ТЧК FIT18'!I6+25 -> #REF! | ... AZ6: ='ТЧК FIT18'!AZ6+25 -> #REF!
A7: 2 | B7: ='ТЧК FIT18'!B7+25 -> #REF! | C7: ='ТЧК FIT18'!C7+25 -> #REF! | D7: ='ТЧК FIT18'!D7+25 -> #REF! | E7: ='ТЧК FIT18'!E7+25 -> #REF! | F7: ='ТЧК FIT18'!F7+25 -> #REF! | G7: ='ТЧК FIT18'!G7+25 -> #REF! | H7: ='ТЧК FIT18'!H7+25 -> #REF! | I7: ='ТЧК FIT18'!I7+25 -> #REF! | ... AZ7: ='ТЧК FIT18'!AZ7+25 -> #REF!
A8: Улучшенный номер, с балконом - с двуспальной кроватью, с 2 односпальными кроватями
A9: 1 | B9: ='ТЧК FIT18'!B9+25 -> #REF! | C9: ='ТЧК FIT18'!C9+25 -> #REF! | D9: ='ТЧК FIT18'!D9+25 -> #REF! | E9: ='ТЧК FIT18'!E9+25 -> #REF! | F9: ='ТЧК FIT18'!F9+25 -> #REF! | G9: ='ТЧК FIT18'!G9+25 -> #REF! | H9: ='ТЧК FIT18'!H9+25 -> #REF! | I9: ='ТЧК FIT18'!I9+25 -> #REF! | ... AZ9: ='ТЧК FIT18'!AZ9+25 -> #REF!
A10: 2 | B10: ='ТЧК FIT18'!B10+25 -> #REF! | C10: ='ТЧК FIT18'!C10+25 -> #REF! | D10: ='ТЧК FIT18'!D10+25 -> #REF! | E10: ='ТЧК FIT18'!E10+25 -> #REF! | F10: ='ТЧК FIT18'!F10+25 -> #REF! | G10: ='ТЧК FIT18'!G10+25 -> #REF! | H10: ='ТЧК FIT18'!H10+25 -> #REF! | I10: ='ТЧК FIT18'!I10+25 -> #REF! | ... AZ10: ='ТЧК FIT18'!AZ10+25 -> #REF!
A11: Семейный номер - с двуспальной кроватью и диваном
A12: 1 | B12: ='ТЧК FIT18'!B12+25 -> #REF! | C12: ='ТЧК FIT18'!C12+25 -> #REF! | D12: ='ТЧК FIT18'!D12+25 -> #REF! | E12: ='ТЧК FIT18'!E12+25 -> #REF! | F12: ='ТЧК FIT18'!F12+25 -> #REF! | G12: ='ТЧК FIT18'!G12+25 -> #REF! | H12: ='ТЧК FIT18'!H12+25 -> #REF! | I12: ='ТЧК FIT18'!I12+25 -> #REF! | ... AZ12: ='ТЧК FIT18'!AZ12+25 -> #REF!
A13: 2 | B13: ='ТЧК FIT18'!B13+25 -> #REF! | C13: ='ТЧК FIT18'!C13+25 -> #REF! | D13: ='ТЧК FIT18'!D13+25 -> #REF! | E13: ='ТЧК FIT18'!E13+25 -> #REF! | F13: ='ТЧК FIT18'!F13+25 -> #REF! | G13: ='ТЧК FIT18'!G13+25 -> #REF! | H13: ='ТЧК FIT18'!H13+25 -> #REF! | I13: ='ТЧК FIT18'!I13+25 -> #REF! | ... AZ13: ='ТЧК FIT18'!AZ13+25 -> #REF!
A14: Номер Люкс - с двуспальной кроватью, с 2 односпальными кроватями
A15: 1 | B15: ='ТЧК FIT18'!B15+25 -> #REF! | C15: ='ТЧК FIT18'!C15+25 -> #REF! | D15: ='ТЧК FIT18'!D15+25 -> #REF! | E15: ='ТЧК FIT18'!E15+25 -> #REF! | F15: ='ТЧК FIT18'!F15+25 -> #REF! | G15: ='ТЧК FIT18'!G15+25 -> #REF! | H15: ='ТЧК FIT18'!H15+25 -> #REF! | I15: ='ТЧК FIT18'!I15+25 -> #REF! | ... AZ15: ='ТЧК FIT18'!AZ15+25 -> #REF!
A16: 2 | B16: ='ТЧК FIT18'!B16+25 -> #REF! | C16: ='ТЧК FIT18'!C16+25 -> #REF! | D16: ='ТЧК FIT18'!D16+25 -> #REF! | E16: ='ТЧК FIT18'!E16+25 -> #REF! | F16: ='ТЧК FIT18'!F16+25 -> #REF! | G16: ='ТЧК FIT18'!G16+25 -> #REF! | H16: ='ТЧК FIT18'!H16+25 -> #REF! | I16: ='ТЧК FIT18'!I16+25 -> #REF! | ... AZ16: ='ТЧК FIT18'!AZ16+25 -> #REF!
A17: Представительский Люкс - с двуспальной кроватью, с 2 односпальными кроватями
A18: 1 | B18: ='ТЧК FIT18'!B18+25 -> #REF! | C18: ='ТЧК FIT18'!C18+25 -> #REF! | D18: ='ТЧК FIT18'!D18+25 -> #REF! | E18: ='ТЧК FIT18'!E18+25 -> #REF! | F18: ='ТЧК FIT18'!F18+25 -> #REF! | G18: ='ТЧК FIT18'!G18+25 -> #REF! | H18: ='ТЧК FIT18'!H18+25 -> #REF! | I18: ='ТЧК FIT18'!I18+25 -> #REF! | ... AZ18: ='ТЧК FIT18'!AZ18+25 -> #REF!
A19: 2 | B19: ='ТЧК FIT18'!B19+25 -> #REF! | C19: ='ТЧК FIT18'!C19+25 -> #REF! | D19: ='ТЧК FIT18'!D19+25 -> #REF! | E19: ='ТЧК FIT18'!E19+25 -> #REF! | F19: ='ТЧК FIT18'!F19+25 -> #REF! | G19: ='ТЧК FIT18'!G19+25 -> #REF! | H19: ='ТЧК FIT18'!H19+25 -> #REF! | I19: ='ТЧК FIT18'!I19+25 -> #REF! | ... AZ19: ='ТЧК FIT18'!AZ19+25 -> #REF!
A20: Даты тарифа (включительно):
A21: Период продажи: 17.06.2026 - 29.06.2026 Период проживания: 12.07.2026 - 31.08.2026
A22: Ограничения:
A23: Минимальный срок проживания - 2 ночи
A24: В стоимость включено:
A25: 🔸Скидка 20% на проживание в номере выбранной категории; 🔸Завтрак по системе "Шведский стол"; 🔸Посещение тренажерного зала отеля; 🔸Услуги парковки автомобиля на Поляне 960 (крытая и открытая парковка); 🔸Подъём по канатной дороге с Поляны 540 на Поляну 960; 🔸Бесплатный Wi-Fi на территории всего отеля; 🔸Прогулочный билет на все открытые канатные дороги для всех гостей в бронировании (предоставляется один раз во время проживания). 🔸Скидка 15% на меню в ресторане (-ах) отеля (на весь чек, на все время проживания)
A26: Условия аннуляции:
A27: В случае отмены или изменения бронирования после 00:00 часов дня заезда удерживается стоимость первых суток.
A28: Пропуск "Сочинский национальный парк":
A29: Территория Курорта Красная поляна является особо охраняемой природной территорией "Сочинский национальный парк". При подъёме выше отметки +960 и при прогулках по экотропам Курорта, вам необходимо оформить пропуск. *Детям дошкольного и школьного возраста, гостям пенсионного возраста - приобретают льготный билет (0Р) в кассе Сочинского национального парка, на высоте 960 Купить пропуск в национальный парк https://npsochi.ru/tickets/ Ознакомиться с правилами Сочинского национального парка https://npsochi.ru/rules/

Sheet ОиК FIT20
A1: Новотель Фит Красная Поляна 4*
A2: тариф ОТДЫХАЙ и КАТАЙ
A3: Нетто тарифы
A4: завтраки формата "Шведский стол"
A5: Стандартный номер, с двуспальной кроватью, с 2 односпальными кроватями
A6: 1
A7: 2
A8: Улучшенный номер, с балконом - с двуспальной кроватью, с 2 односпальными кроватями
A9: 1
A10: 2
A11: Семейный номер - с двуспальной кроватью и диваном
A12: 1
A13: 2
A14: Номер Люкс - с двуспальной кроватью, с 2 односпальными кроватями
A15: 1
A16: 2
A17: Представительский Люкс - с двуспальной кроватью, с 2 односпальными кроватями
A18: 1
A19: 2
A20: ВАЖНО:
A21: Дополнительно на каждый день проживания в стоимость заявки добавляются ски-пассы для каждого взрослого, стоимость: 09.01.2025 - 31.03.2026 включительно - 3500 рублей. 01.04.2026 - 09.05.2026 включительно - 2000 рублей. При размещении дополнительных гостей, также на каждый день проживания добавляются в стоимость заявки ски-пассы на каждого взрослого гостя: 09.01.2025 - 31.03.2026 включительно - 3500 рублей. 01.04.2026 - 09.05.2026 включительно - 2000 рублей.
A22: В Тravelline тариф выгружается с учетом стоимости ски-пассов на каждого взрослого в заявке. В заявки, направляемые вручную по почте, дополнительно на каждый день проживания в стоимость добавляется стоимость ски-пассов для каждого взрослого самостоятельно.
A23: Выдача электронного купона производится при заселении на стойке регистрации. Получить ски-пассы можно в автоматах (пикап-поинтах) у канатных дорог. Возврат средств за неиспользованные ски-пассы не производится. Тариф включает ски-пассы только для взрослых гостей. Детские ски-пассы приобретаются в кассе курорта или на стойке «Чем заняться» за 1 рубль.
A24: Даты тарифа:
A25: Период продажи: 31.10.2025 - 09.05.2026 Период проживания: 09.01.2026 - 10.05.2026
A26: В стоимость включено:
A27: Проживание в номере выбранной категории со скидкой 10%; Ски-пасс "Дневной взрослый" со скидкой 50% на весь период проживания (от открытой стоимости krasnayapolyanaresort.ru);* Посещение тренажерного зала; Подъём по канатной дороге с Поляны 540 на Поляну 960; Услуги парковки автомобиля на Поляне 960 (крытая и открытая парковка); Бесплатный Wi-Fi на территории всего отеля; Комната для хранения горнолыжного оборудования Дневные спортивные ски-пассы на взрослых гостей на курорт Красная Поляна согласно данным в бронировании, детские ски-пассы приобретаются отдельно. *Количество ски-пассов равно количеству ночей проживания
A28: Дополнительно в стоимость включено с 08.04.2026:
A29: Скидка 15% на все массажи и спа-процедуры во всех СПА Курорта (Mövenpick5*, Novotel Resort&Spa 5*, Rixos 5* и Marriott 5*, с 13.04.26 в отеле Panorama by Mercure 4*); Скидка 30% на меню и напитки ресторана «Вершина» (2200 м); Скидка 25% на разовый визит в СПА Novotel Resort&Spa 5* с открытым бассейном; Аренда малого банного комплекса с 9:00 до 11:00 (не более 5 гостей) - до 5 авторских процедур в подарок «Ритуал Воздуха» или «Сила Стихий»; Разовое посещение большого банного комплекса от 4 000р./взр и детский тариф со скидкой 50% от стоимости тарифа для взрослых (Посещение не входит в стоимость, оплачивается дополнительно). Подробная информация о предоставлении услуг в Службе поддержки Курорта: тел. 8 800 550 20 20 e-mail: infocenter@kpresort.ru. Услуги предложения действуют только в период проживания и предоставляются однократно, согласно условиям в купонной книге. Купонная книга выдается при заселении из расчета: 1 номер = 1 книга. Предложение ограничено и не комбинируется с другими действующими акциями отеля. НАО «Красная поляна» оставляет за собой право изменять услуги в составе пакета. Предоставление услуг может зависеть от высокой загрузки СПА и банного комплекса.
A30: Условия аннуляции:
A31: В случае отмены или изменения бронирования после 00:00 часов дня заезда удерживается стоимость первых суток.
... A33: Ежегодные регламентные работы на канатных дорогах курорта Красная Поляна пройдут с 16 марта по 24 июня 2026 года. С 10 по 31 мая будут закрыты канатные дороги Центрального сектора: («Красная Поляна» 540-960 м, «Реликтовый лес» 960-1460 м, «Вершина» 1460-2200 м, «Аибга» 2200-2050 м, «Черная Пирамида» 2050-2300 м). На время регламентных работ между уровнями 540-960 м будут курсировать шаттлы курорта. С 16 марта по 24 апреля будет закрыта канатная дорога Восточного сектора К‑13 «Водопад Поликаря. С 1 апреля по 24 апреля будут закрыты канатные дороги К‑10 «Восточный лес» и К‑12 «Старт чемпиона». К‑8 «Снежная звезда»: закрыта с 1 по 24 июня.

Sheet 3=4| FIT15
A1: Новотель Красная Поляна 4*/ Novotel Krasnaya Polyana 4*
A2: Специальный тариф "4=3"
A4: Открытые тарифы/ Open rates
A5: C завтраками/ Bed and breakfast | B5: =#REF! -> #REF! | C5: =#REF! -> #REF!
B6: =#REF! -> #REF! | C6: =#REF! -> #REF!
A7: Стандарт с одной большой кроватью/с двумя раздельными кроватями/ Standart (king, twin)
A8: 1 | B8: =#REF! -> #REF! | C8: =#REF! -> #REF!
A9: 2 | B9: =#REF! -> #REF! | C9: =#REF! -> #REF!
A10: Супериор с одной большой кроватью/с двумя раздельными кроватями с балконом / Superior (king, twin)
A11: 1 | B11: =#REF! -> #REF! | C11: =#REF! -> #REF!
A12: 2 | B12: =#REF! -> #REF! | C12: =#REF! -> #REF!
A13: Люкс Джуниор / Junior Suite
A14: 1 | B14: =#REF! -> #REF! | C14: =#REF! -> #REF!
A15: 2 | B15: =#REF! -> #REF! | C15: =#REF! -> #REF!
A16: Люкс c двуспальной кроватью / двумя раздельными кроватями / Suite King /Twin
A17: 1 | B17: =#REF! -> #REF! | C17: =#REF! -> #REF!
A18: 2 | B18: =#REF! -> #REF! | C18: =#REF! -> #REF!
A19: Улучшенный Люкс c двуспальной крватью / двумя раздельными кроватями/ Superior Suite King /Twin
A20: 1 | B20: =#REF! -> #REF! | C20: =#REF! -> #REF!
A21: 2 | B21: =#REF! -> #REF! | C21: =#REF! -> #REF!
A23: Нетто тарифы/ Net rates
A24: C завтраками/ Bed and breakfast | B24: =B5 -> #REF! | C24: =C5 -> #REF!
B25: =B6 -> #REF! | C25: =C6 -> #REF!
A26: Стандарт с одной большой кроватью/с двумя раздельными кроватями/ Standart (king, twin)
A27: 1 | B27: =ROUNDUP(B8*0.9,) -> #REF! | C27: =ROUNDUP(C8*0.9,) -> #REF!
A28: 2 | B28: =ROUNDUP(B9*0.9,) -> #REF! | C28: =ROUNDUP(C9*0.9,) -> #REF!
A29: Супериор с одной большой кроватью/с двумя раздельными кроватями с балконом / Superior (king, twin)
A30: 1 | B30: =ROUNDUP(B11*0.9,) -> #REF! | C30: =ROUNDUP(C11*0.9,) -> #REF!
A31: 2 | B31: =ROUNDUP(B12*0.9,) -> #REF! | C31: =ROUNDUP(C12*0.9,) -> #REF!
A32: Люкс Джуниор / Junior Suite
A33: 1 | B33: =ROUNDUP(B14*0.9,) -> #REF! | C33: =ROUNDUP(C14*0.9,) -> #REF!
A34: 2 | B34: =ROUNDUP(B15*0.9,) -> #REF! | C34: =ROUNDUP(C15*0.9,) -> #REF!
A35: Люкс c двуспальной кроватью / двумя раздельными кроватями / Suite King /Twin
A36: 1 | B36: =ROUNDUP(B17*0.9,) -> #REF! | C36: =ROUNDUP(C17*0.9,) -> #REF!
A37: 2 | B37: =ROUNDUP(B18*0.9,) -> #REF! | C37: =ROUNDUP(C18*0.9,) -> #REF!
A38: Улучшенный Люкс c двуспальной крватью / двумя раздельными кроватями/ Superior Suite King /Twin
A39: 1 | B39: =ROUNDUP(B20*0.9,) -> #REF! | C39: =ROUNDUP(C20*0.9,) -> #REF!
A40: 2 | B40: =ROUNDUP(B21*0.9,) -> #REF! | C40: =ROUNDUP(C21*0.9,) -> #REF!
A43: В стоимость включено/ Rates include:
A44: Бесплатный беспроводной интернет на всей территории отеля/ Wi-Fi;
A45: Чай/кофе, вода в номера/tea and coffee in the room;
A46: Подъем до уровня +960 м./ Free of charge access to a cable car "Krasnaya Polyana" К-1 (Polyana 540 - Polyana 960);
A47: в том числе НДС, предусмотренный НК РФ
A49: Условия аннуляции/ Cancellation policy:
A50: Бронирование может быть отменено без штрафных санкций за 24 часа до заезда. Отмена после указанного времени – штраф в размере стоимости первой ночи проживания. The reservation can be canceled without penalty up to 24 hours before arrival. Cancellation after the specified time - a penalty - the cost of the first night of stay.
A51: Условия / Conditions:
A52: Период бронирования: 18.10.2023-22.12.2023 / Period of sales: 18.10.2023-22.12.2023
A53: Период проживания: 06.11.2023-25.12.2023 / Period of stay: 06.11.2023-25.12.2023
A55: Ограничения / Restrictions
A56: Минимальное количество ночей проживания: 4 ночи / Minimum stay 4 nights
A57: Максимальное количество ночей проживания: 4 ночи / Maximum stay 4 nights

Sheet 3=4| FIT18
A1: Новотель Красная Поляна 4*/ Novotel Krasnaya Polyana 4*
A2: Специальный тариф "4=3"
A4: Открытые тарифы/ Open rates
A5: C завтраками/ Bed and breakfast | B5: =#REF! -> #REF! | C5: =#REF! -> #REF!
B6: =#REF! -> #REF! | C6: =#REF! -> #REF!
A7: Стандарт с одной большой кроватью/с двумя раздельными кроватями/ Standart (king, twin)
A8: 1 | B8: =#REF! -> #REF! | C8: =#REF! -> #REF!
A9: 2 | B9: =#REF! -> #REF! | C9: =#REF! -> #REF!
A10: Супериор с одной большой кроватью/с двумя раздельными кроватями с балконом / Superior (king, twin)
A11: 1 | B11: =#REF! -> #REF! | C11: =#REF! -> #REF!
A12: 2 | B12: =#REF! -> #REF! | C12: =#REF! -> #REF!
A13: Люкс Джуниор / Junior Suite
A14: 1 | B14: =#REF! -> #REF! | C14: =#REF! -> #REF!
A15: 2 | B15: =#REF! -> #REF! | C15: =#REF! -> #REF!
A16: Люкс c двуспальной кроватью / двумя раздельными кроватями / Suite King /Twin
A17: 1 | B17: =#REF! -> #REF! | C17: =#REF! -> #REF!
A18: 2 | B18: =#REF! -> #REF! | C18: =#REF! -> #REF!
A19: Улучшенный Люкс c двуспальной крватью / двумя раздельными кроватями/ Superior Suite King /Twin
A20: 1 | B20: =#REF! -> #REF! | C20: =#REF! -> #REF!
A21: 2 | B21: =#REF! -> #REF! | C21: =#REF! -> #REF!
A23: Нетто тарифы/ Net rates
A24: C завтраками/ Bed and breakfast | B24: =B5 -> #REF! | C24: =C5 -> #REF!
B25: =B6 -> #REF! | C25: =C6 -> #REF!
A26: Стандарт с одной большой кроватью/с двумя раздельными кроватями/ Standart (king, twin)
A27: 1 | B27: =ROUNDUP(B8*0.87,) -> #REF! | C27: =ROUNDUP(C8*0.87,) -> #REF!
A28: 2 | B28: =ROUNDUP(B9*0.87,) -> #REF! | C28: =ROUNDUP(C9*0.87,) -> #REF!
A29: Супериор с одной большой кроватью/с двумя раздельными кроватями с балконом / Superior (king, twin)
A30: 1 | B30: =ROUNDUP(B11*0.87,) -> #REF! | C30: =ROUNDUP(C11*0.87,) -> #REF!
A31: 2 | B31: =ROUNDUP(B12*0.87,) -> #REF! | C31: =ROUNDUP(C12*0.87,) -> #REF!
A32: Люкс Джуниор / Junior Suite
A33: 1 | B33: =ROUNDUP(B14*0.87,) -> #REF! | C33: =ROUNDUP(C14*0.87,) -> #REF!
A34: 2 | B34: =ROUNDUP(B15*0.87,) -> #REF! | C34: =ROUNDUP(C15*0.87,) -> #REF!
A35: Люкс c двуспальной кроватью / двумя раздельными кроватями / Suite King /Twin
A36: 1 | B36: =ROUNDUP(B17*0.87,) -> #REF! | C36: =ROUNDUP(C17*0.87,) -> #REF!
A37: 2 | B37: =ROUNDUP(B18*0.87,) -> #REF! | C37: =ROUNDUP(C18*0.87,) -> #REF!
A38: Улучшенный Люкс c двуспальной крватью / двумя раздельными кроватями/ Superior Suite King /Twin
A39: 1 | B39: =ROUNDUP(B20*0.87,) -> #REF! | C39: =ROUNDUP(C20*0.87,) -> #REF!
A40: 2 | B40: =ROUNDUP(B21*0.87,) -> #REF! | C40: =ROUNDUP(C21*0.87,) -> #REF!
A43: В стоимость включено/ Rates include:
A44: Бесплатный беспроводной интернет на всей территории отеля/ Wi-Fi;
A45: Чай/кофе, вода в номера/tea and coffee in the room;
A46: Подъем до уровня +960 м./ Free of charge access to a cable car "Krasnaya Polyana" К-1 (Polyana 540 - Polyana 960);
A47: в том числе НДС, предусмотренный НК РФ
A49: Условия аннуляции/ Cancellation policy:
A50: Бронирование может быть отменено без штрафных санкций за 24 часа до заезда. Отмена после указанного времени – штраф в размере стоимости первой ночи проживания. The reservation can be canceled without penalty up to 24 hours before arrival. Cancellation after the specified time - a penalty - the cost of the first night of stay.
A51: Условия / Conditions:
A52: Период бронирования: 18.10.2023-22.12.2023 / Period of sales: 18.10.2023-22.12.2023
A53: Период проживания: 06.11.2023-25.12.2023 / Period of stay: 06.11.2023-25.12.2023
A55: Ограничения / Restrictions
A56: Минимальное количество ночей проживания: 4 ночи / Minimum stay 4 nights
A57: Максимальное количество ночей проживания: 4 ночи / Maximum stay 4 nights

Sheet ТЧК FIT20
A1: Новотель Фит Красная Поляна 4*
A2: ТОЧКА ПРИТЯЖЕНИЯ
A3: Нетто тарифы
A4: завтраки формата "Шведский стол" | B4: 46215 | C4: 46216 | D4: 46217 | E4: 46218 | F4: 46219 | G4: 46220 | H4: 46221 | I4: 46222 | J4: 46223 | K4: 46224 | L4: 46225 | M4: 46226 | N4: 46227 | O4: 46228 | P4: 46229 | Q4: 46230 | R4: 46231 | S4: 46232 | T4: 46233 | U4: 46234 | V4: 46235 | W4: 46236 | X4: 46237 | Y4: 46238 | Z4: 46239 | AA4: 46240 | AB4: 46241 | AC4: 46242 | AD4: 46243 | AE4: 46244 | AF4: 46245 | AG4: 46246 | AH4: 46247 | AI4: 46248 | AJ4: 46249 | AK4: 46250 | AL4: 46251 | AM4: 46252 | AN4: 46253 | AO4: 46254 | AP4: 46255 | AQ4: 46256 | AR4: 46257 | AS4: 46258 | AT4: 46259 | AU4: 46260 | AV4: 46261 | AW4: 46262 | AX4: 46263 | AY4: 46264 | AZ4: 46265
A5: Стандартный номер, с двуспальной кроватью, с 2 односпальными кроватями
A6: 1 | B6: =ТЧК!B6*0.85 -> #REF! | C6: =ТЧК!C6*0.85 -> #REF! | D6: =ТЧК!D6*0.85 -> #REF! | E6: =ТЧК!E6*0.85 -> #REF! | F6: =ТЧК!F6*0.85 -> #REF! | G6: =ТЧК!G6*0.85 -> #REF! | H6: =ТЧК!H6*0.85 -> #REF! | I6: =ТЧК!I6*0.85 -> #REF! | ... AZ6: =ТЧК!AZ6*0.85 -> #REF!
A7: 2 | B7: =ТЧК!B7*0.85 -> #REF! | C7: =ТЧК!C7*0.85 -> #REF! | D7: =ТЧК!D7*0.85 -> #REF! | E7: =ТЧК!E7*0.85 -> #REF! | F7: =ТЧК!F7*0.85 -> #REF! | G7: =ТЧК!G7*0.85 -> #REF! | H7: =ТЧК!H7*0.85 -> #REF! | I7: =ТЧК!I7*0.85 -> #REF! | ... AZ7: =ТЧК!AZ7*0.85 -> #REF!
A8: Улучшенный номер, с балконом - с двуспальной кроватью, с 2 односпальными кроватями
A9: 1 | B9: =ТЧК!B9*0.85 -> #REF! | C9: =ТЧК!C9*0.85 -> #REF! | D9: =ТЧК!D9*0.85 -> #REF! | E9: =ТЧК!E9*0.85 -> #REF! | F9: =ТЧК!F9*0.85 -> #REF! | G9: =ТЧК!G9*0.85 -> #REF! | H9: =ТЧК!H9*0.85 -> #REF! | I9: =ТЧК!I9*0.85 -> #REF! | ... AZ9: =ТЧК!AZ9*0.85 -> #REF!
A10: 2 | B10: =ТЧК!B10*0.85 -> #REF! | C10: =ТЧК!C10*0.85 -> #REF! | D10: =ТЧК!D10*0.85 -> #REF! | E10: =ТЧК!E10*0.85 -> #REF! | F10: =ТЧК!F10*0.85 -> #REF! | G10: =ТЧК!G10*0.85 -> #REF! | H10: =ТЧК!H10*0.85 -> #REF! | I10: =ТЧК!I10*0.85 -> #REF! | ... AZ10: =ТЧК!AZ10*0.85 -> #REF!
A11: Семейный номер - с двуспальной кроватью и диваном
A12: 1 | B12: =ТЧК!B12*0.85 -> #REF! | C12: =ТЧК!C12*0.85 -> #REF! | D12: =ТЧК!D12*0.85 -> #REF! | E12: =ТЧК!E12*0.85 -> #REF! | F12: =ТЧК!F12*0.85 -> #REF! | G12: =ТЧК!G12*0.85 -> #REF! | H12: =ТЧК!H12*0.85 -> #REF! | I12: =ТЧК!I12*0.85 -> #REF! | ... AZ12: =ТЧК!AZ12*0.85 -> #REF!
A13: 2 | B13: =ТЧК!B13*0.85 -> #REF! | C13: =ТЧК!C13*0.85 -> #REF! | D13: =ТЧК!D13*0.85 -> #REF! | E13: =ТЧК!E13*0.85 -> #REF! | F13: =ТЧК!F13*0.85 -> #REF! | G13: =ТЧК!G13*0.85 -> #REF! | H13: =ТЧК!H13*0.85 -> #REF! | I13: =ТЧК!I13*0.85 -> #REF! | ... AZ13: =ТЧК!AZ13*0.85 -> #REF!
A14: Номер Люкс - с двуспальной кроватью, с 2 односпальными кроватями
A15: 1 | B15: =ТЧК!B15*0.85 -> #REF! | C15: =ТЧК!C15*0.85 -> #REF! | D15: =ТЧК!D15*0.85 -> #REF! | E15: =ТЧК!E15*0.85 -> #REF! | F15: =ТЧК!F15*0.85 -> #REF! | G15: =ТЧК!G15*0.85 -> #REF! | H15: =ТЧК!H15*0.85 -> #REF! | I15: =ТЧК!I15*0.85 -> #REF! | ... AZ15: =ТЧК!AZ15*0.85 -> #REF!
A16: 2 | B16: =ТЧК!B16*0.85 -> #REF! | C16: =ТЧК!C16*0.85 -> #REF! | D16: =ТЧК!D16*0.85 -> #REF! | E16: =ТЧК!E16*0.85 -> #REF! | F16: =ТЧК!F16*0.85 -> #REF! | G16: =ТЧК!G16*0.85 -> #REF! | H16: =ТЧК!H16*0.85 -> #REF! | I16: =ТЧК!I16*0.85 -> #REF! | ... AZ16: =ТЧК!AZ16*0.85 -> #REF!
A17: Представительский Люкс - с двуспальной кроватью, с 2 односпальными кроватями
A18: 1 | B18: =ТЧК!B18*0.85 -> #REF! | C18: =ТЧК!C18*0.85 -> #REF! | D18: =ТЧК!D18*0.85 -> #REF! | E18: =ТЧК!E18*0.85 -> #REF! | F18: =ТЧК!F18*0.85 -> #REF! | G18: =ТЧК!G18*0.85 -> #REF! | H18: =ТЧК!H18*0.85 -> #REF! | I18: =ТЧК!I18*0.85 -> #REF! | ... AZ18: =ТЧК!AZ18*0.85 -> #REF!
A19: 2 | B19: =ТЧК!B19*0.85 -> #REF! | C19: =ТЧК!C19*0.85 -> #REF! | D19: =ТЧК!D19*0.85 -> #REF! | E19: =ТЧК!E19*0.85 -> #REF! | F19: =ТЧК!F19*0.85 -> #REF! | G19: =ТЧК!G19*0.85 -> #REF! | H19: =ТЧК!H19*0.85 -> #REF! | I19: =ТЧК!I19*0.85 -> #REF! | ... AZ19: =ТЧК!AZ19*0.85 -> #REF!
A20: Даты тарифа (включительно):
A21: Период продажи: 17.06.2026 - 29.06.2026 Период проживания: 12.07.2026 - 31.08.2026
A22: Ограничения:
A23: Минимальный срок проживания - 2 ночи
A24: В стоимость включено:
A25: 🔸Скидка 20% на проживание в номере выбранной категории; 🔸Завтрак по системе "Шведский стол"; 🔸Посещение тренажерного зала отеля; 🔸Услуги парковки автомобиля на Поляне 960 (крытая и открытая парковка); 🔸Подъём по канатной дороге с Поляны 540 на Поляну 960; 🔸Бесплатный Wi-Fi на территории всего отеля; 🔸Прогулочный билет на все открытые канатные дороги для всех гостей в бронировании (предоставляется один раз во время проживания). 🔸Скидка 15% на меню в ресторане (-ах) отеля (на весь чек, на все время проживания)
A26: Условия аннуляции:
A27: В случае отмены или изменения бронирования после 00:00 часов дня заезда удерживается стоимость первых суток.
A28: Пропуск "Сочинский национальный парк":
A29: Территория Курорта Красная поляна является особо охраняемой природной территорией "Сочинский национальный парк". При подъёме выше отметки +960 и при прогулках по экотропам Курорта, вам необходимо оформить пропуск. *Детям дошкольного и школьного возраста, гостям пенсионного возраста - приобретают льготный билет (0Р) в кассе Сочинского национального парка, на высоте 960 Купить пропуск в национальный парк https://npsochi.ru/tickets/ Ознакомиться с правилами Сочинского национального парка https://npsochi.ru/rules/

Sheet Наполни своё лето| comiss
A1: Новотель Фит Красная Поляна 4*/ Novotel Fit Krasnaya Polyana 4*
A3: Специальный тариф "Наполни своё лето" / Special offer "Fill up your summer"
A4: Открытые тарифы/ Open rates
A5: C завтраками/ Bed and breakfast | B5: =BAR!#REF! -> #REF! | C5: =BAR!#REF! -> #REF! | D5: =BAR!#REF! -> #REF!
B6: =BAR!#REF! -> #REF! | C6: =BAR!#REF! -> #REF! | D6: =BAR!#REF! -> #REF!
A7: Стандарт с одной большой кроватью/с двумя раздельными кроватями/ Standart (king, twin)
A8: 1 | B8: =BAR!#REF!*0.9 -> #REF! | C8: =BAR!#REF!*0.9 -> #REF! | D8: =BAR!#REF!*0.9 -> #REF!
A9: 2 | B9: =BAR!#REF!*0.9 -> #REF! | C9: =BAR!#REF!*0.9 -> #REF! | D9: =BAR!#REF!*0.9 -> #REF!
A10: Супериор с одной большой кроватью/с двумя раздельными кроватями с балконом / Superior (king, twin)
A11: 1 | B11: =BAR!#REF!*0.9 -> #REF! | C11: =BAR!#REF!*0.9 -> #REF! | D11: =BAR!#REF!*0.9 -> #REF!
A12: 2 | B12: =BAR!#REF!*0.9 -> #REF! | C12: =BAR!#REF!*0.9 -> #REF! | D12: =BAR!#REF!*0.9 -> #REF!
A13: Люкс Джуниор / Junior Suite
A14: 1 | B14: =BAR!#REF!*0.9 -> #REF! | C14: =BAR!#REF!*0.9 -> #REF! | D14: =BAR!#REF!*0.9 -> #REF!
A15: 2 | B15: =BAR!#REF!*0.9 -> #REF! | C15: =BAR!#REF!*0.9 -> #REF! | D15: =BAR!#REF!*0.9 -> #REF!
A16: Люкс c двуспальной кроватью / двумя раздельными кроватями / Suite King /Twin
A17: 1 | B17: =BAR!#REF!*0.9 -> #REF! | C17: =BAR!#REF!*0.9 -> #REF! | D17: =BAR!#REF!*0.9 -> #REF!
A18: 2 | B18: =BAR!#REF!*0.9 -> #REF! | C18: =BAR!#REF!*0.9 -> #REF! | D18: =BAR!#REF!*0.9 -> #REF!
A19: Улучшенный Люкс c двуспальной крватью / двумя раздельными кроватями/ Superior Suite King /Twin
A20: 1 | B20: =BAR!#REF!*0.9 -> #REF! | C20: =BAR!#REF!*0.9 -> #REF! | D20: =BAR!#REF!*0.9 -> #REF!
A21: 2 | B21: =BAR!#REF!*0.9 -> #REF! | C21: =BAR!#REF!*0.9 -> #REF! | D21: =BAR!#REF!*0.9 -> #REF!
A23: Дополнительно ЕДИНОРАЗОВО в стоимость заявки добавляются прогулочные ски-пассы за каждого взрослого гостя (возраст от 16 лет), стоимость - 2300 руб. за гостя. При размещении дополнительных гостей, также ЕДИНОРАЗОВО добавляются в стоимость заявки прогулочные ски-пассы на каждого взрослого гостя - 2300 руб. Стоимость прогулочных ски-пассов на всех взрослых просим сразу добавлять в заявку. / Extra pay for ski-passes per every adult at once (ages from 16 y.o. and up). Cost - 2300 rub per adult. The cost of the ski-passes for each guest (at extra bed) is also added - 2300 rub per adult (ages from 16 y.o. and up). Please, add the cost of ski-passes for all adults to the application immediately.
A24: Условия/ Conditions:
A25: Период продажи: 04.04.2025 - 29.09.2025 / Period of sales: 04.04.2025 - 29.09.2025
A26: Период проживания: 01.06.2025 - 30.09.2025 ​/ Period of stay: 01.06.2025 - 30.09.2025
A28: В стоимость включено/ Rates include:
A29: Бесплатный беспроводной интернет на всей территории отеля/ Wi-Fi;
A30: Завтрак Шведский стол
A31: Чай/кофе, вода в номера/tea and coffee in the room;
A32: Подъем до уровня +960 м./ Free of charge access to a cable car "Krasnaya Polyana" К-1 (Polyana 540 - Polyana 960);
A33: в том числе НДС, предусмотренный НК РФ
A34: Парковка на Поляне 960
A37: В предложение «Наполни свое лето» входят бесплатно (* условия предоставления услуг подробно представлены в купонной книге) / The offer "Fill up your summer" includes free of charge (* terms of services are detailed in the coupon book):
... A53: the reservation can be canceled without penalty up to 24 hours before arrival. Cancellation after the specified time - a penalty - the cost of the first night of stay.

Sheet Наполни своё лето | FIT20
A1: Новотель Фит Красная Поляна 4*/ Novotel Fit Krasnaya Polyana 4*
A3: Специальный тариф "Наполни своё лето" / Special offer "Fill up your summer"
A4: Открытые тарифы/ Open rates
A5: C завтраками/ Bed and breakfast | B5: ='Наполни своё лето| comiss'!B5 -> #REF! | C5: ='Наполни своё лето| comiss'!C5 -> #REF! | D5: ='Наполни своё лето| comiss'!D5 -> #REF!
B6: ='Наполни своё лето| comiss'!B6 -> #REF! | C6: ='Наполни своё лето| comiss'!C6 -> #REF! | D6: ='Наполни своё лето| comiss'!D6 -> #REF!
A7: Стандарт с одной большой кроватью/с двумя раздельными кроватями/ Standart (king, twin)
A8: 1 | B8: ='Наполни своё лето| comiss'!B8 -> #REF! | C8: ='Наполни своё лето| comiss'!C8 -> #REF! | D8: ='Наполни своё лето| comiss'!D8 -> #REF!
A9: 2 | B9: ='Наполни своё лето| comiss'!B9 -> #REF! | C9: ='Наполни своё лето| comiss'!C9 -> #REF! | D9: ='Наполни своё лето| comiss'!D9 -> #REF!
A10: Супериор с одной большой кроватью/с двумя раздельными кроватями с балконом / Superior (king, twin)
A11: 1 | B11: ='Наполни своё лето| comiss'!B11 -> #REF! | C11: ='Наполни своё лето| comiss'!C11 -> #REF! | D11: ='Наполни своё лето| comiss'!D11 -> #REF!
A12: 2 | B12: ='Наполни своё лето| comiss'!B12 -> #REF! | C12: ='Наполни своё лето| comiss'!C12 -> #REF! | D12: ='Наполни своё лето| comiss'!D12 -> #REF!
A13: Люкс Джуниор / Junior Suite
A14: 1 | B14: ='Наполни своё лето| comiss'!B14 -> #REF! | C14: ='Наполни своё лето| comiss'!C14 -> #REF! | D14: ='Наполни своё лето| comiss'!D14 -> #REF!
A15: 2 | B15: ='Наполни своё лето| comiss'!B15 -> #REF! | C15: ='Наполни своё лето| comiss'!C15 -> #REF! | D15: ='Наполни своё лето| comiss'!D15 -> #REF!
A16: Люкс c двуспальной кроватью / двумя раздельными кроватями / Suite King /Twin
A17: 1 | B17: ='Наполни своё лето| comiss'!B17 -> #REF! | C17: ='Наполни своё лето| comiss'!C17 -> #REF! | D17: ='Наполни своё лето| comiss'!D17 -> #REF!
A18: 2 | B18: ='Наполни своё лето| comiss'!B18 -> #REF! | C18: ='Наполни своё лето| comiss'!C18 -> #REF! | D18: ='Наполни своё лето| comiss'!D18 -> #REF!
A19: Улучшенный Люкс c двуспальной крватью / двумя раздельными кроватями/ Superior Suite King /Twin
A20: 1 | B20: ='Наполни своё лето| comiss'!B20 -> #REF! | C20: ='Наполни своё лето| comiss'!C20 -> #REF! | D20: ='Наполни своё лето| comiss'!D20 -> #REF!
A21: 2 | B21: ='Наполни своё лето| comiss'!B21 -> #REF! | C21: ='Наполни своё лето| comiss'!C21 -> #REF! | D21: ='Наполни своё лето| comiss'!D21 -> #REF!
A23: NETTO RATES
A24: C завтраками/ Bed and breakfast | B24: =B5 -> #REF! | C24: =C5 -> #REF! | D24: =D5 -> #REF!
B25: =B6 -> #REF! | C25: =C6 -> #REF! | D25: =D6 -> #REF!
A26: Стандарт с одной большой кроватью/с двумя раздельными кроватями/ Standart (king, twin)
A27: 1 | B27: =B8*0.85 -> #REF! | C27: =C8*0.85 -> #REF! | D27: =D8*0.85 -> #REF!
A28: 2 | B28: =B9*0.85 -> #REF! | C28: =C9*0.85 -> #REF! | D28: =D9*0.85 -> #REF!
A29: Супериор с одной большой кроватью/с двумя раздельными кроватями с балконом / Superior (king, twin)
A30: 1 | B30: =B11*0.85 -> #REF! | C30: =C11*0.85 -> #REF! | D30: =D11*0.85 -> #REF!
A31: 2 | B31: =B12*0.85 -> #REF! | C31: =C12*0.85 -> #REF! | D31: =D12*0.85 -> #REF!
A32: Люкс Джуниор / Junior Suite
A33: 1 | B33: =B14*0.85 -> #REF! | C33: =C14*0.85 -> #REF! | D33: =D14*0.85 -> #REF!
A34: 2 | B34: =B15*0.85 -> #REF! | C34: =C15*0.85 -> #REF! | D34: =D15*0.85 -> #REF!
A35: Люкс c двуспальной кроватью / двумя раздельными кроватями / Suite King /Twin
A36: 1 | B36: =B17*0.85 -> #REF! | C36: =C17*0.85 -> #REF! | D36: =D17*0.85 -> #REF!
A37: 2 | B37: =B18*0.85 -> #REF! | C37: =C18*0.85 -> #REF! | D37: =D18*0.85 -> #REF!
A38: Улучшенный Люкс c двуспальной крватью / двумя раздельными кроватями/ Superior Suite King /Twin
A39: 1 | B39: =B20*0.85 -> #REF! | C39: =C20*0.85 -> #REF! | D39: =D20*0.85 -> #REF!
A40: 2 | B40: =B21*0.85 -> #REF! | C40: =C21*0.85 -> #REF! | D40: =D21*0.85 -> #REF!
A42: Дополнительно ЕДИНОРАЗОВО в стоимость заявки добавляются прогулочные ски-пассы за каждого взрослого гостя (возраст от 16 лет), стоимость - 2300 руб. за гостя. При размещении дополнительных гостей, также ЕДИНОРАЗОВО добавляются в стоимость заявки прогулочные ски-пассы на каждого взрослого гостя - 2300 руб. Стоимость прогулочных ски-пассов на всех взрослых просим сразу добавлять в заявку. / Extra pay for ski-passes per every adult at once (ages from 16 y.o. and up). Cost - 2300 rub per adult. The cost of the ski-passes for each guest (at extra bed) is also added - 2300 rub per adult (ages from 16 y.o. and up). Please, add the cost of ski-passes for all adults to the application immediately.
A43: Условия/ Conditions:
A44: Период продажи: 04.04.2025 - 29.09.2025 / Period of sales: 04.04.2025 - 29.09.2025
A45: Период проживания: 01.06.2025 - 30.09.2025 ​/ Period of stay: 01.06.2025 - 30.09.2025
A47: В стоимость включено/ Rates include:
A48: Бесплатный беспроводной интернет на всей территории отеля/ Wi-Fi;
A49: Завтрак Шведский стол
A50: Чай/кофе, вода в номера/tea and coffee in the room;
A51: Подъем до уровня +960 м./ Free of charge access to a cable car "Krasnaya Polyana" К-1 (Polyana 540 - Polyana 960);
A52: в том числе НДС, предусмотренный НК РФ
A53: Парковка на Поляне 960
A56: В предложение «Наполни свое лето» входят бесплатно (* условия предоставления услуг подробно представлены в купонной книге) / The offer "Fill up your summer" includes free of charge (* terms of services are detailed in the coupon book):
... A72: the reservation can be canceled without penalty up to 24 hours before arrival. Cancellation after the specified time - a penalty - the cost of the first night of stay.

Sheet Наполни своё лето | FIT18+25 
A1: Новотель Фит Красная Поляна 4*/ Novotel Fit Krasnaya Polyana 4*
A3: Специальный тариф "Наполни своё лето" / Special offer "Fill up your summer"
A4: Открытые тарифы/ Open rates
A5: C завтраками/ Bed and breakfast | B5: ='Наполни своё лето| comiss'!B5 -> #REF! | C5: ='Наполни своё лето| comiss'!C5 -> #REF! | D5: ='Наполни своё лето| comiss'!D5 -> #REF!
B6: ='Наполни своё лето| comiss'!B6 -> #REF! | C6: ='Наполни своё лето| comiss'!C6 -> #REF! | D6: ='Наполни своё лето| comiss'!D6 -> #REF!
A7: Стандарт с одной большой кроватью/с двумя раздельными кроватями/ Standart (king, twin)
A8: 1 | B8: ='Наполни своё лето| comiss'!B8 -> #REF! | C8: ='Наполни своё лето| comiss'!C8 -> #REF! | D8: ='Наполни своё лето| comiss'!D8 -> #REF!
A9: 2 | B9: ='Наполни своё лето| comiss'!B9 -> #REF! | C9: ='Наполни своё лето| comiss'!C9 -> #REF! | D9: ='Наполни своё лето| comiss'!D9 -> #REF!
A10: Супериор с одной большой кроватью/с двумя раздельными кроватями с балконом / Superior (king, twin)
A11: 1 | B11: ='Наполни своё лето| comiss'!B11 -> #REF! | C11: ='Наполни своё лето| comiss'!C11 -> #REF! | D11: ='Наполни своё лето| comiss'!D11 -> #REF!
A12: 2 | B12: ='Наполни своё лето| comiss'!B12 -> #REF! | C12: ='Наполни своё лето| comiss'!C12 -> #REF! | D12: ='Наполни своё лето| comiss'!D12 -> #REF!
A13: Люкс Джуниор / Junior Suite
A14: 1 | B14: ='Наполни своё лето| comiss'!B14 -> #REF! | C14: ='Наполни своё лето| comiss'!C14 -> #REF! | D14: ='Наполни своё лето| comiss'!D14 -> #REF!
A15: 2 | B15: ='Наполни своё лето| comiss'!B15 -> #REF! | C15: ='Наполни своё лето| comiss'!C15 -> #REF! | D15: ='Наполни своё лето| comiss'!D15 -> #REF!
A16: Люкс c двуспальной кроватью / двумя раздельными кроватями / Suite King /Twin
A17: 1 | B17: ='Наполни своё лето| comiss'!B17 -> #REF! | C17: ='Наполни своё лето| comiss'!C17 -> #REF! | D17: ='Наполни своё лето| comiss'!D17 -> #REF!
A18: 2 | B18: ='Наполни своё лето| comiss'!B18 -> #REF! | C18: ='Наполни своё лето| comiss'!C18 -> #REF! | D18: ='Наполни своё лето| comiss'!D18 -> #REF!
A19: Улучшенный Люкс c двуспальной крватью / двумя раздельными кроватями/ Superior Suite King /Twin
A20: 1 | B20: ='Наполни своё лето| comiss'!B20 -> #REF! | C20: ='Наполни своё лето| comiss'!C20 -> #REF! | D20: ='Наполни своё лето| comiss'!D20 -> #REF!
A21: 2 | B21: ='Наполни своё лето| comiss'!B21 -> #REF! | C21: ='Наполни своё лето| comiss'!C21 -> #REF! | D21: ='Наполни своё лето| comiss'!D21 -> #REF!
A22: NETTO RATES
A23: C завтраками/ Bed and breakfast | B23: =B5 -> #REF! | C23: =C5 -> #REF! | D23: =D5 -> #REF!
B24: =B6 -> #REF! | C24: =C6 -> #REF! | D24: =D6 -> #REF!
A25: Стандарт с одной большой кроватью/с двумя раздельными кроватями/ Standart (king, twin)
A26: 1 | B26: =B8*0.87+25 -> #REF! | C26: =C8*0.87+25 -> #REF! | D26: =D8*0.87+25 -> #REF!
A27: 2 | B27: =B9*0.87+25 -> #REF! | C27: =C9*0.87+25 -> #REF! | D27: =D9*0.87+25 -> #REF!
A28: Супериор с одной большой кроватью/с двумя раздельными кроватями с балконом / Superior (king, twin)
A29: 1 | B29: =B11*0.87+25 -> #REF! | C29: =C11*0.87+25 -> #REF! | D29: =D11*0.87+25 -> #REF!
A30: 2 | B30: =B12*0.87+25 -> #REF! | C30: =C12*0.87+25 -> #REF! | D30: =D12*0.87+25 -> #REF!
A31: Люкс Джуниор / Junior Suite
A32: 1 | B32: =B14*0.87+25 -> #REF! | C32: =C14*0.87+25 -> #REF! | D32: =D14*0.87+25 -> #REF!
A33: 2 | B33: =B15*0.87+25 -> #REF! | C33: =C15*0.87+25 -> #REF! | D33: =D15*0.87+25 -> #REF!
A34: Люкс c двуспальной кроватью / двумя раздельными кроватями / Suite King /Twin
A35: 1 | B35: =B17*0.87+25 -> #REF! | C35: =C17*0.87+25 -> #REF! | D35: =D17*0.87+25 -> #REF!
A36: 2 | B36: =B18*0.87+25 -> #REF! | C36: =C18*0.87+25 -> #REF! | D36: =D18*0.87+25 -> #REF!
A37: Улучшенный Люкс c двуспальной крватью / двумя раздельными кроватями/ Superior Suite King /Twin
A38: 1 | B38: =B20*0.87+25 -> #REF! | C38: =C20*0.87+25 -> #REF! | D38: =D20*0.87+25 -> #REF!
A39: 2 | B39: =B21*0.87+25 -> #REF! | C39: =C21*0.87+25 -> #REF! | D39: =D21*0.87+25 -> #REF!
A41: Дополнительно ЕДИНОРАЗОВО в стоимость заявки добавляются прогулочные ски-пассы за каждого взрослого гостя (возраст от 16 лет), стоимость - 2300 руб. за гостя. При размещении дополнительных гостей, также ЕДИНОРАЗОВО добавляются в стоимость заявки прогулочные ски-пассы на каждого взрослого гостя - 2300 руб. Стоимость прогулочных ски-пассов на всех взрослых просим сразу добавлять в заявку. / Extra pay for ski-passes per every adult at once (ages from 16 y.o. and up). Cost - 2300 rub per adult. The cost of the ski-passes for each guest (at extra bed) is also added - 2300 rub per adult (ages from 16 y.o. and up). Please, add the cost of ski-passes for all adults to the application immediately.
A42: Условия/ Conditions:
A43: Период продажи: 04.04.2025 - 29.09.2025 / Period of sales: 04.04.2025 - 29.09.2025
A44: Период проживания: 01.06.2025 - 30.09.2025 ​/ Period of stay: 01.06.2025 - 30.09.2025
A46: В стоимость включено/ Rates include:
A47: Бесплатный беспроводной интернет на всей территории отеля/ Wi-Fi;
A48: Завтрак Шведский стол
A49: Чай/кофе, вода в номера/tea and coffee in the room;
A50: Подъем до уровня +960 м./ Free of charge access to a cable car "Krasnaya Polyana" К-1 (Polyana 540 - Polyana 960);
A51: в том числе НДС, предусмотренный НК РФ
A52: Парковка на Поляне 960
A55: В предложение «Наполни свое лето» входят бесплатно (* условия предоставления услуг подробно представлены в купонной книге) / The offer "Fill up your summer" includes free of charge (* terms of services are detailed in the coupon book):
... A71: the reservation can be canceled without penalty up to 24 hours before arrival. Cancellation after the specified time - a penalty - the cost of the first night of stay.

Sheet Наполни своё лето  | FIT18 
A1: Новотель Фит Красная Поляна 4*/ Novotel Fit Krasnaya Polyana 4*
A3: Специальный тариф "Наполни своё лето" / Special offer "Fill up your summer"
A4: Открытые тарифы/ Open rates
A5: C завтраками/ Bed and breakfast | B5: ='Наполни своё лето| comiss'!B5 -> #REF! | C5: ='Наполни своё лето| comiss'!C5 -> #REF! | D5: ='Наполни своё лето| comiss'!D5 -> #REF!
B6: ='Наполни своё лето| comiss'!B6 -> #REF! | C6: ='Наполни своё лето| comiss'!C6 -> #REF! | D6: ='Наполни своё лето| comiss'!D6 -> #REF!
A7: Стандарт с одной большой кроватью/с двумя раздельными кроватями/ Standart (king, twin)
A8: 1 | B8: ='Наполни своё лето| comiss'!B8 -> #REF! | C8: ='Наполни своё лето| comiss'!C8 -> #REF! | D8: ='Наполни своё лето| comiss'!D8 -> #REF!
A9: 2 | B9: ='Наполни своё лето| comiss'!B9 -> #REF! | C9: ='Наполни своё лето| comiss'!C9 -> #REF! | D9: ='Наполни своё лето| comiss'!D9 -> #REF!
A10: Супериор с одной большой кроватью/с двумя раздельными кроватями с балконом / Superior (king, twin)
A11: 1 | B11: ='Наполни своё лето| comiss'!B11 -> #REF! | C11: ='Наполни своё лето| comiss'!C11 -> #REF! | D11: ='Наполни своё лето| comiss'!D11 -> #REF!
A12: 2 | B12: ='Наполни своё лето| comiss'!B12 -> #REF! | C12: ='Наполни своё лето| comiss'!C12 -> #REF! | D12: ='Наполни своё лето| comiss'!D12 -> #REF!
A13: Люкс Джуниор / Junior Suite
A14: 1 | B14: ='Наполни своё лето| comiss'!B14 -> #REF! | C14: ='Наполни своё лето| comiss'!C14 -> #REF! | D14: ='Наполни своё лето| comiss'!D14 -> #REF!
A15: 2 | B15: ='Наполни своё лето| comiss'!B15 -> #REF! | C15: ='Наполни своё лето| comiss'!C15 -> #REF! | D15: ='Наполни своё лето| comiss'!D15 -> #REF!
A16: Люкс c двуспальной кроватью / двумя раздельными кроватями / Suite King /Twin
A17: 1 | B17: ='Наполни своё лето| comiss'!B17 -> #REF! | C17: ='Наполни своё лето| comiss'!C17 -> #REF! | D17: ='Наполни своё лето| comiss'!D17 -> #REF!
A18: 2 | B18: ='Наполни своё лето| comiss'!B18 -> #REF! | C18: ='Наполни своё лето| comiss'!C18 -> #REF! | D18: ='Наполни своё лето| comiss'!D18 -> #REF!
A19: Улучшенный Люкс c двуспальной крватью / двумя раздельными кроватями/ Superior Suite King /Twin
A20: 1 | B20: ='Наполни своё лето| comiss'!B20 -> #REF! | C20: ='Наполни своё лето| comiss'!C20 -> #REF! | D20: ='Наполни своё лето| comiss'!D20 -> #REF!
A21: 2 | B21: ='Наполни своё лето| comiss'!B21 -> #REF! | C21: ='Наполни своё лето| comiss'!C21 -> #REF! | D21: ='Наполни своё лето| comiss'!D21 -> #REF!
A22: NETTO RATES
A23: C завтраками/ Bed and breakfast | B23: =B5 -> #REF! | C23: =C5 -> #REF! | D23: =D5 -> #REF!
B24: =B6 -> #REF! | C24: =C6 -> #REF! | D24: =D6 -> #REF!
A25: Стандарт с одной большой кроватью/с двумя раздельными кроватями/ Standart (king, twin)
A26: 1 | B26: =B8*0.87 -> #REF! | C26: =C8*0.87 -> #REF! | D26: =D8*0.87 -> #REF!
A27: 2 | B27: =B9*0.87 -> #REF! | C27: =C9*0.87 -> #REF! | D27: =D9*0.87 -> #REF!
A28: Супериор с одной большой кроватью/с двумя раздельными кроватями с балконом / Superior (king, twin)
A29: 1 | B29: =B11*0.87 -> #REF! | C29: =C11*0.87 -> #REF! | D29: =D11*0.87 -> #REF!
A30: 2 | B30: =B12*0.87 -> #REF! | C30: =C12*0.87 -> #REF! | D30: =D12*0.87 -> #REF!
A31: Люкс Джуниор / Junior Suite
A32: 1 | B32: =B14*0.87 -> #REF! | C32: =C14*0.87 -> #REF! | D32: =D14*0.87 -> #REF!
A33: 2 | B33: =B15*0.87 -> #REF! | C33: =C15*0.87 -> #REF! | D33: =D15*0.87 -> #REF!
A34: Люкс c двуспальной кроватью / двумя раздельными кроватями / Suite King /Twin
A35: 1 | B35: =B17*0.87 -> #REF! | C35: =C17*0.87 -> #REF! | D35: =D17*0.87 -> #REF!
A36: 2 | B36: =B18*0.87 -> #REF! | C36: =C18*0.87 -> #REF! | D36: =D18*0.87 -> #REF!
A37: Улучшенный Люкс c двуспальной крватью / двумя раздельными кроватями/ Superior Suite King /Twin
A38: 1 | B38: =B20*0.87 -> #REF! | C38: =C20*0.87 -> #REF! | D38: =D20*0.87 -> #REF!
A39: 2 | B39: =B21*0.87 -> #REF! | C39: =C21*0.87 -> #REF! | D39: =D21*0.87 -> #REF!
A42: Дополнительно ЕДИНОРАЗОВО в стоимость заявки добавляются прогулочные ски-пассы за каждого взрослого гостя (возраст от 16 лет), стоимость - 2300 руб. за гостя. При размещении дополнительных гостей, также ЕДИНОРАЗОВО добавляются в стоимость заявки прогулочные ски-пассы на каждого взрослого гостя - 2300 руб. Стоимость прогулочных ски-пассов на всех взрослых просим сразу добавлять в заявку. / Extra pay for ski-passes per every adult at once (ages from 16 y.o. and up). Cost - 2300 rub per adult. The cost of the ski-passes for each guest (at extra bed) is also added - 2300 rub per adult (ages from 16 y.o. and up). Please, add the cost of ski-passes for all adults to the application immediately.
A43: Условия/ Conditions:
A44: Период продажи: 04.04.2025 - 29.09.2025 / Period of sales: 04.04.2025 - 29.09.2025
A45: Период проживания: 01.06.2025 - 30.09.2025 ​/ Period of stay: 01.06.2025 - 30.09.2025
A47: В стоимость включено/ Rates include:
A48: Бесплатный беспроводной интернет на всей территории отеля/ Wi-Fi;
A49: Завтрак Шведский стол
A50: Чай/кофе, вода в номера/tea and coffee in the room;
A51: Подъем до уровня +960 м./ Free of charge access to a cable car "Krasnaya Polyana" К-1 (Polyana 540 - Polyana 960);
A52: в том числе НДС, предусмотренный НК РФ
A53: Парковка на Поляне 960
A56: В предложение «Наполни свое лето» входят бесплатно (* условия предоставления услуг подробно представлены в купонной книге) / The offer "Fill up your summer" includes free of charge (* terms of services are detailed in the coupon book):
... A72: the reservation can be canceled without penalty up to 24 hours before arrival. Cancellation after the specified time - a penalty - the cost of the first night of stay.

Sheet Наполни своё лето | FIT15
A1: Новотель Фит Красная Поляна 4*/ Novotel Fit Krasnaya Polyana 4*
A3: Специальный тариф "Наполни своё лето" / Special offer "Fill up your summer"
A4: Открытые тарифы/ Open rates
A5: C завтраками/ Bed and breakfast | B5: ='Наполни своё лето| comiss'!B5 -> #REF! | C5: ='Наполни своё лето| comiss'!C5 -> #REF! | D5: ='Наполни своё лето| comiss'!D5 -> #REF!
B6: ='Наполни своё лето| comiss'!B6 -> #REF! | C6: ='Наполни своё лето| comiss'!C6 -> #REF! | D6: ='Наполни своё лето| comiss'!D6 -> #REF!
A7: Стандарт с одной большой кроватью/с двумя раздельными кроватями/ Standart (king, twin)
A8: 1 | B8: ='Наполни своё лето| comiss'!B8 -> #REF! | C8: ='Наполни своё лето| comiss'!C8 -> #REF! | D8: ='Наполни своё лето| comiss'!D8 -> #REF!
A9: 2 | B9: ='Наполни своё лето| comiss'!B9 -> #REF! | C9: ='Наполни своё лето| comiss'!C9 -> #REF! | D9: ='Наполни своё лето| comiss'!D9 -> #REF!
A10: Супериор с одной большой кроватью/с двумя раздельными кроватями с балконом / Superior (king, twin)
A11: 1 | B11: ='Наполни своё лето| comiss'!B11 -> #REF! | C11: ='Наполни своё лето| comiss'!C11 -> #REF! | D11: ='Наполни своё лето| comiss'!D11 -> #REF!
A12: 2 | B12: ='Наполни своё лето| comiss'!B12 -> #REF! | C12: ='Наполни своё лето| comiss'!C12 -> #REF! | D12: ='Наполни своё лето| comiss'!D12 -> #REF!
A13: Люкс Джуниор / Junior Suite
A14: 1 | B14: ='Наполни своё лето| comiss'!B14 -> #REF! | C14: ='Наполни своё лето| comiss'!C14 -> #REF! | D14: ='Наполни своё лето| comiss'!D14 -> #REF!
A15: 2 | B15: ='Наполни своё лето| comiss'!B15 -> #REF! | C15: ='Наполни своё лето| comiss'!C15 -> #REF! | D15: ='Наполни своё лето| comiss'!D15 -> #REF!
A16: Люкс c двуспальной кроватью / двумя раздельными кроватями / Suite King /Twin
A17: 1 | B17: ='Наполни своё лето| comiss'!B17 -> #REF! | C17: ='Наполни своё лето| comiss'!C17 -> #REF! | D17: ='Наполни своё лето| comiss'!D17 -> #REF!
A18: 2 | B18: ='Наполни своё лето| comiss'!B18 -> #REF! | C18: ='Наполни своё лето| comiss'!C18 -> #REF! | D18: ='Наполни своё лето| comiss'!D18 -> #REF!
A19: Улучшенный Люкс c двуспальной крватью / двумя раздельными кроватями/ Superior Suite King /Twin
A20: 1 | B20: ='Наполни своё лето| comiss'!B20 -> #REF! | C20: ='Наполни своё лето| comiss'!C20 -> #REF! | D20: ='Наполни своё лето| comiss'!D20 -> #REF!
A21: 2 | B21: ='Наполни своё лето| comiss'!B21 -> #REF! | C21: ='Наполни своё лето| comiss'!C21 -> #REF! | D21: ='Наполни своё лето| comiss'!D21 -> #REF!
A22: NETTO RATES
A23: C завтраками/ Bed and breakfast | B23: =B5 -> #REF! | C23: =C5 -> #REF! | D23: =D5 -> #REF!
B24: =B6 -> #REF! | C24: =C6 -> #REF! | D24: =D6 -> #REF!
A25: Стандарт с одной большой кроватью/с двумя раздельными кроватями/ Standart (king, twin)
A26: 1 | B26: =B8*0.9 -> #REF! | C26: =C8*0.9 -> #REF! | D26: =D8*0.9 -> #REF!
A27: 2 | B27: =B9*0.9 -> #REF! | C27: =C9*0.9 -> #REF! | D27: =D9*0.9 -> #REF!
A28: Супериор с одной большой кроватью/с двумя раздельными кроватями с балконом / Superior (king, twin)
A29: 1 | B29: =B11*0.9 -> #REF! | C29: =C11*0.9 -> #REF! | D29: =D11*0.9 -> #REF!
A30: 2 | B30: =B12*0.9 -> #REF! | C30: =C12*0.9 -> #REF! | D30: =D12*0.9 -> #REF!
A31: Люкс Джуниор / Junior Suite
A32: 1 | B32: =B14*0.9 -> #REF! | C32: =C14*0.9 -> #REF! | D32: =D14*0.9 -> #REF!
A33: 2 | B33: =B15*0.9 -> #REF! | C33: =C15*0.9 -> #REF! | D33: =D15*0.9 -> #REF!
A34: Люкс c двуспальной кроватью / двумя раздельными кроватями / Suite King /Twin
A35: 1 | B35: =B17*0.9 -> #REF! | C35: =C17*0.9 -> #REF! | D35: =D17*0.9 -> #REF!
A36: 2 | B36: =B18*0.9 -> #REF! | C36: =C18*0.9 -> #REF! | D36: =D18*0.9 -> #REF!
A37: Улучшенный Люкс c двуспальной крватью / двумя раздельными кроватями/ Superior Suite King /Twin
A38: 1 | B38: =B20*0.9 -> #REF! | C38: =C20*0.9 -> #REF! | D38: =D20*0.9 -> #REF!
A39: 2 | B39: =B21*0.9 -> #REF! | C39: =C21*0.9 -> #REF! | D39: =D21*0.9 -> #REF!
A41: Дополнительно ЕДИНОРАЗОВО в стоимость заявки добавляются прогулочные ски-пассы за каждого взрослого гостя (возраст от 16 лет), стоимость - 2300 руб. за гостя. При размещении дополнительных гостей, также ЕДИНОРАЗОВО добавляются в стоимость заявки прогулочные ски-пассы на каждого взрослого гостя - 2300 руб. Стоимость прогулочных ски-пассов на всех взрослых просим сразу добавлять в заявку. / Extra pay for ski-passes per every adult at once (ages from 16 y.o. and up). Cost - 2300 rub per adult. The cost of the ski-passes for each guest (at extra bed) is also added - 2300 rub per adult (ages from 16 y.o. and up). Please, add the cost of ski-passes for all adults to the application immediately.
A42: Условия/ Conditions:
A43: Период продажи: 04.04.2025 - 29.09.2025 / Period of sales: 04.04.2025 - 29.09.2025
A44: Период проживания: 01.06.2025 - 30.09.2025 ​/ Period of stay: 01.06.2025 - 30.09.2025
A46: В стоимость включено/ Rates include:
A47: Бесплатный беспроводной интернет на всей территории отеля/ Wi-Fi;
A48: Завтрак Шведский стол
A49: Чай/кофе, вода в номера/tea and coffee in the room;
A50: Подъем до уровня +960 м./ Free of charge access to a cable car "Krasnaya Polyana" К-1 (Polyana 540 - Polyana 960);
A51: в том числе НДС, предусмотренный НК РФ
A52: Парковка на Поляне 960
A55: В предложение «Наполни свое лето» входят бесплатно (* условия предоставления услуг подробно представлены в купонной книге) / The offer "Fill up your summer" includes free of charge (* terms of services are detailed in the coupon book):
... A71: the reservation can be canceled without penalty up to 24 hours before arrival. Cancellation after the specified time - a penalty - the cost of the first night of stay.

Sheet Отдыхай и Катай |FIT15
A1: Новотель Фит Красная Поляна 4*/ Novotel Fit Krasnaya Polyana 4*
A2: Специальное предложение "Отдыхай и катай" / Special offer "Rest and Ski"
A3: Открытые тарифы/ Open rates
A4: C завтраками/ Bed and breakfast | B4: =BAR!#REF! -> #REF! | C4: =BAR!#REF! -> #REF! | D4: =BAR!#REF! -> #REF! | E4: =BAR!#REF! -> #REF!
B5: =BAR!#REF! -> #REF! | C5: =BAR!#REF! -> #REF! | D5: =BAR!#REF! -> #REF! | E5: =BAR!#REF! -> #REF!
A6: Стандарт с одной большой кроватью/с двумя раздельными кроватями/ Standart (king, twin)
A7: 1 | B7: =BAR!#REF!*0.9+B22 -> #REF! | C7: =BAR!#REF!*0.9+C22 -> #REF! | D7: =BAR!#REF!*0.9+D22 -> #REF! | E7: =BAR!#REF!*0.9+E22 -> #REF!
A8: 2 | B8: =BAR!#REF!*0.9+B23 -> #REF! | C8: =BAR!#REF!*0.9+C23 -> #REF! | D8: =BAR!#REF!*0.9+D23 -> #REF! | E8: =BAR!#REF!*0.9+E23 -> #REF!
A9: Супериор с одной большой кроватью/с двумя раздельными кроватями с балконом / Superior (king, twin)
A10: 1 | B10: =BAR!#REF!*0.9+B22 -> #REF! | C10: =BAR!#REF!*0.9+C22 -> #REF! | D10: =BAR!#REF!*0.9+D22 -> #REF! | E10: =BAR!#REF!*0.9+E22 -> #REF!
A11: 2 | B11: =BAR!#REF!*0.9+B23 -> #REF! | C11: =BAR!#REF!*0.9+C23 -> #REF! | D11: =BAR!#REF!*0.9+D23 -> #REF! | E11: =BAR!#REF!*0.9+E23 -> #REF!
A12: Люкс Джуниор / Junior Suite
A13: 1 | B13: =BAR!#REF!*0.9+B22 -> #REF! | C13: =BAR!#REF!*0.9+C22 -> #REF! | D13: =BAR!#REF!*0.9+D22 -> #REF! | E13: =BAR!#REF!*0.9+E22 -> #REF!
A14: 2 | B14: =BAR!#REF!*0.9+B23 -> #REF! | C14: =BAR!#REF!*0.9+C23 -> #REF! | D14: =BAR!#REF!*0.9+D23 -> #REF! | E14: =BAR!#REF!*0.9+E23 -> #REF!
A15: Люкс c двуспальной кроватью / двумя раздельными кроватями / Suite King /Twin
A16: 1 | B16: =BAR!#REF!*0.9+B22 -> #REF! | C16: =BAR!#REF!*0.9+C22 -> #REF! | D16: =BAR!#REF!*0.9+D22 -> #REF! | E16: =BAR!#REF!*0.9+E22 -> #REF!
A17: 2 | B17: =BAR!#REF!*0.9+B23 -> #REF! | C17: =BAR!#REF!*0.9+C23 -> #REF! | D17: =BAR!#REF!*0.9+D23 -> #REF! | E17: =BAR!#REF!*0.9+E23 -> #REF!
A18: Улучшенный Люкс c двуспальной крватью / двумя раздельными кроватями/ Superior Suite King /Twin
A19: 1 | B19: =BAR!#REF!*0.9+B22 -> #REF! | C19: =BAR!#REF!*0.9+C22 -> #REF! | D19: =BAR!#REF!*0.9+D22 -> #REF! | E19: =BAR!#REF!*0.9+E22 -> #REF!
A20: 2 | B20: =BAR!#REF!*0.9+B23 -> #REF! | C20: =BAR!#REF!*0.9+C23 -> #REF! | D20: =BAR!#REF!*0.9+D23 -> #REF! | E20: =BAR!#REF!*0.9+E23 -> #REF!
A21: Размещение на основных местах
A22: ски-пасс 1 гость (стоимость за сутки) | B22: 2700 | C22: 2700 | D22: 2700 | E22: 2700
A23: ски-пасс 2 гостя (стоимость за сутки) | B23: =B22*2 -> 5400 | C23: =C22*2 -> 5400 | D23: =D22*2 -> 5400 | E23: =E22*2 -> 5400
A25: NETTO RATES
A26: C завтраками/ Bed and breakfast | B26: =B4 -> #REF! | C26: =C4 -> #REF! | D26: =D4 -> #REF! | E26: =E4 -> #REF!
B27: =B5 -> #REF! | C27: =C5 -> #REF! | D27: =D5 -> #REF! | E27: =E5 -> #REF!
A28: Стандарт с одной большой кроватью/с двумя раздельными кроватями/ Standart (king, twin)
A29: 1 | B29: =ROUNDUP(B7*0.9,) -> #REF! | C29: =ROUNDUP(C7*0.9,) -> #REF! | D29: =ROUNDUP(D7*0.9,) -> #REF! | E29: =ROUNDUP(E7*0.9,) -> #REF!
A30: 2 | B30: =ROUNDUP(B8*0.9,) -> #REF! | C30: =ROUNDUP(C8*0.9,) -> #REF! | D30: =ROUNDUP(D8*0.9,) -> #REF! | E30: =ROUNDUP(E8*0.9,) -> #REF!
A31: Супериор с одной большой кроватью/с двумя раздельными кроватями с балконом / Superior (king, twin)
A32: 1 | B32: =ROUNDUP(B10*0.9,) -> #REF! | C32: =ROUNDUP(C10*0.9,) -> #REF! | D32: =ROUNDUP(D10*0.9,) -> #REF! | E32: =ROUNDUP(E10*0.9,) -> #REF!
A33: 2 | B33: =ROUNDUP(B11*0.9,) -> #REF! | C33: =ROUNDUP(C11*0.9,) -> #REF! | D33: =ROUNDUP(D11*0.9,) -> #REF! | E33: =ROUNDUP(E11*0.9,) -> #REF!
A34: Люкс Джуниор / Junior Suite
A35: 1 | B35: =ROUNDUP(B13*0.9,) -> #REF! | C35: =ROUNDUP(C13*0.9,) -> #REF! | D35: =ROUNDUP(D13*0.9,) -> #REF! | E35: =ROUNDUP(E13*0.9,) -> #REF!
A36: 2 | B36: =ROUNDUP(B14*0.9,) -> #REF! | C36: =ROUNDUP(C14*0.9,) -> #REF! | D36: =ROUNDUP(D14*0.9,) -> #REF! | E36: =ROUNDUP(E14*0.9,) -> #REF!
A37: Люкс c двуспальной кроватью / двумя раздельными кроватями / Suite King /Twin
A38: 1 | B38: =ROUNDUP(B16*0.9,) -> #REF! | C38: =ROUNDUP(C16*0.9,) -> #REF! | D38: =ROUNDUP(D16*0.9,) -> #REF! | E38: =ROUNDUP(E16*0.9,) -> #REF!
A39: 2 | B39: =ROUNDUP(B17*0.9,) -> #REF! | C39: =ROUNDUP(C17*0.9,) -> #REF! | D39: =ROUNDUP(D17*0.9,) -> #REF! | E39: =ROUNDUP(E17*0.9,) -> #REF!
A40: Улучшенный Люкс c двуспальной крватью / двумя раздельными кроватями/ Superior Suite King /Twin
A41: 1 | B41: =ROUNDUP(B19*0.9,) -> #REF! | C41: =ROUNDUP(C19*0.9,) -> #REF! | D41: =ROUNDUP(D19*0.9,) -> #REF! | E41: =ROUNDUP(E19*0.9,) -> #REF!
A42: 2 | B42: =ROUNDUP(B20*0.9,) -> #REF! | C42: =ROUNDUP(C20*0.9,) -> #REF! | D42: =ROUNDUP(D20*0.9,) -> #REF! | E42: =ROUNDUP(E20*0.9,) -> #REF!
A44: В стоимость включено/ Rates include:
A45: Бесплатный беспроводной интернет на всей территории отеля/ Wi-Fi;
A46: Чай/кофе, вода в номера/tea and coffee in the room;
A47: Подъем до уровня +960 м./ Free of charge access to a cable car "Krasnaya Polyana" К-1 (Polyana 540 - Polyana 960);
A48: в том числе НДС, предусмотренный НК РФ
A49: Дневной спортивный ски-пасс на каждый день проживания в отеле*/ Ski-pass (sporty) on a daily basis*
A50: * Выдача ски-пассов на стойке регистрации в отеле при заселении. Детские ски-пассы приобретаются гостями в отеле. Возврат денежных средств за неиспользованные ски-пассы не производится. Политика гарантии: Гарантия кредитной картой обязательна/ * There is no refund for unused ski passes. Children's ski passes can be purchased separately at the reception. Credit card guarantee is required
A52: Условия/ Conditions:
A53: Период продажи: 15.11.2023-30.03.2024/ Period of sales: 15.11.2023-30.03.2024
A54: Период проживания: 01.12.2023-27.12.2023, включительно, 09.01.2024-31.03.2024 / Period of stay: 01.12.2023-27.12.2023, inclusively, 09.01.2024-31.03.2024
A56: Тариф включает ски-пассы только на взрослых гостей на основных местах. Стоимость ски-пассов на дополнительных взрослых просим сразу добавлять в заявку. / The rate includes ski passes for adults only at the main places. Please add the cost of ski passes for extra adults to the application immediately.
A59: Тарифы на дополнительные ски-пассы (для доп. мест)/ Rates for additional ski passes (for extra beds):
... A66: Бронирование может быть отменено без штрафных санкций за 24 часа до заезда. Отмена после указанного времени – штраф в размере стоимости первой ночи проживания. The reservation can be canceled without penalty up to 24 hours before arrival. Cancellation after the specified time - a penalty - the cost of the first night of stay.

Sheet Отдыхай и Катай |FIT20+35
A1: Новотель Фит Красная Поляна 4*/ Novotel Fit Krasnaya Polyana 4*
A2: Специальное предложение "Отдыхай и катай" / Special offer "Rest and Ski"
A3: Открытые тарифы/ Open rates
A4: C завтраками/ Bed and breakfast | B4: =BAR!#REF! -> #REF! | C4: =BAR!#REF! -> #REF! | D4: =BAR!#REF! -> #REF! | E4: =BAR!#REF! -> #REF!
B5: =BAR!#REF! -> #REF! | C5: =BAR!#REF! -> #REF! | D5: =BAR!#REF! -> #REF! | E5: =BAR!#REF! -> #REF!
A6: Стандарт с одной большой кроватью/с двумя раздельными кроватями/ Standart (king, twin)
A7: 1 | B7: =BAR!#REF!*0.9 -> #REF! | C7: =BAR!#REF!*0.9 -> #REF! | D7: =BAR!#REF!*0.9 -> #REF! | E7: =BAR!#REF!*0.9 -> #REF!
A8: 2 | B8: =BAR!#REF!*0.9 -> #REF! | C8: =BAR!#REF!*0.9 -> #REF! | D8: =BAR!#REF!*0.9 -> #REF! | E8: =BAR!#REF!*0.9 -> #REF!
A9: Супериор с одной большой кроватью/с двумя раздельными кроватями с балконом / Superior (king, twin)
A10: 1 | B10: =BAR!#REF!*0.9 -> #REF! | C10: =BAR!#REF!*0.9 -> #REF! | D10: =BAR!#REF!*0.9 -> #REF! | E10: =BAR!#REF!*0.9 -> #REF!
A11: 2 | B11: =BAR!#REF!*0.9 -> #REF! | C11: =BAR!#REF!*0.9 -> #REF! | D11: =BAR!#REF!*0.9 -> #REF! | E11: =BAR!#REF!*0.9 -> #REF!
A12: Люкс Джуниор / Junior Suite
A13: 1 | B13: =BAR!#REF!*0.9 -> #REF! | C13: =BAR!#REF!*0.9 -> #REF! | D13: =BAR!#REF!*0.9 -> #REF! | E13: =BAR!#REF!*0.9 -> #REF!
A14: 2 | B14: =BAR!#REF!*0.9 -> #REF! | C14: =BAR!#REF!*0.9 -> #REF! | D14: =BAR!#REF!*0.9 -> #REF! | E14: =BAR!#REF!*0.9 -> #REF!
A15: Люкс c двуспальной кроватью / двумя раздельными кроватями / Suite King /Twin
A16: 1 | B16: =BAR!#REF!*0.9 -> #REF! | C16: =BAR!#REF!*0.9 -> #REF! | D16: =BAR!#REF!*0.9 -> #REF! | E16: =BAR!#REF!*0.9 -> #REF!
A17: 2 | B17: =BAR!#REF!*0.9 -> #REF! | C17: =BAR!#REF!*0.9 -> #REF! | D17: =BAR!#REF!*0.9 -> #REF! | E17: =BAR!#REF!*0.9 -> #REF!
A18: Улучшенный Люкс c двуспальной крватью / двумя раздельными кроватями/ Superior Suite King /Twin
A19: 1 | B19: =BAR!#REF!*0.9 -> #REF! | C19: =BAR!#REF!*0.9 -> #REF! | D19: =BAR!#REF!*0.9 -> #REF! | E19: =BAR!#REF!*0.9 -> #REF!
A20: 2 | B20: =BAR!#REF!*0.9 -> #REF! | C20: =BAR!#REF!*0.9 -> #REF! | D20: =BAR!#REF!*0.9 -> #REF! | E20: =BAR!#REF!*0.9 -> #REF!
A22: NETTO RATES
A23: C завтраками/ Bed and breakfast | B23: =B4 -> #REF! | C23: =C4 -> #REF! | D23: =D4 -> #REF! | E23: =E4 -> #REF!
B24: =B5 -> #REF! | C24: =C5 -> #REF! | D24: =D5 -> #REF! | E24: =E5 -> #REF!
A25: Стандарт с одной большой кроватью/с двумя раздельными кроватями/ Standart (king, twin)
A26: 1 | B26: =ROUNDUP(B7*0.85,)+35 -> #REF! | C26: =ROUNDUP(C7*0.85,)+35 -> #REF! | D26: =ROUNDUP(D7*0.85,)+35 -> #REF! | E26: =ROUNDUP(E7*0.85,)+35 -> #REF!
A27: 2 | B27: =ROUNDUP(B8*0.85,)+35 -> #REF! | C27: =ROUNDUP(C8*0.85,)+35 -> #REF! | D27: =ROUNDUP(D8*0.85,)+35 -> #REF! | E27: =ROUNDUP(E8*0.85,)+35 -> #REF!
A28: Супериор с одной большой кроватью/с двумя раздельными кроватями с балконом / Superior (king, twin)
A29: 1 | B29: =ROUNDUP(B10*0.85,)+35 -> #REF! | C29: =ROUNDUP(C10*0.85,)+35 -> #REF! | D29: =ROUNDUP(D10*0.85,)+35 -> #REF! | E29: =ROUNDUP(E10*0.85,)+35 -> #REF!
A30: 2 | B30: =ROUNDUP(B11*0.85,)+35 -> #REF! | C30: =ROUNDUP(C11*0.85,)+35 -> #REF! | D30: =ROUNDUP(D11*0.85,)+35 -> #REF! | E30: =ROUNDUP(E11*0.85,)+35 -> #REF!
A31: Люкс Джуниор / Junior Suite
A32: 1 | B32: =ROUNDUP(B13*0.85,)+35 -> #REF! | C32: =ROUNDUP(C13*0.85,)+35 -> #REF! | D32: =ROUNDUP(D13*0.85,)+35 -> #REF! | E32: =ROUNDUP(E13*0.85,)+35 -> #REF!
A33: 2 | B33: =ROUNDUP(B14*0.85,)+35 -> #REF! | C33: =ROUNDUP(C14*0.85,)+35 -> #REF! | D33: =ROUNDUP(D14*0.85,)+35 -> #REF! | E33: =ROUNDUP(E14*0.85,)+35 -> #REF!
A34: Люкс c двуспальной кроватью / двумя раздельными кроватями / Suite King /Twin
A35: 1 | B35: =ROUNDUP(B16*0.85,)+35 -> #REF! | C35: =ROUNDUP(C16*0.85,)+35 -> #REF! | D35: =ROUNDUP(D16*0.85,)+35 -> #REF! | E35: =ROUNDUP(E16*0.85,)+35 -> #REF!
A36: 2 | B36: =ROUNDUP(B17*0.85,)+35 -> #REF! | C36: =ROUNDUP(C17*0.85,)+35 -> #REF! | D36: =ROUNDUP(D17*0.85,)+35 -> #REF! | E36: =ROUNDUP(E17*0.85,)+35 -> #REF!
A37: Улучшенный Люкс c двуспальной крватью / двумя раздельными кроватями/ Superior Suite King /Twin
A38: 1 | B38: =ROUNDUP(B19*0.85,)+35 -> #REF! | C38: =ROUNDUP(C19*0.85,)+35 -> #REF! | D38: =ROUNDUP(D19*0.85,)+35 -> #REF! | E38: =ROUNDUP(E19*0.85,)+35 -> #REF!
A39: 2 | B39: =ROUNDUP(B20*0.85,)+35 -> #REF! | C39: =ROUNDUP(C20*0.85,)+35 -> #REF! | D39: =ROUNDUP(D20*0.85,)+35 -> #REF! | E39: =ROUNDUP(E20*0.85,)+35 -> #REF!
A40: Дополнительно на каждый день проживания в стоимость заявки добавляются ски-пассы для каждого взрослого, стоимость - 09.01.2024 - 31.01.2024 и 11.03.2024-31.03.2024 - 2700 рублей, 01.02.2024-10.03.2024 - 3500 рублей. При размещении дополнительных гостей, также на каждый день проживания добавляются в стоимость заявки ски-пассы на каждого взрослого гостя - 09.01.2024 - 31.01.2024 и 11.03.2024-31.03.2024 - 2700 рублей, 01.02.2024-10.03.2024 - 3500 рублей. Стоимость ски-пассов на всех взрослых сразу добавлять в заявку. / Extra pay for each day of stay, ski passes for each adult are added to the price of the application, the cost 01/31/2024 - 01/31/2024 and 03/11/2024 - 03/31/2024- 2700 rubles, 02/01/2024 - 03/10/2024 - 3500 rubles. When placing additional guests, also for each day of stay, ski passes for each guest are added to the application price 01/31/2024 - 01/31/2024 and 03/11/2024 - 03/31/2024- 2700 rubles, 02/01/2024 - 03/10/2024 - 3500 rubles.
A42: В стоимость включено/ Rates include:
A43: Бесплатный беспроводной интернет на всей территории отеля/ Wi-Fi;
A44: Чай/кофе, вода в номера/tea and coffee in the room;
A45: Подъем до уровня +960 м./ Free of charge access to a cable car "Krasnaya Polyana" К-1 (Polyana 540 - Polyana 960);
A46: в том числе НДС, предусмотренный НК РФ
A47: Дневной спортивный ски-пасс на каждый день проживания в отеле*/ Ski-pass (sporty) on a daily basis*
A48: * Выдача ски-пассов на стойке регистрации в отеле при заселении. Детские ски-пассы приобретаются гостями в отеле. Возврат денежных средств за неиспользованные ски-пассы не производится.
A49: Условия/ Conditions:
A50: Период продажи: 31.01.2024-30.03.2024/ Period of sales: 31.01.2024-30.03.2024
A51: Период проживания:31.01.2024-31.03.2024 / Period of stay: 31.01.2024-31.03.2024
A54: Тарифы на дополнительные ски-пассы (для доп. мест)/ Rates for additional ski passes (for extra beds):
... A60: Бронирование может быть отменено без штрафных санкций за 24 часа до заезда. Отмена после указанного времени – штраф в размере стоимости первой ночи проживания. The reservation can be canceled without penalty up to 24 hours before arrival. Cancellation after the specified time - a penalty - the cost of the first night of stay.

Sheet Отдыхай и Катай |FIT18+25
A1: Новотель Фит Красная Поляна 4*/ Novotel Fit Krasnaya Polyana 4*
A2: Специальное предложение "Отдыхай и катай" / Special offer "Rest and Ski"
A3: Открытые тарифы/ Open rates
A4: C завтраками/ Bed and breakfast | B4: =BAR!#REF! -> #REF! | C4: =BAR!#REF! -> #REF! | D4: =BAR!#REF! -> #REF! | E4: =BAR!#REF! -> #REF!
B5: =BAR!#REF! -> #REF! | C5: =BAR!#REF! -> #REF! | D5: =BAR!#REF! -> #REF! | E5: =BAR!#REF! -> #REF!
A6: Стандарт с одной большой кроватью/с двумя раздельными кроватями/ Standart (king, twin)
A7: 1 | B7: =BAR!#REF!*0.9 -> #REF! | C7: =BAR!#REF!*0.9 -> #REF! | D7: =BAR!#REF!*0.9 -> #REF! | E7: =BAR!#REF!*0.9 -> #REF!
A8: 2 | B8: =BAR!#REF!*0.9 -> #REF! | C8: =BAR!#REF!*0.9 -> #REF! | D8: =BAR!#REF!*0.9 -> #REF! | E8: =BAR!#REF!*0.9 -> #REF!
A9: Супериор с одной большой кроватью/с двумя раздельными кроватями с балконом / Superior (king, twin)
A10: 1 | B10: =BAR!#REF!*0.9 -> #REF! | C10: =BAR!#REF!*0.9 -> #REF! | D10: =BAR!#REF!*0.9 -> #REF! | E10: =BAR!#REF!*0.9 -> #REF!
A11: 2 | B11: =BAR!#REF!*0.9 -> #REF! | C11: =BAR!#REF!*0.9 -> #REF! | D11: =BAR!#REF!*0.9 -> #REF! | E11: =BAR!#REF!*0.9 -> #REF!
A12: Люкс Джуниор / Junior Suite
A13: 1 | B13: =BAR!#REF!*0.9 -> #REF! | C13: =BAR!#REF!*0.9 -> #REF! | D13: =BAR!#REF!*0.9 -> #REF! | E13: =BAR!#REF!*0.9 -> #REF!
A14: 2 | B14: =BAR!#REF!*0.9 -> #REF! | C14: =BAR!#REF!*0.9 -> #REF! | D14: =BAR!#REF!*0.9 -> #REF! | E14: =BAR!#REF!*0.9 -> #REF!
A15: Люкс c двуспальной кроватью / двумя раздельными кроватями / Suite King /Twin
A16: 1 | B16: =BAR!#REF!*0.9 -> #REF! | C16: =BAR!#REF!*0.9 -> #REF! | D16: =BAR!#REF!*0.9 -> #REF! | E16: =BAR!#REF!*0.9 -> #REF!
A17: 2 | B17: =BAR!#REF!*0.9 -> #REF! | C17: =BAR!#REF!*0.9 -> #REF! | D17: =BAR!#REF!*0.9 -> #REF! | E17: =BAR!#REF!*0.9 -> #REF!
A18: Улучшенный Люкс c двуспальной крватью / двумя раздельными кроватями/ Superior Suite King /Twin
A19: 1 | B19: =BAR!#REF!*0.9 -> #REF! | C19: =BAR!#REF!*0.9 -> #REF! | D19: =BAR!#REF!*0.9 -> #REF! | E19: =BAR!#REF!*0.9 -> #REF!
A20: 2 | B20: =BAR!#REF!*0.9 -> #REF! | C20: =BAR!#REF!*0.9 -> #REF! | D20: =BAR!#REF!*0.9 -> #REF! | E20: =BAR!#REF!*0.9 -> #REF!
A22: NETTO RATES
A23: C завтраками/ Bed and breakfast | B23: =B4 -> #REF! | C23: =C4 -> #REF! | D23: =D4 -> #REF! | E23: =E4 -> #REF!
B24: =B5 -> #REF! | C24: =C5 -> #REF! | D24: =D5 -> #REF! | E24: =E5 -> #REF!
A25: Стандарт с одной большой кроватью/с двумя раздельными кроватями/ Standart (king, twin)
A26: 1 | B26: =ROUNDUP(B7*0.87,)+25 -> #REF! | C26: =ROUNDUP(C7*0.87,)+25 -> #REF! | D26: =ROUNDUP(D7*0.87,)+25 -> #REF! | E26: =ROUNDUP(E7*0.87,)+25 -> #REF!
A27: 2 | B27: =ROUNDUP(B8*0.87,)+25 -> #REF! | C27: =ROUNDUP(C8*0.87,)+25 -> #REF! | D27: =ROUNDUP(D8*0.87,)+25 -> #REF! | E27: =ROUNDUP(E8*0.87,)+25 -> #REF!
A28: Супериор с одной большой кроватью/с двумя раздельными кроватями с балконом / Superior (king, twin)
A29: 1 | B29: =ROUNDUP(B10*0.87,)+25 -> #REF! | C29: =ROUNDUP(C10*0.87,)+25 -> #REF! | D29: =ROUNDUP(D10*0.87,)+25 -> #REF! | E29: =ROUNDUP(E10*0.87,)+25 -> #REF!
A30: 2 | B30: =ROUNDUP(B11*0.87,)+25 -> #REF! | C30: =ROUNDUP(C11*0.87,)+25 -> #REF! | D30: =ROUNDUP(D11*0.87,)+25 -> #REF! | E30: =ROUNDUP(E11*0.87,)+25 -> #REF!
A31: Люкс Джуниор / Junior Suite
A32: 1 | B32: =ROUNDUP(B13*0.87,)+25 -> #REF! | C32: =ROUNDUP(C13*0.87,)+25 -> #REF! | D32: =ROUNDUP(D13*0.87,)+25 -> #REF! | E32: =ROUNDUP(E13*0.87,)+25 -> #REF!
A33: 2 | B33: =ROUNDUP(B14*0.87,)+25 -> #REF! | C33: =ROUNDUP(C14*0.87,)+25 -> #REF! | D33: =ROUNDUP(D14*0.87,)+25 -> #REF! | E33: =ROUNDUP(E14*0.87,)+25 -> #REF!
A34: Люкс c двуспальной кроватью / двумя раздельными кроватями / Suite King /Twin
A35: 1 | B35: =ROUNDUP(B16*0.87,)+25 -> #REF! | C35: =ROUNDUP(C16*0.87,)+25 -> #REF! | D35: =ROUNDUP(D16*0.87,)+25 -> #REF! | E35: =ROUNDUP(E16*0.87,)+25 -> #REF!
A36: 2 | B36: =ROUNDUP(B17*0.87,)+25 -> #REF! | C36: =ROUNDUP(C17*0.87,)+25 -> #REF! | D36: =ROUNDUP(D17*0.87,)+25 -> #REF! | E36: =ROUNDUP(E17*0.87,)+25 -> #REF!
A37: Улучшенный Люкс c двуспальной крватью / двумя раздельными кроватями/ Superior Suite King /Twin
A38: 1 | B38: =ROUNDUP(B19*0.87,)+25 -> #REF! | C38: =ROUNDUP(C19*0.87,)+25 -> #REF! | D38: =ROUNDUP(D19*0.87,)+25 -> #REF! | E38: =ROUNDUP(E19*0.87,)+25 -> #REF!
A39: 2 | B39: =ROUNDUP(B20*0.87,)+25 -> #REF! | C39: =ROUNDUP(C20*0.87,)+25 -> #REF! | D39: =ROUNDUP(D20*0.87,)+25 -> #REF! | E39: =ROUNDUP(E20*0.87,)+25 -> #REF!
A40: Дополнительно на каждый день проживания в стоимость заявки добавляются ски-пассы для каждого взрослого, стоимость - 09.01.2024 - 31.01.2024 и 11.03.2024-31.03.2024 - 2700 рублей, 01.02.2024-10.03.2024 - 3500 рублей. При размещении дополнительных гостей, также на каждый день проживания добавляются в стоимость заявки ски-пассы на каждого взрослого гостя - 09.01.2024 - 31.01.2024 и 11.03.2024-31.03.2024 - 2700 рублей, 01.02.2024-10.03.2024 - 3500 рублей. Стоимость ски-пассов на всех взрослых сразу добавлять в заявку. / Extra pay for each day of stay, ski passes for each adult are added to the price of the application, the cost 01/31/2024 - 01/31/2024 and 03/11/2024 - 03/31/2024- 2700 rubles, 02/01/2024 - 03/10/2024 - 3500 rubles. When placing additional guests, also for each day of stay, ski passes for each guest are added to the application price 01/31/2024 - 01/31/2024 and 03/11/2024 - 03/31/2024- 2700 rubles, 02/01/2024 - 03/10/2024 - 3500 rubles.
A42: В стоимость включено/ Rates include:
A43: Бесплатный беспроводной интернет на всей территории отеля/ Wi-Fi;
A44: Чай/кофе, вода в номера/tea and coffee in the room;
A45: Подъем до уровня +960 м./ Free of charge access to a cable car "Krasnaya Polyana" К-1 (Polyana 540 - Polyana 960);
A46: в том числе НДС, предусмотренный НК РФ
A47: Дневной спортивный ски-пасс на каждый день проживания в отеле*/ Ski-pass (sporty) on a daily basis*
A48: * Выдача ски-пассов на стойке регистрации в отеле при заселении. Детские ски-пассы приобретаются гостями в отеле. Возврат денежных средств за неиспользованные ски-пассы не производится.
A49: Условия/ Conditions:
A50: Период продажи: 31.01.2024-30.03.2024/ Period of sales: 31.01.2024-30.03.2024
A51: Период проживания:31.01.2024-31.03.2024 / Period of stay: 31.01.2024-31.03.2024
A54: Тарифы на дополнительные ски-пассы (для доп. мест)/ Rates for additional ski passes (for extra beds):
... A60: Бронирование может быть отменено без штрафных санкций за 24 часа до заезда. Отмена после указанного времени – штраф в размере стоимости первой ночи проживания. The reservation can be canceled without penalty up to 24 hours before arrival. Cancellation after the specified time - a penalty - the cost of the first night of stay.

Sheet Отдыхай и Катай |FIT 18
A1: Новотель Фит Красная Поляна 4*/ Novotel Fit Krasnaya Polyana 4*
A2: Специальное предложение "Отдыхай и катай" / Special offer "Rest and Ski"
A3: Открытые тарифы/ Open rates
A4: C завтраками/ Bed and breakfast | B4: =BAR!#REF! -> #REF! | C4: =BAR!#REF! -> #REF! | D4: =BAR!#REF! -> #REF! | E4: =BAR!#REF! -> #REF!
B5: =BAR!#REF! -> #REF! | C5: =BAR!#REF! -> #REF! | D5: =BAR!#REF! -> #REF! | E5: =BAR!#REF! -> #REF!
A6: Стандарт с одной большой кроватью/с двумя раздельными кроватями/ Standart (king, twin)
A7: 1 | B7: =BAR!#REF!*0.9+B22 -> #REF! | C7: =BAR!#REF!*0.9+C22 -> #REF! | D7: =BAR!#REF!*0.9+D22 -> #REF! | E7: =BAR!#REF!*0.9+E22 -> #REF!
A8: 2 | B8: =BAR!#REF!*0.9+B23 -> #REF! | C8: =BAR!#REF!*0.9+C23 -> #REF! | D8: =BAR!#REF!*0.9+D23 -> #REF! | E8: =BAR!#REF!*0.9+E23 -> #REF!
A9: Супериор с одной большой кроватью/с двумя раздельными кроватями с балконом / Superior (king, twin)
A10: 1 | B10: =BAR!#REF!*0.9+B22 -> #REF! | C10: =BAR!#REF!*0.9+C22 -> #REF! | D10: =BAR!#REF!*0.9+D22 -> #REF! | E10: =BAR!#REF!*0.9+E22 -> #REF!
A11: 2 | B11: =BAR!#REF!*0.9+B23 -> #REF! | C11: =BAR!#REF!*0.9+C23 -> #REF! | D11: =BAR!#REF!*0.9+D23 -> #REF! | E11: =BAR!#REF!*0.9+E23 -> #REF!
A12: Люкс Джуниор / Junior Suite
A13: 1 | B13: =BAR!#REF!*0.9+B22 -> #REF! | C13: =BAR!#REF!*0.9+C22 -> #REF! | D13: =BAR!#REF!*0.9+D22 -> #REF! | E13: =BAR!#REF!*0.9+E22 -> #REF!
A14: 2 | B14: =BAR!#REF!*0.9+B23 -> #REF! | C14: =BAR!#REF!*0.9+C23 -> #REF! | D14: =BAR!#REF!*0.9+D23 -> #REF! | E14: =BAR!#REF!*0.9+E23 -> #REF!
A15: Люкс c двуспальной кроватью / двумя раздельными кроватями / Suite King /Twin
A16: 1 | B16: =BAR!#REF!*0.9+B22 -> #REF! | C16: =BAR!#REF!*0.9+C22 -> #REF! | D16: =BAR!#REF!*0.9+D22 -> #REF! | E16: =BAR!#REF!*0.9+E22 -> #REF!
A17: 2 | B17: =BAR!#REF!*0.9+B23 -> #REF! | C17: =BAR!#REF!*0.9+C23 -> #REF! | D17: =BAR!#REF!*0.9+D23 -> #REF! | E17: =BAR!#REF!*0.9+E23 -> #REF!
A18: Улучшенный Люкс c двуспальной крватью / двумя раздельными кроватями/ Superior Suite King /Twin
A19: 1 | B19: =BAR!#REF!*0.9+B22 -> #REF! | C19: =BAR!#REF!*0.9+C22 -> #REF! | D19: =BAR!#REF!*0.9+D22 -> #REF! | E19: =BAR!#REF!*0.9+E22 -> #REF!
A20: 2 | B20: =BAR!#REF!*0.9+B23 -> #REF! | C20: =BAR!#REF!*0.9+C23 -> #REF! | D20: =BAR!#REF!*0.9+D23 -> #REF! | E20: =BAR!#REF!*0.9+E23 -> #REF!
A21: Размещение на основных местах
A22: ски-пасс 1 гость (стоимость за сутки) | B22: 2700 | C22: 2700 | D22: 2700 | E22: 2700
A23: ски-пасс 2 гостя (стоимость за сутки) | B23: =B22*2 -> 5400 | C23: =C22*2 -> 5400 | D23: =D22*2 -> 5400 | E23: =E22*2 -> 5400
A25: NETTO RATES
A26: C завтраками/ Bed and breakfast | B26: =B4 -> #REF! | C26: =C4 -> #REF! | D26: =D4 -> #REF! | E26: =E4 -> #REF!
B27: =B5 -> #REF! | C27: =C5 -> #REF! | D27: =D5 -> #REF! | E27: =E5 -> #REF!
A28: Стандарт с одной большой кроватью/с двумя раздельными кроватями/ Standart (king, twin)
A29: 1 | B29: =ROUNDUP(B7*0.87,) -> #REF! | C29: =ROUNDUP(C7*0.87,) -> #REF! | D29: =ROUNDUP(D7*0.87,) -> #REF! | E29: =ROUNDUP(E7*0.87,) -> #REF!
A30: 2 | B30: =ROUNDUP(B8*0.87,) -> #REF! | C30: =ROUNDUP(C8*0.87,) -> #REF! | D30: =ROUNDUP(D8*0.87,) -> #REF! | E30: =ROUNDUP(E8*0.87,) -> #REF!
A31: Супериор с одной большой кроватью/с двумя раздельными кроватями с балконом / Superior (king, twin)
A32: 1 | B32: =ROUNDUP(B10*0.87,) -> #REF! | C32: =ROUNDUP(C10*0.87,) -> #REF! | D32: =ROUNDUP(D10*0.87,) -> #REF! | E32: =ROUNDUP(E10*0.87,) -> #REF!
A33: 2 | B33: =ROUNDUP(B11*0.87,) -> #REF! | C33: =ROUNDUP(C11*0.87,) -> #REF! | D33: =ROUNDUP(D11*0.87,) -> #REF! | E33: =ROUNDUP(E11*0.87,) -> #REF!
A34: Люкс Джуниор / Junior Suite
A35: 1 | B35: =ROUNDUP(B13*0.87,) -> #REF! | C35: =ROUNDUP(C13*0.87,) -> #REF! | D35: =ROUNDUP(D13*0.87,) -> #REF! | E35: =ROUNDUP(E13*0.87,) -> #REF!
A36: 2 | B36: =ROUNDUP(B14*0.87,) -> #REF! | C36: =ROUNDUP(C14*0.87,) -> #REF! | D36: =ROUNDUP(D14*0.87,) -> #REF! | E36: =ROUNDUP(E14*0.87,) -> #REF!
A37: Люкс c двуспальной кроватью / двумя раздельными кроватями / Suite King /Twin
A38: 1 | B38: =ROUNDUP(B16*0.87,) -> #REF! | C38: =ROUNDUP(C16*0.87,) -> #REF! | D38: =ROUNDUP(D16*0.87,) -> #REF! | E38: =ROUNDUP(E16*0.87,) -> #REF!
A39: 2 | B39: =ROUNDUP(B17*0.87,) -> #REF! | C39: =ROUNDUP(C17*0.87,) -> #REF! | D39: =ROUNDUP(D17*0.87,) -> #REF! | E39: =ROUNDUP(E17*0.87,) -> #REF!
A40: Улучшенный Люкс c двуспальной крватью / двумя раздельными кроватями/ Superior Suite King /Twin
A41: 1 | B41: =ROUNDUP(B19*0.87,) -> #REF! | C41: =ROUNDUP(C19*0.87,) -> #REF! | D41: =ROUNDUP(D19*0.87,) -> #REF! | E41: =ROUNDUP(E19*0.87,) -> #REF!
A42: 2 | B42: =ROUNDUP(B20*0.87,) -> #REF! | C42: =ROUNDUP(C20*0.87,) -> #REF! | D42: =ROUNDUP(D20*0.87,) -> #REF! | E42: =ROUNDUP(E20*0.87,) -> #REF!
A44: В стоимость включено/ Rates include:
A45: Бесплатный беспроводной интернет на всей территории отеля/ Wi-Fi;
A46: Чай/кофе, вода в номера/tea and coffee in the room;
A47: Подъем до уровня +960 м./ Free of charge access to a cable car "Krasnaya Polyana" К-1 (Polyana 540 - Polyana 960);
A48: в том числе НДС, предусмотренный НК РФ
A49: Дневной спортивный ски-пасс на каждый день проживания в отеле*/ Ski-pass (sporty) on a daily basis*
A50: * Выдача ски-пассов на стойке регистрации в отеле при заселении. Детские ски-пассы приобретаются гостями в отеле. Возврат денежных средств за неиспользованные ски-пассы не производится. Политика гарантии: Гарантия кредитной картой обязательна/ * There is no refund for unused ski passes. Children's ski passes can be purchased separately at the reception. Credit card guarantee is required
A52: Условия/ Conditions:
A53: Период продажи: 15.11.2023-30.03.2024/ Period of sales: 15.11.2023-30.03.2024
A54: Период проживания: 01.12.2023-27.12.2023, включительно, 09.01.2024-31.03.2024 / Period of stay: 01.12.2023-27.12.2023, inclusively, 09.01.2024-31.03.2024
A56: Тариф включает ски-пассы только на взрослых гостей на основных местах. Стоимость ски-пассов на дополнительных взрослых просим сразу добавлять в заявку. / The rate includes ski passes for adults only at the main places. Please add the cost of ski passes for extra adults to the application immediately.
A59: Тарифы на дополнительные ски-пассы (для доп. мест)/ Rates for additional ski passes (for extra beds):
... A66: Бронирование может быть отменено без штрафных санкций за 24 часа до заезда. Отмена после указанного времени – штраф в размере стоимости первой ночи проживания. The reservation can be canceled without penalty up to 24 hours before arrival. Cancellation after the specified time - a penalty - the cost of the first night of stay.

Sheet Отдыхай и Катай | comiss
A1: Новотель Фит Красная Поляна 4*/ Novotel Fit Krasnaya Polyana 4*
A2: Специальное предложение "Отдыхай и катай" / Special offer "Rest and Ski"
A3: Открытые тарифы/ Open rates
A4: C завтраками/ Bed and breakfast | B4: =BAR!#REF! -> #REF! | C4: =BAR!#REF! -> #REF! | D4: =BAR!#REF! -> #REF! | E4: =BAR!#REF! -> #REF!
B5: =BAR!#REF! -> #REF! | C5: =BAR!#REF! -> #REF! | D5: =BAR!#REF! -> #REF! | E5: =BAR!#REF! -> #REF!
A6: Стандарт с одной большой кроватью/с двумя раздельными кроватями/ Standart (king, twin)
A7: 1 | B7: =BAR!#REF!*0.9+B22 -> #REF! | C7: =BAR!#REF!*0.9+C22 -> #REF! | D7: =BAR!#REF!*0.9+D22 -> #REF! | E7: =BAR!#REF!*0.9+E22 -> #REF!
A8: 2 | B8: =BAR!#REF!*0.9+B23 -> #REF! | C8: =BAR!#REF!*0.9+C23 -> #REF! | D8: =BAR!#REF!*0.9+D23 -> #REF! | E8: =BAR!#REF!*0.9+E23 -> #REF!
A9: Супериор с одной большой кроватью/с двумя раздельными кроватями с балконом / Superior (king, twin)
A10: 1 | B10: =BAR!#REF!*0.9+B22 -> #REF! | C10: =BAR!#REF!*0.9+C22 -> #REF! | D10: =BAR!#REF!*0.9+D22 -> #REF! | E10: =BAR!#REF!*0.9+E22 -> #REF!
A11: 2 | B11: =BAR!#REF!*0.9+B23 -> #REF! | C11: =BAR!#REF!*0.9+C23 -> #REF! | D11: =BAR!#REF!*0.9+D23 -> #REF! | E11: =BAR!#REF!*0.9+E23 -> #REF!
A12: Люкс Джуниор / Junior Suite
A13: 1 | B13: =BAR!#REF!*0.9+B22 -> #REF! | C13: =BAR!#REF!*0.9+C22 -> #REF! | D13: =BAR!#REF!*0.9+D22 -> #REF! | E13: =BAR!#REF!*0.9+E22 -> #REF!
A14: 2 | B14: =BAR!#REF!*0.9+B23 -> #REF! | C14: =BAR!#REF!*0.9+C23 -> #REF! | D14: =BAR!#REF!*0.9+D23 -> #REF! | E14: =BAR!#REF!*0.9+E23 -> #REF!
A15: Люкс c двуспальной кроватью / двумя раздельными кроватями / Suite King /Twin
A16: 1 | B16: =BAR!#REF!*0.9+B22 -> #REF! | C16: =BAR!#REF!*0.9+C22 -> #REF! | D16: =BAR!#REF!*0.9+D22 -> #REF! | E16: =BAR!#REF!*0.9+E22 -> #REF!
A17: 2 | B17: =BAR!#REF!*0.9+B23 -> #REF! | C17: =BAR!#REF!*0.9+C23 -> #REF! | D17: =BAR!#REF!*0.9+D23 -> #REF! | E17: =BAR!#REF!*0.9+E23 -> #REF!
A18: Улучшенный Люкс c двуспальной крватью / двумя раздельными кроватями/ Superior Suite King /Twin
A19: 1 | B19: =BAR!#REF!*0.9+B22 -> #REF! | C19: =BAR!#REF!*0.9+C22 -> #REF! | D19: =BAR!#REF!*0.9+D22 -> #REF! | E19: =BAR!#REF!*0.9+E22 -> #REF!
A20: 2 | B20: =BAR!#REF!*0.9+B23 -> #REF! | C20: =BAR!#REF!*0.9+C23 -> #REF! | D20: =BAR!#REF!*0.9+D23 -> #REF! | E20: =BAR!#REF!*0.9+E23 -> #REF!
A21: Размещение на основных местах
A22: ски-пасс 1 гость (стоимость за сутки) | B22: 2700 | C22: 2700 | D22: 2700 | E22: 2700
A23: ски-пасс 2 гостя (стоимость за сутки) | B23: =B22*2 -> 5400 | C23: =C22*2 -> 5400 | D23: =D22*2 -> 5400 | E23: =E22*2 -> 5400
A26: В стоимость включено/ Rates include:
A27: Бесплатный беспроводной интернет на всей территории отеля/ Wi-Fi;
A28: Чай/кофе, вода в номера/tea and coffee in the room;
A29: Подъем до уровня +960 м./ Free of charge access to a cable car "Krasnaya Polyana" К-1 (Polyana 540 - Polyana 960);
A30: в том числе НДС, предусмотренный НК РФ
A31: Дневной спортивный ски-пасс на каждый день проживания в отеле*/ Ski-pass (sporty) on a daily basis*
A32: * Выдача ски-пассов на стойке регистрации в отеле при заселении. Детские ски-пассы приобретаются гостями в отеле. Возврат денежных средств за неиспользованные ски-пассы не производится. Политика гарантии: Гарантия кредитной картой обязательна/ * There is no refund for unused ski passes. Children's ski passes can be purchased separately at the reception. Credit card guarantee is required
A34: Условия/ Conditions:
A35: Период продажи: 15.11.2023-30.03.2024/ Period of sales: 15.11.2023-30.03.2024
A36: Период проживания: 01.12.2023-27.12.2023, включительно, 09.01.2024-31.03.2024 / Period of stay: 01.12.2023-27.12.2023, inclusively, 09.01.2024-31.03.2024
A38: Тариф включает ски-пассы только на взрослых гостей на основных местах. Стоимость ски-пассов на дополнительных взрослых просим сразу добавлять в заявку. / The rate includes ski passes for adults only at the main places. Please add the cost of ski passes for extra adults to the application immediately.
A41: Тарифы на дополнительные ски-пассы (для доп. мест)/ Rates for additional ski passes (for extra beds):
... A48: Бронирование может быть отменено без штрафных санкций за 24 часа до заезда. Отмена после указанного времени – штраф в размере стоимости первой ночи проживания. The reservation can be canceled without penalty up to 24 hours before arrival. Cancellation after the specified time - a penalty - the cost of the first night of stay.

Sheet Осенние каникулы |FIT15 
A1: Новотель Красная Поляна 4*/ Novotel Krasnaya Polyana 4*
A2: Специальный тариф "Осенние каникулы" / Special offer "Autumn holidays"
A4: Открытые тарифы/ Open rates
A5: C завтраками/ Bed and breakfast | B5: =BAR!#REF! -> #REF!
B6: =BAR!#REF! -> #REF!
A7: Стандарт с одной большой кроватью/с двумя раздельными кроватями/ Standart (king, twin)
A8: 1 | B8: =BAR!#REF!*0.9 -> #REF!
A9: 2 | B9: =BAR!#REF!*0.9 -> #REF!
A10: Супериор с одной большой кроватью/с двумя раздельными кроватями с балконом / Superior (king, twin)
A11: 1 | B11: =BAR!#REF!*0.9 -> #REF!
A12: 2 | B12: =BAR!#REF!*0.9 -> #REF!
A13: Люкс Джуниор / Junior Suite
A14: 1 | B14: =BAR!#REF!*0.9 -> #REF!
A15: 2 | B15: =BAR!#REF!*0.9 -> #REF!
A16: Люкс c двуспальной кроватью / двумя раздельными кроватями / Suite King /Twin
A17: 1 | B17: =BAR!#REF!*0.9 -> #REF!
A18: 2 | B18: =BAR!#REF!*0.9 -> #REF!
A19: Улучшенный Люкс c двуспальной крватью / двумя раздельными кроватями/ Superior Suite King /Twin
A20: 1 | B20: =BAR!#REF!*0.9 -> #REF!
A21: 2 | B21: =BAR!#REF!*0.9 -> #REF!
A23: Нетто тарифы/ Net rates
A24: C завтраками/ Bed and breakfast | B24: =B5 -> #REF!
B25: =B6 -> #REF!
A26: Стандарт с одной большой кроватью/с двумя раздельными кроватями/ Standart (king, twin)
A27: 1 | B27: =ROUND(B8*0.9,) -> #REF!
A28: 2 | B28: =ROUND(B9*0.9,) -> #REF!
A29: Супериор с одной большой кроватью/с двумя раздельными кроватями с балконом / Superior (king, twin)
A30: 1 | B30: =ROUND(B11*0.9,) -> #REF!
A31: 2 | B31: =ROUND(B12*0.9,) -> #REF!
A32: Люкс Джуниор / Junior Suite
A33: 1 | B33: =ROUND(B14*0.9,) -> #REF!
A34: 2 | B34: =ROUND(B15*0.9,) -> #REF!
A35: Люкс c двуспальной кроватью / двумя раздельными кроватями / Suite King /Twin
A36: 1 | B36: =ROUND(B17*0.9,) -> #REF!
A37: 2 | B37: =ROUND(B18*0.9,) -> #REF!
A38: Улучшенный Люкс c двуспальной крватью / двумя раздельными кроватями/ Superior Suite King /Twin
A39: 1 | B39: =ROUND(B20*0.9,) -> #REF!
A40: 2 | B40: =ROUND(B21*0.9,) -> #REF!
A42: Дополнительно ЕДИНОРАЗОВО в стоимость заявки добавляются прогулочные ски-пассы за каждого взрослого гостя (возраст от 16 лет), стоимость - 1800 руб. за гостя. При размещении дополнительных гостей, также ЕДИНОРАЗОВО добавляются в стоимость заявки прогулочные ски-пассы на каждого взрослого гостя - 1800 руб. (возраст от 16 лет). Стоимость прогулочных ски-пассов на всех взрослых просим сразу добавлять в заявку. / Extra pay for ski-passes per every adult at once (ages from 16 y.o. and up). Cost - 1800 rub per adult (ages from 16 y.o. and up). The cost of the ski-passes for each guest (at extra bed) is also added - 1800 rub per adult (ages from 16 y.o. and up). Please, add the cost of ski-passes for all adults to the application immediately.
A43: Условия/ Conditions:
A44: Период продажи: с 01.08.2023 - 29.11.2023​/ Period of sales: с 01.08.2023 - 29.11.2023
A45: Период проживания: с 01.10.2023 - 30.11.202​3 / Period of stay: с 01.10.2023 - 30.11.202​3
A47: В стоимость включено/ Rates include:
A49: Завтрак/ Breakfast;
A50: Бесплатный беспроводной интернет на всей территории отеля/ Wi-Fi;
A51: Чай/кофе, вода в номера/tea and coffee in the room;
A52: Подъем до уровня +960 м./ Free of charge access to a cable car "Krasnaya Polyana" К-1 (Polyana 540 - Polyana 960);
A53: в том числе НДС, предусмотренный НК РФ
A54: Бесплатное размещение 2 детей возрастом до 15 лет, включая завтрак и доп.место / Free accommodation for 2 children under 15 years old, including breakfast and extra bed.
A56: По купонной книге в предложение «Яркие Осенние Каникулы» входят бесплатно* / The special offer "Autumn holidays" includes free of charge (for hotel guests):
... A73: the reservation can be canceled without penalty up to 24 hours before arrival. Cancellation after the specified time - a penalty - the cost of the first night of stay.

Sheet Осенние каникулы |FIT18
A1: Новотель Красная Поляна 4*/ Novotel Krasnaya Polyana 4*
A2: Специальный тариф "Осенние каникулы" / Special offer "Autumn holidays"
A4: Открытые тарифы/ Open rates
A5: C завтраками/ Bed and breakfast | B5: =BAR!#REF! -> #REF!
B6: =BAR!#REF! -> #REF!
A7: Стандарт с одной большой кроватью/с двумя раздельными кроватями/ Standart (king, twin)
A8: 1 | B8: =BAR!#REF!*0.9 -> #REF!
A9: 2 | B9: =BAR!#REF!*0.9 -> #REF!
A10: Супериор с одной большой кроватью/с двумя раздельными кроватями с балконом / Superior (king, twin)
A11: 1 | B11: =BAR!#REF!*0.9 -> #REF!
A12: 2 | B12: =BAR!#REF!*0.9 -> #REF!
A13: Люкс Джуниор / Junior Suite
A14: 1 | B14: =BAR!#REF!*0.9 -> #REF!
A15: 2 | B15: =BAR!#REF!*0.9 -> #REF!
A16: Люкс c двуспальной кроватью / двумя раздельными кроватями / Suite King /Twin
A17: 1 | B17: =BAR!#REF!*0.9 -> #REF!
A18: 2 | B18: =BAR!#REF!*0.9 -> #REF!
A19: Улучшенный Люкс c двуспальной крватью / двумя раздельными кроватями/ Superior Suite King /Twin
A20: 1 | B20: =BAR!#REF!*0.9 -> #REF!
A21: 2 | B21: =BAR!#REF!*0.9 -> #REF!
A23: Нетто тарифы/ Net rates
A24: C завтраками/ Bed and breakfast | B24: =B5 -> #REF!
B25: =B6 -> #REF!
A26: Стандарт с одной большой кроватью/с двумя раздельными кроватями/ Standart (king, twin)
A27: 1 | B27: =ROUND(B8*0.87,) -> #REF!
A28: 2 | B28: =ROUND(B9*0.87,) -> #REF!
A29: Супериор с одной большой кроватью/с двумя раздельными кроватями с балконом / Superior (king, twin)
A30: 1 | B30: =ROUND(B11*0.87,) -> #REF!
A31: 2 | B31: =ROUND(B12*0.87,) -> #REF!
A32: Люкс Джуниор / Junior Suite
A33: 1 | B33: =ROUND(B14*0.87,) -> #REF!
A34: 2 | B34: =ROUND(B15*0.87,) -> #REF!
A35: Люкс c двуспальной кроватью / двумя раздельными кроватями / Suite King /Twin
A36: 1 | B36: =ROUND(B17*0.87,) -> #REF!
A37: 2 | B37: =ROUND(B18*0.87,) -> #REF!
A38: Улучшенный Люкс c двуспальной крватью / двумя раздельными кроватями/ Superior Suite King /Twin
A39: 1 | B39: =ROUND(B20*0.87,) -> #REF!
A40: 2 | B40: =ROUND(B21*0.87,) -> #REF!
A42: Дополнительно ЕДИНОРАЗОВО в стоимость заявки добавляются прогулочные ски-пассы за каждого взрослого гостя (возраст от 16 лет), стоимость - 1800 руб. за гостя. При размещении дополнительных гостей, также ЕДИНОРАЗОВО добавляются в стоимость заявки прогулочные ски-пассы на каждого взрослого гостя - 1800 руб. (возраст от 16 лет). Стоимость прогулочных ски-пассов на всех взрослых просим сразу добавлять в заявку. / Extra pay for ski-passes per every adult at once (ages from 16 y.o. and up). Cost - 1800 rub per adult (ages from 16 y.o. and up). The cost of the ski-passes for each guest (at extra bed) is also added - 1800 rub per adult (ages from 16 y.o. and up). Please, add the cost of ski-passes for all adults to the application immediately.
A43: Условия/ Conditions:
A44: Период продажи: с 01.08.2023 - 29.11.2023​/ Period of sales: с 01.08.2023 - 29.11.2023
A45: Период проживания: с 01.10.2023 - 30.11.202​3 / Period of stay: с 01.10.2023 - 30.11.202​3
A47: В стоимость включено/ Rates include:
A49: Завтрак/ Breakfast;
A50: Бесплатный беспроводной интернет на всей территории отеля/ Wi-Fi;
A51: Чай/кофе, вода в номера/tea and coffee in the room;
A52: Подъем до уровня +960 м./ Free of charge access to a cable car "Krasnaya Polyana" К-1 (Polyana 540 - Polyana 960);
A53: в том числе НДС, предусмотренный НК РФ
A54: Бесплатное размещение 2 детей возрастом до 15 лет, включая завтрак и доп.место / Free accommodation for 2 children under 15 years old, including breakfast and extra bed.
A56: По купонной книге в предложение «Яркие Осенние Каникулы» входят бесплатно* / The special offer "Autumn holidays" includes free of charge (for hotel guests):
... A73: the reservation can be canceled without penalty up to 24 hours before arrival. Cancellation after the specified time - a penalty - the cost of the first night of stay.

Sheet Отель+Сочи Парк| comiss
A1: Новотель Фит Красная Поляна 4*/ Novotel Fit Krasnaya Polyana 4*
A3: Специальный тариф "Отель + Сочи Парк" / Special offer "Hotel + Sochi Park"
A4: Открытые тарифы/ Open rates
A5: C завтраками/ Bed and breakfast | B5: =BAR!#REF! -> #REF! | C5: =BAR!#REF! -> #REF!
B6: =BAR!#REF! -> #REF! | C6: =BAR!#REF! -> #REF!
A7: Стандарт с одной большой кроватью/с двумя раздельными кроватями/ Standart (king, twin)
A8: 1 | B8: =BAR!#REF!*0.9 -> #REF! | C8: =BAR!#REF!*0.9 -> #REF!
A9: 2 | B9: =BAR!#REF!*0.9 -> #REF! | C9: =BAR!#REF!*0.9 -> #REF!
A10: Супериор с одной большой кроватью/с двумя раздельными кроватями с балконом / Superior (king, twin)
A11: 1 | B11: =BAR!#REF!*0.9 -> #REF! | C11: =BAR!#REF!*0.9 -> #REF!
A12: 2 | B12: =BAR!#REF!*0.9 -> #REF! | C12: =BAR!#REF!*0.9 -> #REF!
A13: Люкс Джуниор / Junior Suite
A14: 1 | B14: =BAR!#REF!*0.9 -> #REF! | C14: =BAR!#REF!*0.9 -> #REF!
A15: 2 | B15: =BAR!#REF!*0.9 -> #REF! | C15: =BAR!#REF!*0.9 -> #REF!
A16: Люкс c двуспальной кроватью / двумя раздельными кроватями / Suite King /Twin
A17: 1 | B17: =BAR!#REF!*0.9 -> #REF! | C17: =BAR!#REF!*0.9 -> #REF!
A18: 2 | B18: =BAR!#REF!*0.9 -> #REF! | C18: =BAR!#REF!*0.9 -> #REF!
A19: Улучшенный Люкс c двуспальной крватью / двумя раздельными кроватями/ Superior Suite King /Twin
A20: 1 | B20: =BAR!#REF!*0.9 -> #REF! | C20: =BAR!#REF!*0.9 -> #REF!
A21: 2 | B21: =BAR!#REF!*0.9 -> #REF! | C21: =BAR!#REF!*0.9 -> #REF!
A23: Дополнительно ЕДИНОРАЗОВО в стоимость заявки добавляются билеты в Сочи Парк на каждого гостя с 7 лет. Стоимость 1 билета: - 05.08 - 16.11.2025 – 1 775 р. на 1 человека, - 17.11 - 25.12.2025 – 1 275 р. на 1 человека, - дети до 6 лет включительно бесплатно. При размещении дополнительных гостей, также ЕДИНОРАЗОВО добавляются в стоимость заявки билеты в Сочи Парк. Extra pay for Sochi Park tickets per every person at once (ages 7 y.o. and up). Cost per 1 ticket: - 05.08 - 16.11.2025 – 1 775 rub per person, - 17.11 - 25.12.2025 – 1 275 rub per person, - children till 6 y.o. for free. The cost of the Sochi Park Tickets for each guest (at extra bed) is also added (the same price). Please, add the cost of the Sochi Park tickets for all guests to the application immediately.
A24: Условия/ Conditions:
A25: Период продажи: 06.08.2025 - 25.12.2025 / Period of sales: 06.08.2025 - 25.12.2025
A26: Период проживания: 08.08.2025 - 25.12.2025 ​/ Period of stay: 08.08.2025 - 25.12.2025
A27: Минимальная продолжитеьность проживания: 2 ночи / Minimum stay: 2 nights.
A29: В стоимость включено/ Rates include:
A30: Завтрак/ Breakfast;
A31: Билет в Сочи Парк (единоразовое посещение парка)
A32: Бесплатный беспроводной интернет на всей территории отеля/ Wi-Fi;
A33: Чай/кофе, вода в номера/tea and coffee in the room;
A34: Подъем до уровня +960 м./ Free of charge access to a cable car "Krasnaya Polyana" К-1 (Polyana 540 - Polyana 960);
A35: в том числе НДС, предусмотренный НК РФ
... A62: The reservation can be cancelled without penalty up to 24 hours before arrival. Cancellation after the specified time - a penalty - the cost of the first night of stay.

Sheet Отель+Сочи Парк | FIT15
A1: Новотель Фит Красная Поляна 4*/ Novotel Fit Krasnaya Polyana 4*
A3: Специальный тариф "Отель + Сочи Парк" / Special offer "Hotel + Sochi Park"
A4: Открытые тарифы/ Open rates
A5: C завтраками/ Bed and breakfast | B5: ='Отель+Сочи Парк| comiss'!B5 -> #REF! | C5: ='Отель+Сочи Парк| comiss'!C5 -> #REF!
B6: ='Отель+Сочи Парк| comiss'!B6 -> #REF! | C6: ='Отель+Сочи Парк| comiss'!C6 -> #REF!
A7: Стандарт с одной большой кроватью/с двумя раздельными кроватями/ Standart (king, twin)
A8: 1 | B8: ='Отель+Сочи Парк| comiss'!B8 -> #REF! | C8: ='Отель+Сочи Парк| comiss'!C8 -> #REF!
A9: 2 | B9: ='Отель+Сочи Парк| comiss'!B9 -> #REF! | C9: ='Отель+Сочи Парк| comiss'!C9 -> #REF!
A10: Супериор с одной большой кроватью/с двумя раздельными кроватями с балконом / Superior (king, twin)
A11: 1 | B11: ='Отель+Сочи Парк| comiss'!B11 -> #REF! | C11: ='Отель+Сочи Парк| comiss'!C11 -> #REF!
A12: 2 | B12: ='Отель+Сочи Парк| comiss'!B12 -> #REF! | C12: ='Отель+Сочи Парк| comiss'!C12 -> #REF!
A13: Люкс Джуниор / Junior Suite
A14: 1 | B14: ='Отель+Сочи Парк| comiss'!B14 -> #REF! | C14: ='Отель+Сочи Парк| comiss'!C14 -> #REF!
A15: 2 | B15: ='Отель+Сочи Парк| comiss'!B15 -> #REF! | C15: ='Отель+Сочи Парк| comiss'!C15 -> #REF!
A16: Люкс c двуспальной кроватью / двумя раздельными кроватями / Suite King /Twin
A17: 1 | B17: ='Отель+Сочи Парк| comiss'!B17 -> #REF! | C17: ='Отель+Сочи Парк| comiss'!C17 -> #REF!
A18: 2 | B18: ='Отель+Сочи Парк| comiss'!B18 -> #REF! | C18: ='Отель+Сочи Парк| comiss'!C18 -> #REF!
A19: Улучшенный Люкс c двуспальной крватью / двумя раздельными кроватями/ Superior Suite King /Twin
A20: 1 | B20: ='Отель+Сочи Парк| comiss'!B20 -> #REF! | C20: ='Отель+Сочи Парк| comiss'!C20 -> #REF!
A21: 2 | B21: ='Отель+Сочи Парк| comiss'!B21 -> #REF! | C21: ='Отель+Сочи Парк| comiss'!C21 -> #REF!
A22: NETTO RATES
A23: C завтраками/ Bed and breakfast | B23: =B5 -> #REF! | C23: =C5 -> #REF!
B24: =B6 -> #REF! | C24: =C6 -> #REF!
A25: Стандарт с одной большой кроватью/с двумя раздельными кроватями/ Standart (king, twin)
A26: 1 | B26: =B8*0.9 -> #REF! | C26: =C8*0.9 -> #REF!
A27: 2 | B27: =B9*0.9 -> #REF! | C27: =C9*0.9 -> #REF!
A28: Супериор с одной большой кроватью/с двумя раздельными кроватями с балконом / Superior (king, twin)
A29: 1 | B29: =B11*0.9 -> #REF! | C29: =C11*0.9 -> #REF!
A30: 2 | B30: =B12*0.9 -> #REF! | C30: =C12*0.9 -> #REF!
A31: Люкс Джуниор / Junior Suite
A32: 1 | B32: =B14*0.9 -> #REF! | C32: =C14*0.9 -> #REF!
A33: 2 | B33: =B15*0.9 -> #REF! | C33: =C15*0.9 -> #REF!
A34: Люкс c двуспальной кроватью / двумя раздельными кроватями / Suite King /Twin
A35: 1 | B35: =B17*0.9 -> #REF! | C35: =C17*0.9 -> #REF!
A36: 2 | B36: =B18*0.9 -> #REF! | C36: =C18*0.9 -> #REF!
A37: Улучшенный Люкс c двуспальной крватью / двумя раздельными кроватями/ Superior Suite King /Twin
A38: 1 | B38: =B20*0.9 -> #REF! | C38: =C20*0.9 -> #REF!
A39: 2 | B39: =B21*0.9 -> #REF! | C39: =C21*0.9 -> #REF!
A41: Дополнительно ЕДИНОРАЗОВО в стоимость заявки добавляются билеты в Сочи Парк на каждого гостя с 7 лет. Стоимость 1 билета: - 05.08 - 16.11.2025 – 1 775 р. на 1 человека, - 17.11 - 25.12.2025 – 1 275 р. на 1 человека, - дети до 6 лет включительно бесплатно. При размещении дополнительных гостей, также ЕДИНОРАЗОВО добавляются в стоимость заявки билеты в Сочи Парк. Extra pay for Sochi Park tickets per every person at once (ages 7 y.o. and up). Cost per 1 ticket: - 05.08 - 16.11.2025 – 1 775 rub per person, - 17.11 - 25.12.2025 – 1 275 rub per person, - children till 6 y.o. for free. The cost of the Sochi Park Tickets for each guest (at extra bed) is also added (the same price). Please, add the cost of the Sochi Park tickets for all guests to the application immediately.
A42: Условия/ Conditions:
A43: Период продажи: 06.08.2025 - 25.12.2025 / Period of sales: 06.08.2025 - 25.12.2025
A44: Период проживания: 08.08.2025 - 25.12.2025 ​/ Period of stay: 08.08.2025 - 25.12.2025
A45: Минимальная продолжитеьность проживания: 2 ночи / Minimum stay: 2 nights.
A47: В стоимость включено/ Rates include:
A48: Завтрак/ Breakfast;
A49: Билет в Сочи Парк (единоразовое посещение парка)
A50: Бесплатный беспроводной интернет на всей территории отеля/ Wi-Fi;
A51: Чай/кофе, вода в номера/tea and coffee in the room;
A52: Подъем до уровня +960 м./ Free of charge access to a cable car "Krasnaya Polyana" К-1 (Polyana 540 - Polyana 960);
A53: в том числе НДС, предусмотренный НК РФ
... A80: The reservation can be cancelled without penalty up to 24 hours before arrival. Cancellation after the specified time - a penalty - the cost of the first night of stay.

Sheet Отель+Сочи Парк  | FIT18
A1: Новотель Фит Красная Поляна 4*/ Novotel Fit Krasnaya Polyana 4*
A3: Специальный тариф "Отель + Сочи Парк" / Special offer "Hotel + Sochi Park"
A4: Открытые тарифы/ Open rates
A5: C завтраками/ Bed and breakfast | B5: ='Отель+Сочи Парк| comiss'!B5 -> #REF! | C5: ='Отель+Сочи Парк| comiss'!C5 -> #REF!
B6: ='Отель+Сочи Парк| comiss'!B6 -> #REF! | C6: ='Отель+Сочи Парк| comiss'!C6 -> #REF!
A7: Стандарт с одной большой кроватью/с двумя раздельными кроватями/ Standart (king, twin)
A8: 1 | B8: ='Отель+Сочи Парк| comiss'!B8 -> #REF! | C8: ='Отель+Сочи Парк| comiss'!C8 -> #REF!
A9: 2 | B9: ='Отель+Сочи Парк| comiss'!B9 -> #REF! | C9: ='Отель+Сочи Парк| comiss'!C9 -> #REF!
A10: Супериор с одной большой кроватью/с двумя раздельными кроватями с балконом / Superior (king, twin)
A11: 1 | B11: ='Отель+Сочи Парк| comiss'!B11 -> #REF! | C11: ='Отель+Сочи Парк| comiss'!C11 -> #REF!
A12: 2 | B12: ='Отель+Сочи Парк| comiss'!B12 -> #REF! | C12: ='Отель+Сочи Парк| comiss'!C12 -> #REF!
A13: Люкс Джуниор / Junior Suite
A14: 1 | B14: ='Отель+Сочи Парк| comiss'!B14 -> #REF! | C14: ='Отель+Сочи Парк| comiss'!C14 -> #REF!
A15: 2 | B15: ='Отель+Сочи Парк| comiss'!B15 -> #REF! | C15: ='Отель+Сочи Парк| comiss'!C15 -> #REF!
A16: Люкс c двуспальной кроватью / двумя раздельными кроватями / Suite King /Twin
A17: 1 | B17: ='Отель+Сочи Парк| comiss'!B17 -> #REF! | C17: ='Отель+Сочи Парк| comiss'!C17 -> #REF!
A18: 2 | B18: ='Отель+Сочи Парк| comiss'!B18 -> #REF! | C18: ='Отель+Сочи Парк| comiss'!C18 -> #REF!
A19: Улучшенный Люкс c двуспальной крватью / двумя раздельными кроватями/ Superior Suite King /Twin
A20: 1 | B20: ='Отель+Сочи Парк| comiss'!B20 -> #REF! | C20: ='Отель+Сочи Парк| comiss'!C20 -> #REF!
A21: 2 | B21: ='Отель+Сочи Парк| comiss'!B21 -> #REF! | C21: ='Отель+Сочи Парк| comiss'!C21 -> #REF!
A22: NETTO RATES
A23: C завтраками/ Bed and breakfast | B23: =B5 -> #REF! | C23: =C5 -> #REF!
B24: =B6 -> #REF! | C24: =C6 -> #REF!
A25: Стандарт с одной большой кроватью/с двумя раздельными кроватями/ Standart (king, twin)
A26: 1 | B26: =B8*0.87 -> #REF! | C26: =C8*0.87 -> #REF!
A27: 2 | B27: =B9*0.87 -> #REF! | C27: =C9*0.87 -> #REF!
A28: Супериор с одной большой кроватью/с двумя раздельными кроватями с балконом / Superior (king, twin)
A29: 1 | B29: =B11*0.87 -> #REF! | C29: =C11*0.87 -> #REF!
A30: 2 | B30: =B12*0.87 -> #REF! | C30: =C12*0.87 -> #REF!
A31: Люкс Джуниор / Junior Suite
A32: 1 | B32: =B14*0.87 -> #REF! | C32: =C14*0.87 -> #REF!
A33: 2 | B33: =B15*0.87 -> #REF! | C33: =C15*0.87 -> #REF!
A34: Люкс c двуспальной кроватью / двумя раздельными кроватями / Suite King /Twin
A35: 1 | B35: =B17*0.87 -> #REF! | C35: =C17*0.87 -> #REF!
A36: 2 | B36: =B18*0.87 -> #REF! | C36: =C18*0.87 -> #REF!
A37: Улучшенный Люкс c двуспальной крватью / двумя раздельными кроватями/ Superior Suite King /Twin
A38: 1 | B38: =B20*0.87 -> #REF! | C38: =C20*0.87 -> #REF!
A39: 2 | B39: =B21*0.87 -> #REF! | C39: =C21*0.87 -> #REF!
A42: Дополнительно ЕДИНОРАЗОВО в стоимость заявки добавляются билеты в Сочи Парк на каждого гостя с 7 лет. Стоимость 1 билета: - 05.08 - 16.11.2025 – 1 775 р. на 1 человека, - 17.11 - 25.12.2025 – 1 275 р. на 1 человека, - дети до 6 лет включительно бесплатно. При размещении дополнительных гостей, также ЕДИНОРАЗОВО добавляются в стоимость заявки билеты в Сочи Парк. Extra pay for Sochi Park tickets per every person at once (ages 7 y.o. and up). Cost per 1 ticket: - 05.08 - 16.11.2025 – 1 775 rub per person, - 17.11 - 25.12.2025 – 1 275 rub per person, - children till 6 y.o. for free. The cost of the Sochi Park Tickets for each guest (at extra bed) is also added (the same price). Please, add the cost of the Sochi Park tickets for all guests to the application immediately.
A43: Условия/ Conditions:
A44: Период продажи: 06.08.2025 - 25.12.2025 / Period of sales: 06.08.2025 - 25.12.2025
A45: Период проживания: 08.08.2025 - 25.12.2025 ​/ Period of stay: 08.08.2025 - 25.12.2025
A46: Минимальная продолжитеьность проживания: 2 ночи / Minimum stay: 2 nights.
A48: В стоимость включено/ Rates include:
A49: Завтрак/ Breakfast;
A50: Билет в Сочи Парк (единоразовое посещение парка)
A51: Бесплатный беспроводной интернет на всей территории отеля/ Wi-Fi;
A52: Чай/кофе, вода в номера/tea and coffee in the room;
A53: Подъем до уровня +960 м./ Free of charge access to a cable car "Krasnaya Polyana" К-1 (Polyana 540 - Polyana 960);
A54: в том числе НДС, предусмотренный НК РФ
... A81: The reservation can be cancelled without penalty up to 24 hours before arrival. Cancellation after the specified time - a penalty - the cost of the first night of stay.

Sheet Отель+Сочи Парк | FIT18+25
A1: Новотель Фит Красная Поляна 4*/ Novotel Fit Krasnaya Polyana 4*
A3: Специальный тариф "Отель + Сочи Парк" / Special offer "Hotel + Sochi Park"
A4: Открытые тарифы/ Open rates
A5: C завтраками/ Bed and breakfast | B5: ='Отель+Сочи Парк| comiss'!B5 -> #REF! | C5: ='Отель+Сочи Парк| comiss'!C5 -> #REF!
B6: ='Отель+Сочи Парк| comiss'!B6 -> #REF! | C6: ='Отель+Сочи Парк| comiss'!C6 -> #REF!
A7: Стандарт с одной большой кроватью/с двумя раздельными кроватями/ Standart (king, twin)
A8: 1 | B8: ='Отель+Сочи Парк| comiss'!B8 -> #REF! | C8: ='Отель+Сочи Парк| comiss'!C8 -> #REF!
A9: 2 | B9: ='Отель+Сочи Парк| comiss'!B9 -> #REF! | C9: ='Отель+Сочи Парк| comiss'!C9 -> #REF!
A10: Супериор с одной большой кроватью/с двумя раздельными кроватями с балконом / Superior (king, twin)
A11: 1 | B11: ='Отель+Сочи Парк| comiss'!B11 -> #REF! | C11: ='Отель+Сочи Парк| comiss'!C11 -> #REF!
A12: 2 | B12: ='Отель+Сочи Парк| comiss'!B12 -> #REF! | C12: ='Отель+Сочи Парк| comiss'!C12 -> #REF!
A13: Люкс Джуниор / Junior Suite
A14: 1 | B14: ='Отель+Сочи Парк| comiss'!B14 -> #REF! | C14: ='Отель+Сочи Парк| comiss'!C14 -> #REF!
A15: 2 | B15: ='Отель+Сочи Парк| comiss'!B15 -> #REF! | C15: ='Отель+Сочи Парк| comiss'!C15 -> #REF!
A16: Люкс c двуспальной кроватью / двумя раздельными кроватями / Suite King /Twin
A17: 1 | B17: ='Отель+Сочи Парк| comiss'!B17 -> #REF! | C17: ='Отель+Сочи Парк| comiss'!C17 -> #REF!
A18: 2 | B18: ='Отель+Сочи Парк| comiss'!B18 -> #REF! | C18: ='Отель+Сочи Парк| comiss'!C18 -> #REF!
A19: Улучшенный Люкс c двуспальной крватью / двумя раздельными кроватями/ Superior Suite King /Twin
A20: 1 | B20: ='Отель+Сочи Парк| comiss'!B20 -> #REF! | C20: ='Отель+Сочи Парк| comiss'!C20 -> #REF!
A21: 2 | B21: ='Отель+Сочи Парк| comiss'!B21 -> #REF! | C21: ='Отель+Сочи Парк| comiss'!C21 -> #REF!
A22: NETTO RATES
A23: C завтраками/ Bed and breakfast | B23: =B5 -> #REF! | C23: =C5 -> #REF!
B24: =B6 -> #REF! | C24: =C6 -> #REF!
A25: Стандарт с одной большой кроватью/с двумя раздельными кроватями/ Standart (king, twin)
A26: 1 | B26: =B8*0.87+25 -> #REF! | C26: =C8*0.87+25 -> #REF!
A27: 2 | B27: =B9*0.87+25 -> #REF! | C27: =C9*0.87+25 -> #REF!
A28: Супериор с одной большой кроватью/с двумя раздельными кроватями с балконом / Superior (king, twin)
A29: 1 | B29: =B11*0.87+25 -> #REF! | C29: =C11*0.87+25 -> #REF!
A30: 2 | B30: =B12*0.87+25 -> #REF! | C30: =C12*0.87+25 -> #REF!
A31: Люкс Джуниор / Junior Suite
A32: 1 | B32: =B14*0.87+25 -> #REF! | C32: =C14*0.87+25 -> #REF!
A33: 2 | B33: =B15*0.87+25 -> #REF! | C33: =C15*0.87+25 -> #REF!
A34: Люкс c двуспальной кроватью / двумя раздельными кроватями / Suite King /Twin
A35: 1 | B35: =B17*0.87+25 -> #REF! | C35: =C17*0.87+25 -> #REF!
A36: 2 | B36: =B18*0.87+25 -> #REF! | C36: =C18*0.87+25 -> #REF!
A37: Улучшенный Люкс c двуспальной крватью / двумя раздельными кроватями/ Superior Suite King /Twin
A38: 1 | B38: =B20*0.87+25 -> #REF! | C38: =C20*0.87+25 -> #REF!
A39: 2 | B39: =B21*0.87+25 -> #REF! | C39: =C21*0.87+25 -> #REF!
A41: Дополнительно ЕДИНОРАЗОВО в стоимость заявки добавляются билеты в Сочи Парк на каждого гостя с 7 лет. Стоимость 1 билета: - 05.08 - 16.11.2025 – 1 775 р. на 1 человека, - 17.11 - 25.12.2025 – 1 275 р. на 1 человека, - дети до 6 лет включительно бесплатно. При размещении дополнительных гостей, также ЕДИНОРАЗОВО добавляются в стоимость заявки билеты в Сочи Парк. Extra pay for Sochi Park tickets per every person at once (ages 7 y.o. and up). Cost per 1 ticket: - 05.08 - 16.11.2025 – 1 775 rub per person, - 17.11 - 25.12.2025 – 1 275 rub per person, - children till 6 y.o. for free. The cost of the Sochi Park Tickets for each guest (at extra bed) is also added (the same price). Please, add the cost of the Sochi Park tickets for all guests to the application immediately.
A42: Условия/ Conditions:
A43: Период продажи: 06.08.2025 - 25.12.2025 / Period of sales: 06.08.2025 - 25.12.2025
A44: Период проживания: 08.08.2025 - 25.12.2025 ​/ Period of stay: 08.08.2025 - 25.12.2025
A45: Минимальная продолжитеьность проживания: 2 ночи / Minimum stay: 2 nights.
A47: В стоимость включено/ Rates include:
A48: Завтрак/ Breakfast;
A49: Билет в Сочи Парк (единоразовое посещение парка)
A50: Бесплатный беспроводной интернет на всей территории отеля/ Wi-Fi;
A51: Чай/кофе, вода в номера/tea and coffee in the room;
A52: Подъем до уровня +960 м./ Free of charge access to a cable car "Krasnaya Polyana" К-1 (Polyana 540 - Polyana 960);
A53: в том числе НДС, предусмотренный НК РФ
... A80: The reservation can be cancelled without penalty up to 24 hours before arrival. Cancellation after the specified time - a penalty - the cost of the first night of stay.

Sheet Отель+Сочи Парк | FIT20
A1: Новотель Фит Красная Поляна 4*/ Novotel Fit Krasnaya Polyana 4*
A3: Специальный тариф "Отель + Сочи Парк" / Special offer "Hotel + Sochi Park"
A4: Открытые тарифы/ Open rates
A5: C завтраками/ Bed and breakfast | B5: ='Отель+Сочи Парк| comiss'!B5 -> #REF! | C5: ='Отель+Сочи Парк| comiss'!C5 -> #REF!
B6: ='Отель+Сочи Парк| comiss'!B6 -> #REF! | C6: ='Отель+Сочи Парк| comiss'!C6 -> #REF!
A7: Стандарт с одной большой кроватью/с двумя раздельными кроватями/ Standart (king, twin)
A8: 1 | B8: ='Отель+Сочи Парк| comiss'!B8 -> #REF! | C8: ='Отель+Сочи Парк| comiss'!C8 -> #REF!
A9: 2 | B9: ='Отель+Сочи Парк| comiss'!B9 -> #REF! | C9: ='Отель+Сочи Парк| comiss'!C9 -> #REF!
A10: Супериор с одной большой кроватью/с двумя раздельными кроватями с балконом / Superior (king, twin)
A11: 1 | B11: ='Отель+Сочи Парк| comiss'!B11 -> #REF! | C11: ='Отель+Сочи Парк| comiss'!C11 -> #REF!
A12: 2 | B12: ='Отель+Сочи Парк| comiss'!B12 -> #REF! | C12: ='Отель+Сочи Парк| comiss'!C12 -> #REF!
A13: Люкс Джуниор / Junior Suite
A14: 1 | B14: ='Отель+Сочи Парк| comiss'!B14 -> #REF! | C14: ='Отель+Сочи Парк| comiss'!C14 -> #REF!
A15: 2 | B15: ='Отель+Сочи Парк| comiss'!B15 -> #REF! | C15: ='Отель+Сочи Парк| comiss'!C15 -> #REF!
A16: Люкс c двуспальной кроватью / двумя раздельными кроватями / Suite King /Twin
A17: 1 | B17: ='Отель+Сочи Парк| comiss'!B17 -> #REF! | C17: ='Отель+Сочи Парк| comiss'!C17 -> #REF!
A18: 2 | B18: ='Отель+Сочи Парк| comiss'!B18 -> #REF! | C18: ='Отель+Сочи Парк| comiss'!C18 -> #REF!
A19: Улучшенный Люкс c двуспальной крватью / двумя раздельными кроватями/ Superior Suite King /Twin
A20: 1 | B20: ='Отель+Сочи Парк| comiss'!B20 -> #REF! | C20: ='Отель+Сочи Парк| comiss'!C20 -> #REF!
A21: 2 | B21: ='Отель+Сочи Парк| comiss'!B21 -> #REF! | C21: ='Отель+Сочи Парк| comiss'!C21 -> #REF!
A23: NETTO RATES
A24: C завтраками/ Bed and breakfast | B24: =B5 -> #REF! | C24: =C5 -> #REF!
B25: =B6 -> #REF! | C25: =C6 -> #REF!
A26: Стандарт с одной большой кроватью/с двумя раздельными кроватями/ Standart (king, twin)
A27: 1 | B27: =B8*0.85 -> #REF! | C27: =C8*0.85 -> #REF!
A28: 2 | B28: =B9*0.85 -> #REF! | C28: =C9*0.85 -> #REF!
A29: Супериор с одной большой кроватью/с двумя раздельными кроватями с балконом / Superior (king, twin)
A30: 1 | B30: =B11*0.85 -> #REF! | C30: =C11*0.85 -> #REF!
A31: 2 | B31: =B12*0.85 -> #REF! | C31: =C12*0.85 -> #REF!
A32: Люкс Джуниор / Junior Suite
A33: 1 | B33: =B14*0.85 -> #REF! | C33: =C14*0.85 -> #REF!
A34: 2 | B34: =B15*0.85 -> #REF! | C34: =C15*0.85 -> #REF!
A35: Люкс c двуспальной кроватью / двумя раздельными кроватями / Suite King /Twin
A36: 1 | B36: =B17*0.85 -> #REF! | C36: =C17*0.85 -> #REF!
A37: 2 | B37: =B18*0.85 -> #REF! | C37: =C18*0.85 -> #REF!
A38: Улучшенный Люкс c двуспальной крватью / двумя раздельными кроватями/ Superior Suite King /Twin
A39: 1 | B39: =B20*0.85 -> #REF! | C39: =C20*0.85 -> #REF!
A40: 2 | B40: =B21*0.85 -> #REF! | C40: =C21*0.85 -> #REF!
A42: Дополнительно ЕДИНОРАЗОВО в стоимость заявки добавляются билеты в Сочи Парк на каждого гостя с 7 лет. Стоимость 1 билета: - 05.08 - 16.11.2025 – 1 775 р. на 1 человека, - 17.11 - 25.12.2025 – 1 275 р. на 1 человека, - дети до 6 лет включительно бесплатно. При размещении дополнительных гостей, также ЕДИНОРАЗОВО добавляются в стоимость заявки билеты в Сочи Парк. Extra pay for Sochi Park tickets per every person at once (ages 7 y.o. and up). Cost per 1 ticket: - 05.08 - 16.11.2025 – 1 775 rub per person, - 17.11 - 25.12.2025 – 1 275 rub per person, - children till 6 y.o. for free. The cost of the Sochi Park Tickets for each guest (at extra bed) is also added (the same price). Please, add the cost of the Sochi Park tickets for all guests to the application immediately.
A43: Условия/ Conditions:
A44: Период продажи: 06.08.2025 - 25.12.2025 / Period of sales: 06.08.2025 - 25.12.2025
A45: Период проживания: 08.08.2025 - 25.12.2025 ​/ Period of stay: 08.08.2025 - 25.12.2025
A46: Минимальная продолжитеьность проживания: 2 ночи / Minimum stay: 2 nights.
A48: В стоимость включено/ Rates include:
A49: Завтрак/ Breakfast;
A50: Билет в Сочи Парк (единоразовое посещение парка)
A51: Бесплатный беспроводной интернет на всей территории отеля/ Wi-Fi;
A52: Чай/кофе, вода в номера/tea and coffee in the room;
A53: Подъем до уровня +960 м./ Free of charge access to a cable car "Krasnaya Polyana" К-1 (Polyana 540 - Polyana 960);
A54: в том числе НДС, предусмотренный НК РФ
... A81: The reservation can be cancelled without penalty up to 24 hours before arrival. Cancellation after the specified time - a penalty - the cost of the first night of stay.

Sheet НЕТТО 15 +25
A1: Новотель Фит Красная Поляна 4*/ Novotel Fit Krasnaya Polyana 4*
A2: Тариф "C завтраками"/ "Bed and breakfast" rates
A4: Открытые тарифы/ Open rates
